Workbook

Sheet Смета по ТСН-2001(с доп.67
A1: =Source!B1 -> Smeta.RU (495) 974-1589
J2: Форма № 4б
B3: "СОГЛАСОВАНО" | G3: "УТВЕРЖДАЮ"
B6: =CONCATENATE("______________________ ", IF(Source!AL12<>"", Source!AL12, "")) -> ______________________ | G6: =CONCATENATE("______________________ ", IF(Source!AH12<>"", Source!AH12, "")) -> ______________________
B7: "_____"________________ 2023 г. | G7: "_____"________________ 2023 г.
A11: (наименование стройки и/или объекта)
A13: =CONCATENATE( "ЛОКАЛЬНАЯ СМЕТА № ",IF(Source!F12<>"Новый объект", Source!F12, "")) -> ЛОКАЛЬНАЯ СМЕТА № Новый объект_(Копия)
A16: (наименование работ и затрат)
A18: =CONCATENATE( "Основание: чертежи № ", Source!J12) -> Основание: чертежи №
I20: В базисном уровне цен | J20: В текущем уровне цен
E21: Сметная стоимость | I21: =I22+I23+I24+I25 -> 112.87 | J21: =J22+J23+J24+J25 -> 2313.12 | K21: тыс.руб.
E22: Строительные работы | I22: =ROUND((Source!F1532)/1000, 2) -> 88.27 | J22: =ROUND((Source!P1532)/1000, 2) -> 1847.55 | K22: тыс.руб.
E23: Работы по монтажу оборудования | I23: =ROUND((Source!F1533)/1000, 2) -> 19.84 | J23: =ROUND((Source!P1533)/1000, 2) -> 305.61 | K23: тыс.руб.
E24: Оборудование | I24: =ROUND((Source!F1524)/1000, 2) -> 2.33 | J24: =ROUND((Source!P1524)/1000, 2) -> 131.71 | K24: тыс.руб.
E25: Прочие работы и затраты | I25: =ROUND((Source!F1534+Source!F1535)/1000, 2) -> 2.43 | J25: =ROUND((Source!P1534+Source!P1535)/1000, 2) -> 28.25 | K25: тыс.руб.
E26: Средства на оплату труда | I26: =(Source!F1530+ Source!F1529)/1000 -> 15.2571 | J26: =((Source!P1530 + Source!P1529)/1000) -> 442.91367 | K26: тыс.руб.
E27: Затраты труда | I27: =Source!F1537 -> 1169.1732 | K27: чел.-ч.
E28: Кроме того:
E29: Возврат материалов | I29: =SUM(Y1:Y1698)/1000 -> 1.94632 | J29: =SUM(Z1:Z1698)/1000 -> 24.05652 | K29: тыс.руб.
A31: Составлен(а) по ТСН-2001 с учетом Дополнения №: 68
A32: № и период сборника коэффициентов (индексов) пересчета: Индексы ТСН-2001 МГЭ ремонт №201 июнь 2023 года и Индекс к Главе 13.2 ТСН-2001 МГЭ июнь 2023 года | AP32: № и период сборника коэффициентов (индексов) пересчета: Индексы ТСН-2001 МГЭ ремонт №201 июнь 2023 года и Индекс к Главе 13.2 ТСН-2001 МГЭ июнь 2023 года
A33: № п/п | B33: Шифр расценки и коды ресурсов | C33: Наименование работ и затрат | D33: Ед. изм. | E33: Кол-во единиц | F33: Цена на ед. изм., руб. | G33: Попра- вочные коэффи- циенты | H33: Коэффи- циенты зимних удорожа- ний | I33: Всего в ценах на январь 2000 года, руб. | J33: Коэффи- циенты (индек- сы) пере- счета, нормы НР и СП | K33: ВСЕГО затрат в текущем уровне цен, руб.
A34: 1 | B34: 2 | C34: 3 | D34: 4 | E34: 5 | F34: 6 | G34: 7 | H34: 8 | I34: 9 | J34: 10 | K34: 11
A36: =CONCATENATE("Локальная смета: ",IF(Source!G20<>"Новая локальная смета", Source!G20, "")) -> Локальная смета: ПЗУ
A38: =CONCATENATE("Раздел: ",IF(Source!G24<>"Новый раздел", Source!G24, "")) -> Раздел: Демонтажные работы
A39: 1 | B39: =Source!F28 -> 3.1-51-1 | C39: Разработка грунта вручную в траншеях глубиной до 2 м без креплений с откосами группа грунтов 1-3 | D39: =Source!H28 -> 100 м3 грунта | E39: =Source!I28 -> 0.026 | Q39: =Source!X28 -> 48.33 | R39: =Source!X29 -> 1156.34 | S39: =Source!Y28 -> 35.58 | T39: =Source!Y29 -> 632.13 | U39: =ROUND((175/100)*ROUND(Source!R28, 2), 2) -> 0 | V39: =ROUND((160/100)*ROUND(Source!R29, 2), 2) -> 0 | AC39: 0
C40: ЗП | F40: =Source!AO28 -> 2042.62 | G40: =Source!DG28 | H40: =Source!AV29 -> 1 | I40: =Source!S28 -> 53.11 | J40: =IF(Source!BA29<> 0, Source!BA29, 1) -> 29.03 | K40: =Source!S29 -> 1541.78
C41: НР от ЗП | D41: % | E41: =Source!DN29 -> 91 | I41: =SUM(Q39:Q40) -> 48.33 | J41: =Source!BZ29 -> 75 | K41: =SUM(R39:R40) -> 1156.34
C42: СП от ЗП | D42: % | E42: =Source!DO29 -> 67 | I42: =SUM(S39:S41) -> 35.58 | J42: =Source!CA29 -> 41 | K42: =SUM(T39:T41) -> 632.13
C43: ЗТР | D43: чел-ч | E43: =Source!AQ28 -> 192.7 | G43: =Source!DI28 | H43: =Source!AV29 -> 1 | I43: =Source!U28 -> 5.0102
C44: ВСЕГО работ по позиции: | H44: =I40+I41+I42+0-0-0 -> 137.02 | J44: =K40+K41+K42+0-0-0 -> 3330.25
C45: ВСЕГО оборудование по позиции: | H45: =0+0 -> 0 | J45: =0+0 -> 0
C46: ВСЕГО по позиции: | H46: =I40+I41+I42+0 -> 137.02 | J46: =K40+K41+K42+0 -> 3330.25 | O46: =I40+I41+I42+0 -> 137.02 | P46: =K40+K41+K42+0 -> 3330.25
A49: =CONCATENATE("Итого по разделу: ",IF(Source!G31<>"Новый раздел", Source!G31, "")) -> Итого по разделу: Демонтажные работы | H49: =SUM(O38:O48) -> 137.02 | J49: =SUM(P38:P48) -> 3330.25
A50: Итого по ТСН-2001.16 | I50: =SUM(W38:W49) -> 0 | J50: =SUM(X38:X49) -> 0
A51: Итого возвратных сумм | I51: =SUM(Y38:Y50) -> 0 | J51: =SUM(Z38:Z50) -> 0
A53: =CONCATENATE("Раздел: ",IF(Source!G61<>"Новый раздел", Source!G61, "")) -> Раздел: Монтажные работы
A54: 2 | B54: 3.27-12-1 Поправка: ТСН-2001.6. О.П. п.11 | C54: Устройство подстилающих и выравнивающих слоев оснований из песка | D54: =Source!H65 -> 100 м3 материала основания (в плотном теле) | E54: =Source!I65 -> 0.0264 | Q54: =Source!X65 -> 6.44 | R54: =Source!X66 -> 153.57 | S54: =Source!Y65 -> 3.63 | T54: =Source!Y66 -> 54.75 | U54: =ROUND((175/100)*ROUND(Source!R65, 2), 2) -> 6.13 | V54: =ROUND((160/100)*ROUND(Source!R66, 2), 2) -> 162.58 | AC54: 0
C55: ЗП | F55: =Source!AO65 -> 151.49 | G55: =Source!DG65 -> )*1,15 | H55: =Source!AV66 -> 1 | I55: =Source!S65 -> 4.6 | J55: =IF(Source!BA66<> 0, Source!BA66, 1) -> 29.03 | K55: =Source!S66 -> 133.54
C56: ЭМ | F56: =Source!AM65 -> 745.18 | G56: =Source!DE65 -> )*1,25 | H56: =Source!AV66 -> 1 | I56: =Source!Q65 -> 24.59 | J56: =IF(Source!BB66<> 0, Source!BB66, 1) -> 10.56 | K56: =Source!Q66 -> 259.67
C57: в т.ч. ЗПМ | F57: =Source!AN65 -> 105.99 | G57: =Source!DF65 -> )*1,25 | H57: =Source!AV66 -> 1 | I57: =Source!R65 -> 3.5 | J57: =IF(Source!BS66<> 0, Source!BS66, 1) -> 29.03 | K57: =Source!R66 -> 101.61
C58: МР | F58: =Source!AL65 -> 35.35 | G58: =Source!DD65 | H58: =Source!AW66 -> 1 | I58: =Source!P65 -> 0.93 | J58: =IF(Source!BC66<> 0, Source!BC66, 1) -> 6 | K58: =Source!P66 -> 5.58
A59: 2,1 | B59: =Source!F67 -> 1.1-1-766 | C59: Песок для строительных работ, рядовой | D59: =Source!H67 -> м3 | E59: =Source!I67 -> 2.904 | F59: =Source!AK67 -> 104.99 | H59: =Source!AW68 -> 1 | I59: =Source!O67 -> 304.89 | J59: =IF(Source!BC68<> 0, Source!BC68, 1) -> 6.88 | K59: =Source!O68 -> 2097.64 | Q59: =Source!X67 -> 0 | R59: =Source!X68 -> 0 | S59: =Source!Y67 -> 0 | T59: =Source!Y68 -> 0 | U59: =ROUND((175/100)*ROUND(Source!R67, 2), 2) -> 0 | V59: =ROUND((160/100)*ROUND(Source!R68, 2), 2) -> 0 | AC59: 3
C60: НР от ЗП | D60: % | E60: =Source!DN66 -> 140 | I60: =SUM(Q54:Q59) -> 6.44 | J60: =Source!BZ66 -> 115 | K60: =SUM(R54:R59) -> 153.57
C61: СП от ЗП | D61: % | E61: =Source!DO66 -> 79 | I61: =SUM(S54:S60) -> 3.63 | J61: =Source!CA66 -> 41 | K61: =SUM(T54:T60) -> 54.75
C62: НР и СП от ЗПМ | D62: % | E62: =175 -> 175 | I62: =SUM(U54:U61) -> 6.13 | J62: =160 -> 160 | K62: =SUM(V54:V61) -> 162.58
C63: ЗТР | D63: чел-ч | E63: =Source!AQ65 -> 14.4 | G63: =Source!DI65 -> )*1,15 | H63: =Source!AV66 -> 1 | I63: =Source!U65 -> 0.437184
C64: ВСЕГО работ по позиции: | H64: =I55+I56+I58+I60+I61+I62+SUM(I59:I59)-SUMIF(AC59:AC59, 5, I59:I59)-SUMIF(AC59:AC59, 6, I59:I59) -> 351.21 | J64: =K55+K56+K58+K60+K61+K62+SUM(K59:K59)-SUMIF(AC59:AC59, 5, K59:K59)-SUMIF(AC59:AC59, 6, K59:K59) -> 2867.33
C65: ВСЕГО оборудование по позиции: | H65: =SUMIF(AC59:AC59, 5, I59:I59)+SUMIF(AC59:AC59, 6, I59:I59) -> 0 | J65: =SUMIF(AC59:AC59, 5, K59:K59)+SUMIF(AC59:AC59, 6, K59:K59) -> 0
C66: ВСЕГО по позиции: | H66: =I55+I56+I58+I60+I61+I62+SUM(I59:I59) -> 351.21 | J66: =K55+K56+K58+K60+K61+K62+SUM(K59:K59) -> 2867.33 | O66: =I55+I56+I58+I60+I61+I62+SUM(I59:I59) -> 351.21 | P66: =K55+K56+K58+K60+K61+K62+SUM(K59:K59) -> 2867.33
A68: 3 | B68: 3.27-12-2 Поправка: ТСН-2001.6. О.П. п.11 | C68: Устройство подстилающих и выравнивающих слоев оснований из щебня | D68: =Source!H69 -> 100 м3 материала основания (в плотном теле) | E68: =Source!I69 -> 0.0198 | Q68: =Source!X69 -> 7.24 | R68: =Source!X70 -> 172.6 | S68: =Source!Y69 -> 4.08 | T68: =Source!Y70 -> 61.54 | U68: =ROUND((175/100)*ROUND(Source!R69, 2), 2) -> 20.14 | V68: =ROUND((160/100)*ROUND(Source!R70, 2), 2) -> 534.62 | AC68: 0
C69: ЗП | F69: =Source!AO69 -> 227.23 | G69: =Source!DG69 -> )*1,15 | H69: =Source!AV70 -> 1 | I69: =Source!S69 -> 5.17 | J69: =IF(Source!BA70<> 0, Source!BA70, 1) -> 29.03 | K69: =Source!S70 -> 150.09
C70: ЭМ | F70: =Source!AM69 -> 5344.54 | G70: =Source!DE69 -> )*1,25 | H70: =Source!AV70 -> 1 | I70: =Source!Q69 -> 132.28 | J70: =IF(Source!BB70<> 0, Source!BB70, 1) -> 10.49 | K70: =Source!Q70 -> 1387.62
C71: в т.ч. ЗПМ | F71: =Source!AN69 -> 465.21 | G71: =Source!DF69 -> )*1,25 | H71: =Source!AV70 -> 1 | I71: =Source!R69 -> 11.51 | J71: =IF(Source!BS70<> 0, Source!BS70, 1) -> 29.03 | K71: =Source!R70 -> 334.14
C72: МР | F72: =Source!AL69 -> 49.49 | G72: =Source!DD69 | H72: =Source!AW70 -> 1 | I72: =Source!P69 -> 0.98 | J72: =IF(Source!BC70<> 0, Source!BC70, 1) -> 6 | K72: =Source!P70 -> 5.88
A73: 3,1 | B73: =Source!F71 -> 1.1-1-1554 | C73: Щебень из естественного камня для дорожных работ, марка 1200 - 800, фракция 10 - 20 мм | D73: =Source!H71 -> м3 | E73: =Source!I71 -> 2.4948 | F73: =Source!AK71 -> 165.8 | H73: =Source!AW72 -> 1 | I73: =Source!O71 -> 413.64 | J73: =IF(Source!BC72<> 0, Source!BC72, 1) -> 20.98 | K73: =Source!O72 -> 8678.17 | Q73: =Source!X71 -> 0 | R73: =Source!X72 -> 0 | S73: =Source!Y71 -> 0 | T73: =Source!Y72 -> 0 | U73: =ROUND((175/100)*ROUND(Source!R71, 2), 2) -> 0 | V73: =ROUND((160/100)*ROUND(Source!R72, 2), 2) -> 0 | AC73: 3
C74: НР от ЗП | D74: % | E74: =Source!DN70 -> 140 | I74: =SUM(Q68:Q73) -> 7.24 | J74: =Source!BZ70 -> 115 | K74: =SUM(R68:R73) -> 172.6
C75: СП от ЗП | D75: % | E75: =Source!DO70 -> 79 | I75: =SUM(S68:S74) -> 4.08 | J75: =Source!CA70 -> 41 | K75: =SUM(T68:T74) -> 61.54
C76: НР и СП от ЗПМ | D76: % | E76: =175 -> 175 | I76: =SUM(U68:U75) -> 20.14 | J76: =160 -> 160 | K76: =SUM(V68:V75) -> 534.62
C77: ЗТР | D77: чел-ч | E77: =Source!AQ69 -> 21.6 | G77: =Source!DI69 -> )*1,15 | H77: =Source!AV70 -> 1 | I77: =Source!U69 -> 0.491832
C78: ВСЕГО работ по позиции: | H78: =I69+I70+I72+I74+I75+I76+SUM(I73:I73)-SUMIF(AC73:AC73, 5, I73:I73)-SUMIF(AC73:AC73, 6, I73:I73) -> 583.53 | J78: =K69+K70+K72+K74+K75+K76+SUM(K73:K73)-SUMIF(AC73:AC73, 5, K73:K73)-SUMIF(AC73:AC73, 6, K73:K73) -> 10990.52
C79: ВСЕГО оборудование по позиции: | H79: =SUMIF(AC73:AC73, 5, I73:I73)+SUMIF(AC73:AC73, 6, I73:I73) -> 0 | J79: =SUMIF(AC73:AC73, 5, K73:K73)+SUMIF(AC73:AC73, 6, K73:K73) -> 0
C80: ВСЕГО по позиции: | H80: =I69+I70+I72+I74+I75+I76+SUM(I73:I73) -> 583.53 | J80: =K69+K70+K72+K74+K75+K76+SUM(K73:K73) -> 10990.52 | O80: =I69+I70+I72+I74+I75+I76+SUM(I73:I73) -> 583.53 | P80: =K69+K70+K72+K74+K75+K76+SUM(K73:K73) -> 10990.52
A82: 4 | B82: 3.27-47-1 Поправка: ТСН-2001.6. О.П. п.11 | C82: Устройство асфальтобетонных покрытий дорожек и тротуаров однослойных из литой мелкозернистой асфальтобетонной смеси толщиной 3 см | D82: =Source!H73 -> 100 м2 покрытия | E82: =Source!I73 -> 0.132 | Q82: =Source!X73 -> 36.82 | R82: =Source!X74 -> 878.01 | S82: =Source!Y73 -> 20.78 | T82: =Source!Y74 -> 313.03 | U82: =ROUND((175/100)*ROUND(Source!R73, 2), 2) -> 0 | V82: =ROUND((160/100)*ROUND(Source!R74, 2), 2) -> 0 | AC82: 0
C83: ЗП | F83: =Source!AO73 -> 173.23 | G83: =Source!DG73 -> )*1,15 | H83: =Source!AV74 -> 1 | I83: =Source!S73 -> 26.3 | J83: =IF(Source!BA74<> 0, Source!BA74, 1) -> 29.03 | K83: =Source!S74 -> 763.49
C84: МР | F84: =Source!AL73 -> 262.6 | G84: =Source!DD73 | H84: =Source!AW74 -> 1 | I84: =Source!P73 -> 34.66 | J84: =IF(Source!BC74<> 0, Source!BC74, 1) -> 9.89 | K84: =Source!P74 -> 342.79
A85: 4,1 | B85: =Source!F75 -> 1.3-3-9 | C85: Смеси асфальтобетонные дорожные горячие мелкозернистые, марка II, тип В | D85: =Source!H75 -> т | E85: =Source!I75 -> 0.94248 | F85: =Source!AK75 -> 317.29 | H85: =Source!AW76 -> 1 | I85: =Source!O75 -> 299.04 | J85: =IF(Source!BC76<> 0, Source!BC76, 1) -> 11.89 | K85: =Source!O76 -> 3555.59 | Q85: =Source!X75 -> 0 | R85: =Source!X76 -> 0 | S85: =Source!Y75 -> 0 | T85: =Source!Y76 -> 0 | U85: =ROUND((175/100)*ROUND(Source!R75, 2), 2) -> 0 | V85: =ROUND((160/100)*ROUND(Source!R76, 2), 2) -> 0 | AC85: 3
C86: НР от ЗП | D86: % | E86: =Source!DN74 -> 140 | I86: =SUM(Q82:Q85) -> 36.82 | J86: =Source!BZ74 -> 115 | K86: =SUM(R82:R85) -> 878.01
C87: СП от ЗП | D87: % | E87: =Source!DO74 -> 79 | I87: =SUM(S82:S86) -> 20.78 | J87: =Source!CA74 -> 41 | K87: =SUM(T82:T86) -> 313.03
C88: ЗТР | D88: чел-ч | E88: =Source!AQ73 -> 14.4 | G88: =Source!DI73 -> )*1,15 | H88: =Source!AV74 -> 1 | I88: =Source!U73 -> 2.18592
C89: ВСЕГО работ по позиции: | H89: =I83+I84+I86+I87+SUM(I85:I85)-SUMIF(AC85:AC85, 5, I85:I85)-SUMIF(AC85:AC85, 6, I85:I85) -> 417.6 | J89: =K83+K84+K86+K87+SUM(K85:K85)-SUMIF(AC85:AC85, 5, K85:K85)-SUMIF(AC85:AC85, 6, K85:K85) -> 5852.91
C90: ВСЕГО оборудование по позиции: | H90: =SUMIF(AC85:AC85, 5, I85:I85)+SUMIF(AC85:AC85, 6, I85:I85) -> 0 | J90: =SUMIF(AC85:AC85, 5, K85:K85)+SUMIF(AC85:AC85, 6, K85:K85) -> 0
C91: ВСЕГО по позиции: | H91: =I83+I84+I86+I87+SUM(I85:I85) -> 417.6 | J91: =K83+K84+K86+K87+SUM(K85:K85) -> 5852.91 | O91: =I83+I84+I86+I87+SUM(I85:I85) -> 417.6 | P91: =K83+K84+K86+K87+SUM(K85:K85) -> 5852.91
A93: 5 | B93: 3.27-47-2 Поправка: ТСН-2001.6. О.П. п.11 | C93: Устройство асфальтобетонных покрытий дорожек и тротуаров однослойных из литой мелкозернистой асфальтобетонной смеси, добавлять или исключать на каждые 0,5 см изменения толщины слоя | D93: =Source!H77 -> 100 м2 покрытия | E93: =Source!I77 -> 0.134 | Q93: =Source!X77 -> 54.19 | R93: =Source!X78 -> 1292.31 | S93: =Source!Y77 -> 30.58 | T93: =Source!Y78 -> 460.74 | U93: =ROUND((175/100)*ROUND(Source!R77, 2), 2) -> 0 | V93: =ROUND((160/100)*ROUND(Source!R78, 2), 2) -> 0 | AC93: 0
C94: ЗП | F94: =Source!AO77 -> 27.91 | G94: =Source!DG77 -> )*1,15)*9 | H94: =Source!AV78 -> 1 | I94: =Source!S77 -> 38.71 | J94: =IF(Source!BA78<> 0, Source!BA78, 1) -> 29.03 | K94: =Source!S78 -> 1123.75
A95: 5,1 | B95: 1.3-3-9 Поправка: ТСН-2001.6. О.П. п.11 | C95: Смеси асфальтобетонные дорожные горячие мелкозернистые, марка II, тип В | D95: =Source!H79 -> т | E95: =Source!I79 -> 1.45926 | F95: =Source!AK79 -> 317.29 | G95: к нр )*9 | H95: =Source!AW80 -> 1 | I95: =Source!O79 -> 463.01 | J95: =IF(Source!BC80<> 0, Source!BC80, 1) -> 11.89 | K95: =Source!O80 -> 5505.19 | Q95: =Source!X79 -> 0 | R95: =Source!X80 -> 0 | S95: =Source!Y79 -> 0 | T95: =Source!Y80 -> 0 | U95: =ROUND((175/100)*ROUND(Source!R79, 2), 2) -> 0 | V95: =ROUND((160/100)*ROUND(Source!R80, 2), 2) -> 0 | AC95: 3
C96: НР от ЗП | D96: % | E96: =Source!DN78 -> 140 | I96: =SUM(Q93:Q95) -> 54.19 | J96: =Source!BZ78 -> 115 | K96: =SUM(R93:R95) -> 1292.31
C97: СП от ЗП | D97: % | E97: =Source!DO78 -> 79 | I97: =SUM(S93:S96) -> 30.58 | J97: =Source!CA78 -> 41 | K97: =SUM(T93:T96) -> 460.74
C98: ЗТР | D98: чел-ч | E98: =Source!AQ77 -> 2.32 | G98: =Source!DI77 -> )*1,15)*9 | H98: =Source!AV78 -> 1 | I98: =Source!U77 -> 3.217608
C99: ВСЕГО работ по позиции: | H99: =I94+I96+I97+SUM(I95:I95)-SUMIF(AC95:AC95, 5, I95:I95)-SUMIF(AC95:AC95, 6, I95:I95) -> 586.49 | J99: =K94+K96+K97+SUM(K95:K95)-SUMIF(AC95:AC95, 5, K95:K95)-SUMIF(AC95:AC95, 6, K95:K95) -> 8381.99
C100: ВСЕГО оборудование по позиции: | H100: =SUMIF(AC95:AC95, 5, I95:I95)+SUMIF(AC95:AC95, 6, I95:I95) -> 0 | J100: =SUMIF(AC95:AC95, 5, K95:K95)+SUMIF(AC95:AC95, 6, K95:K95) -> 0
C101: ВСЕГО по позиции: | H101: =I94+I96+I97+SUM(I95:I95) -> 586.49 | J101: =K94+K96+K97+SUM(K95:K95) -> 8381.99 | O101: =I94+I96+I97+SUM(I95:I95) -> 586.49 | P101: =K94+K96+K97+SUM(K95:K95) -> 8381.99
A103: 6 | B103: 3.27-26-2 Поправка: ТСН-2001.6. О.П. п.11 | C103: Установка бортовых камней бетонных при других видах покрытий | D103: =Source!H81 -> 100 м бортового камня | E103: =Source!I81 -> 0.103 | Q103: =Source!X81 -> 127.2 | R103: =Source!X82 -> 3033.32 | S103: =Source!Y81 -> 71.78 | T103: =Source!Y82 -> 1081.44 | U103: =ROUND((175/100)*ROUND(Source!R81, 2), 2) -> 2.5 | V103: =ROUND((160/100)*ROUND(Source!R82, 2), 2) -> 66.42 | AC103: 0
C104: ="Объем: "&Source!I81&"=10,3/"&"100" -> Объем: 0,103=10,3/100
C105: ЗП | F105: =Source!AO81 -> 767.1 | G105: =Source!DG81 -> )*1,15 | H105: =Source!AV82 -> 1 | I105: =Source!S81 -> 90.86 | J105: =IF(Source!BA82<> 0, Source!BA82, 1) -> 29.03 | K105: =Source!S82 -> 2637.67
C106: ЭМ | F106: =Source!AM81 -> 116.47 | G106: =Source!DE81 -> )*1,25 | H106: =Source!AV82 -> 1 | I106: =Source!Q81 -> 15 | J106: =IF(Source!BB82<> 0, Source!BB82, 1) -> 10.3 | K106: =Source!Q82 -> 154.5
C107: в т.ч. ЗПМ | F107: =Source!AN81 -> 11.07 | G107: =Source!DF81 -> )*1,25 | H107: =Source!AV82 -> 1 | I107: =Source!R81 -> 1.43 | J107: =IF(Source!BS82<> 0, Source!BS82, 1) -> 29.03 | K107: =Source!R82 -> 41.51
C108: МР | F108: =Source!AL81 -> 4302.26 | G108: =Source!DD81 | H108: =Source!AW82 -> 1 | I108: =Source!P81 -> 443.13 | J108: =IF(Source!BC82<> 0, Source!BC82, 1) -> 8.32 | K108: =Source!P82 -> 3686.84
A109: 6,1 | B109: =Source!F83 -> 1.5-3-499 | C109: Камни бетонные бортовые, марка БР 100.20.8 | D109: =Source!H83 -> м3 | E109: =Source!I83 -> 0.4429 | F109: =Source!AK83 -> 2385.71 | H109: =Source!AW84 -> 1 | I109: =Source!O83 -> 1056.63 | J109: =IF(Source!BC84<> 0, Source!BC84, 1) -> 5.16 | K109: =Source!O84 -> 5452.21 | Q109: =Source!X83 -> 0 | R109: =Source!X84 -> 0 | S109: =Source!Y83 -> 0 | T109: =Source!Y84 -> 0 | U109: =ROUND((175/100)*ROUND(Source!R83, 2), 2) -> 0 | V109: =ROUND((160/100)*ROUND(Source!R84, 2), 2) -> 0 | AC109: 3
C110: НР от ЗП | D110: % | E110: =Source!DN82 -> 140 | I110: =SUM(Q103:Q109) -> 127.2 | J110: =Source!BZ82 -> 115 | K110: =SUM(R103:R109) -> 3033.32
C111: СП от ЗП | D111: % | E111: =Source!DO82 -> 79 | I111: =SUM(S103:S110) -> 71.78 | J111: =Source!CA82 -> 41 | K111: =SUM(T103:T110) -> 1081.44
C112: НР и СП от ЗПМ | D112: % | E112: =175 -> 175 | I112: =SUM(U103:U111) -> 2.5 | J112: =160 -> 160 | K112: =SUM(V103:V111) -> 66.42
C113: ЗТР | D113: чел-ч | E113: =Source!AQ81 -> 69.8 | G113: =Source!DI81 -> )*1,15 | H113: =Source!AV82 -> 1 | I113: =Source!U81 -> 8.26781
C114: ВСЕГО работ по позиции: | H114: =I105+I106+I108+I110+I111+I112+SUM(I109:I109)-SUMIF(AC109:AC109, 5, I109:I109)-SUMIF(AC109:AC109, 6, I109:I109) -> 1807.1 | J114: =K105+K106+K108+K110+K111+K112+SUM(K109:K109)-SUMIF(AC109:AC109, 5, K109:K109)-SUMIF(AC109:AC109, 6, K109:K109) -> 16112.4
C115: ВСЕГО оборудование по позиции: | H115: =SUMIF(AC109:AC109, 5, I109:I109)+SUMIF(AC109:AC109, 6, I109:I109) -> 0 | J115: =SUMIF(AC109:AC109, 5, K109:K109)+SUMIF(AC109:AC109, 6, K109:K109) -> 0
C116: ВСЕГО по позиции: | H116: =I105+I106+I108+I110+I111+I112+SUM(I109:I109) -> 1807.1 | J116: =K105+K106+K108+K110+K111+K112+SUM(K109:K109) -> 16112.4 | O116: =I105+I106+I108+I110+I111+I112+SUM(I109:I109) -> 1807.1 | P116: =K105+K106+K108+K110+K111+K112+SUM(K109:K109) -> 16112.4
A119: =CONCATENATE("Итого по разделу: ",IF(Source!G86<>"Новый раздел", Source!G86, "")) -> Итого по разделу: Монтажные работы | H119: =SUM(O53:O118) -> 3745.93 | J119: =SUM(P53:P118) -> 44205.15
A120: Итого по ТСН-2001.16 | I120: =SUM(W53:W119) -> 0 | J120: =SUM(X53:X119) -> 0
A121: Итого возвратных сумм | I121: =SUM(Y53:Y120) -> 0 | J121: =SUM(Z53:Z120) -> 0
A123: =CONCATENATE("Итого по локальной смете: ",IF(Source!G116<>"Новая локальная смета", Source!G116, "")) -> Итого по локальной смете: ПЗУ | H123: =SUM(O36:O122) -> 3882.95 | J123: =SUM(P36:P122) -> 47535.4
...

Sheet Дефектная ведомость
A1: =Source!B1 -> Smeta.RU (495) 974-1589
D3: "УТВЕРЖДАЮ"
C5: ___________________________
C7: ___________________________
C9: " ___ " ___________ 20 ___ г.
A11: =CONCATENATE("Дефектный акт ", IF(Source!AN15<>"", Source!AN15," ")) -> Дефектный акт
A12: =CONCATENATE("На капитальный ремонт ", Source!F12, " ", Source!G12) -> На капитальный ремонт Новый объект_(Копия) Ерамешанцева_(Копия)
B14: Мы, нижеподписавшиеся, произвели осмотр объекта
B15: и постановили произвести ремонт объекта в
B16: следующем объеме:
A17: № п/п | B17: Наименование работ и затрат | C17: Единица измерения | D17: Количество | E17: Примечание
A18: 1 | B18: 2 | C18: 3 | D18: 4 | E18: 5
A19: =CONCATENATE("Локальная смета: ", Source!G20) -> Локальная смета: ПЗУ
A20: =CONCATENATE("Раздел: ", Source!G24) -> Раздел: Демонтажные работы
A21: 1 | B21: =Source!G28 -> Разработка грунта вручную в траншеях глубиной до 2 м без креплений с откосами группа грунтов 1-3 | C21: =Source!H28 -> 100 м3 грунта | D21: =Source!I28 -> 0.026
A22: =CONCATENATE("Раздел: ", Source!G61) -> Раздел: Монтажные работы
A23: 2 | B23: =Source!G65 -> Устройство подстилающих и выравнивающих слоев оснований из песка | C23: =Source!H65 -> 100 м3 материала основания (в плотном теле) | D23: =Source!I65 -> 0.0264
A24: 2.1 | B24: =Source!G67 -> Песок для строительных работ, рядовой | C24: =Source!H67 -> м3 | D24: =Source!I67 -> 2.904
A25: 3 | B25: =Source!G69 -> Устройство подстилающих и выравнивающих слоев оснований из щебня | C25: =Source!H69 -> 100 м3 материала основания (в плотном теле) | D25: =Source!I69 -> 0.0198
A26: 3.1 | B26: =Source!G71 -> Щебень из естественного камня для дорожных работ, марка 1200 - 800, фракция 10 - 20 мм | C26: =Source!H71 -> м3 | D26: =Source!I71 -> 2.4948
A27: 4 | B27: =Source!G73 -> Устройство асфальтобетонных покрытий дорожек и тротуаров однослойных из литой мелкозернистой асфальтобетонной смеси толщиной 3 см | C27: =Source!H73 -> 100 м2 покрытия | D27: =Source!I73 -> 0.132
A28: 4.1 | B28: =Source!G75 -> Смеси асфальтобетонные дорожные горячие мелкозернистые, марка II, тип В | C28: =Source!H75 -> т | D28: =Source!I75 -> 0.94248
A29: 5 | B29: =Source!G77 -> Устройство асфальтобетонных покрытий дорожек и тротуаров однослойных из литой мелкозернистой асфальтобетонной смеси, добавлять или исключать на каждые 0,5 см изменения толщины слоя | C29: =Source!H77 -> 100 м2 покрытия | D29: =Source!I77 -> 0.134
A30: 5.1 | B30: =Source!G79 -> Смеси асфальтобетонные дорожные горячие мелкозернистые, марка II, тип В | C30: =Source!H79 -> т | D30: =Source!I79 -> 1.45926
A31: 6 | B31: =Source!G81 -> Установка бортовых камней бетонных при других видах покрытий | C31: =Source!H81 -> 100 м бортового камня | D31: =Source!I81 -> 0.103
A32: 6.1 | B32: =Source!G83 -> Камни бетонные бортовые, марка БР 100.20.8 | C32: =Source!H83 -> м3 | D32: =Source!I83 -> 0.4429
A33: =CONCATENATE("Локальная смета: ", Source!G146) -> Локальная смета: Архитектурные решения
A34: =CONCATENATE("Раздел: ", Source!G150) -> Раздел: Демонтажные работы
A35: 1 | B35: =Source!G154 -> Монтаж конструкций дверей и люков | C35: =Source!H154 -> 1 т конструкций | D35: =Source!I154 -> 0.1736
A36: 2 | B36: =Source!G156 -> Разборка деревянных заполнений проемов дверных, воротных | C36: =Source!H156 -> 100 м2 | D36: =Source!I156 -> 0.0809
A37: 3 | B37: =Source!G158 -> Разборка деревянных заполнений проемов оконных без подоконных досок | C37: =Source!H158 -> 100 м2 | D37: =Source!I158 -> 0.0218
A38: 4 | B38: =Source!G160 -> Разборка кирпичных перегородок | C38: =Source!H160 -> 1 м3 кладки | D38: =Source!I160 -> 6.2
A39: 4.1 | B39: =Source!G162 -> Масса мусора | C39: =Source!H162 -> т | D39: =Source!I162 -> -12.4
A40: 5 | B40: =Source!G164 -> Разборка фундаментов железобетонных | C40: =Source!H164 -> 1 м3 | D40: =Source!I164 -> 7.5
A41: 5.1 | B41: =Source!G166 -> Масса мусора | C41: =Source!H166 -> т | D41: =Source!I166 -> -18.75
A42: 6 | B42: =Source!G168 -> Разборка металлических лестничных решеток, массой 1 м решетки до 60 кг | C42: =Source!H168 -> 100 м решетки | D42: =Source!I168 -> 0.01
A43: 6.1 | B43: =Source!G170 -> Масса мусора | C43: =Source!H170 -> т | D43: =Source!I170 -> -0.025
A44: 7 | B44: =Source!G172 -> Монтаж мелких конструкций из стали различного профиля массой до 20 кг | C44: =Source!H172 -> 1 Т | D44: =Source!I172 -> 0.05
A45: 8 | B45: =Source!G174 -> Разборка покрытий из керамических плиток | C45: =Source!H174 -> 100 м2 покрытия | D45: =Source!I174 -> 0.061
A46: 8.1 | B46: =Source!G176 -> Масса мусора | C46: =Source!H176 -> т | D46: =Source!I176 -> -0.3172
A47: 9 | B47: =Source!G178 -> Разборка цементных покрытий, толщина 30 мм | C47: =Source!H178 -> 100 м2 покрытия | D47: =Source!I178 -> 0.065
A48: 9.1 | B48: =Source!G180 -> Масса мусора | C48: =Source!H180 -> т | D48: =Source!I180 -> -0.429
A49: 10 | B49: =Source!G182 -> Добавляется или исключается на каждые 5 мм изменения толщины покрытия к позиции 6.57-2-8 | C49: =Source!H182 -> 100 м2 покрытия | D49: =Source!I182 -> 0.057
A50: 10.1 | B50: =Source!G184 -> Масса мусора | C50: =Source!H184 -> т | D50: =Source!I184 -> -0.2508
A51: 11 | B51: =Source!G186 -> Разборка облицовки стен из керамических глазурованных плиток | C51: =Source!H186 -> 100 м2 облицовки | D51: =Source!I186 -> 0.211
A52: 11.1 | B52: =Source!G188 -> Масса мусора | C52: =Source!H188 -> т | D52: =Source!I188 -> -0.93051
A53: 12 | B53: =Source!G190 -> Разборка подвесных потолков из плит акмигран | C53: =Source!H190 -> 100 м2 | D53: =Source!I190 -> 0.8
A54: =CONCATENATE("Раздел: ", Source!G223) -> Раздел: Монтажные работы
A55: 13 | B55: =Source!G227 -> Установка металлических дверей для подвалов и подъездов | C55: =Source!H227 -> 1 м2 | D55: =Source!I227 -> 3.654
A56: 13.1 | B56: =Source!G229 -> Блоки дверные металлические противопожарные, дымогазонепроницаемые, теплоизолированные плитами на основе базальтового волокна, остекленные стеклом толщиной 24 мм (0,24 м2), окрашенные порошковыми красками, марка ДПМДО-02/60, двупольные, 1700х2100 мм, масса 182 кг, с замком-защелкой, без доводчика | C56: =Source!H229 -> т | D56: =Source!I229 -> 0.1353
A57: 14 | B57: =Source!G231 -> Установка дверного доводчика к металлическим дверям | C57: =Source!H231 -> 1 ШТ. | D57: =Source!I231 -> 1
A58: 14.1 | B58: =Source!G233 -> Доводчик дверной универсальный, с механизмом «шестерня-рейка», регулируемый, масса двери до 160 кг | C58: =Source!H233 -> КОМПЛЕКТ | D58: =Source!I233 -> 1
A59: 15 | B59: =Source!G235 -> Установка блоков в наружных и внутренних дверных проемах в каменных стенах площадь проема до 3 м2 | C59: =Source!H235 -> 100 м2 проемов | D59: =Source!I235 -> 0.0378
A60: 15.1 | B60: =Source!G237 -> Дверь композитная глухая полнозаполненная пенополистиролом из ПВХ 1,5 мм 2000*1000 Капель (ДГ10) | C60: =Source!H237 -> шт. | D60: =Source!I237 -> 1
A61: 15.2 | B61: =Source!G239 -> Дверь композитная глухая полнозаполненная пенополистиролом из ПВХ 1,5 мм 2000*900 Капель (ДГ9) | C61: =Source!H239 -> шт. | D61: =Source!I239 -> 1
A62: 16 | B62: =Source!G245 -> Установка блоков из ПВХ-профилей в наружных и внутренних дверных проемах в каменных стенах площадью проема более 3 м2 | C62: =Source!H245 -> 100 м2 | D62: =Source!I245 -> 0.0399
A63: 16.1 | B63: =Source!G247 -> Лента пароизоляционная, самоклеящаяся, уплотнительная, бутилкаучуковая, дублированная нетканым полотном с двух сторон, прочность сцепления не менее 0,03 МПа, диапазон температур эксплуатации от -60 до +90°, ширина 70 мм, для защиты монтажной пены от увлажнения внутри помещения, препятствует образованию конденсата на поверхности внутренних откосов при монтаже оконных и дверных блоков, светопрозрачных конструкций | C63: =Source!H247 -> м | D63: =Source!I247 -> 8.6982
A64: 16.2 | B64: =Source!G249 -> Лента гидроизоляционная, паропроницаемая, самоклеящаяся, мембранного типа, с бутилкаучуковыми клеящими неотверждаемыми слоями герметика с двух краев защищенных антиадгезионной бумагой, прочность сцепления не менее 0,03 МПа, диапазон температур эксплуатации от -60 до +90°С, ширина 70 мм, для изоляции наружных стыков, защиты от проникновения наружной влаги, выхода водяных паров из монтажного шва, защиты монтажной пены от переувлажнения | C64: =Source!H249 -> м | D64: =Source!I249 -> 1.596
A65: 16.3 | B65: =Source!G251 -> Блоки дверные балконные из ПВХ профилей, с вентиляционным клапаном, одностворчатые, с двухкамерными стеклопакетами, с комплектом фурнитуры, площадь 1,6 м2, БП 22-7,5, для жилых домов | C65: =Source!H251 -> м2 | D65: =Source!I251 -> 3.99
A66: 17 | B66: =Source!G253 -> Установка дверного доводчика к дверям из древесины | C66: =Source!H253 -> 1 ПРИБОР | D66: =Source!I253 -> 6
A67: 17.1 | B67: =Source!G255 -> Доводчик дверной, гидравлический, масса двери до 80 кг | C67: =Source!H255 -> шт. | D67: =Source!I255 -> 6
A68: 18 | B68: =Source!G257 -> Установка алюминиевых оконных блоков | C68: =Source!H257 -> 100 м2 | D68: =Source!I257 -> 0.01
A69: 18.1 | B69: =Source!G259 -> Алюминиевое противопожарное окно ОП 1 (E 60) | C69: =Source!H259 -> м2 | D69: =Source!I259 -> 2.1842
A70: 19 | B70: =Source!G261 -> Установка дверей герметических штампованных размером 900 х 400 мм | C70: =Source!H261 -> 1 ШТ. | D70: =Source!I261 -> 1
A71: 19.1 | B71: =Source!G263 -> Дверь для пожарной ниши ДПН 600x700 | C71: =Source!H263 -> шт. | D71: =Source!I263 -> 1
A72: 20 | B72: =Source!G265 -> Кладка перегородок неармированных толщиной в 1/2 кирпича при высоте этажа до 4 м | C72: =Source!H265 -> 100 м2 перегородок (за вычетом проемов) | D72: =Source!I265 -> 0.03
A73: 20.1 | B73: =Source!G267 -> Кирпич керамический обыкновенный, размер 250х120х65 мм, марка 125 | C73: =Source!H267 -> 1000 шт. | D73: =Source!I267 -> 0.15
A74: 20.2 | B74: =Source!G269 -> Растворы цементно-известковые, марка 75 | C74: =Source!H269 -> м3 | D74: =Source!I269 -> 0.069
A75: 21 | B75: =Source!G271 -> Сплошное выравнивание штукатурки стен, внутри здания цементно-известковым раствором при толщине намета до 5 мм | C75: =Source!H271 -> 100 м2 | D75: =Source!I271 -> 0.422
A76: 21.1 | B76: =Source!G273 -> Растворы цементно-известковые, марка 75 | C76: =Source!H273 -> м3 | D76: =Source!I273 -> 0.22366
A77: 22 | B77: =Source!G275 -> Гладкая облицовка стен, столбов, пилястр и откосов (без карнизных, плинтусных и угловых плиток) без установки плиток туалетного гарнитура по кирпичу и бетону | C77: =Source!H275 -> 100 м2 поверхности облицовки | D77: =Source!I275 -> 0.422
A78: 22.1 | B78: =Source!G277 -> Плитки керамические глазурованные гладкие одноцветные, универсальные | C78: =Source!H277 -> м2 | D78: =Source!I277 -> 42.2
A79: 23 | B79: =Source!G279 -> Простое оштукатуривание стен цементно-известковым раствором по камню и бетону внутри зданий | C79: =Source!H279 -> 100 м2 оштукатуриваемой поверхности | D79: =Source!I279 -> 0.123
A80: 23.1 | B80: =Source!G281 -> Вода | C80: =Source!H281 -> м3 | D80: =Source!I281 -> 0.010332
A81: 23.2 | B81: =Source!G283 -> Смесь сухая, мелкозернистая, цементная, с добавлением фракционированного песка, химических и минеральных добавок, штукатурная, для наружных и внутренних работ, ручного нанесения, плотность раствора 2000 кг/м3, прочность на сжатие не менее 15 МПа, прочность сцепления не менее 0,4 МПа, не менее F50, для оштукатуривания фасадов, цоколей, стен в помещениях с повышенной влажностью, выравнивания оснований под облицовку плиткой, природным камнем, шпаклевку, декоративную штукатурку, заполнения небольших раковин, каверн, трещин | C81: =Source!H283 -> т | D81: =Source!I283 -> 0.05904
A82: 23.3 | B82: =Source!G285 -> Растворы цементно-известковые, марка 75 | C82: =Source!H285 -> м3 | D82: =Source!I285 -> 0.148584
A83: 24 | B83: =Source!G287 -> Улучшенная окраска поливинилацетатными водоэмульсионными составами по штукатурке стен | C83: =Source!H287 -> 100 м2 окрашиваемой поверхности | D83: =Source!I287 -> 0.161
A84: 24.1 | B84: =Source!G289 -> Шпатлевка масляно-клеевая универсальная | C84: =Source!H289 -> т | D84: =Source!I289 -> 0.008211
A85: 24.2 | B85: =Source!G291 -> Грунтовка акриловая типа «Бетоконтакт», адгезионная для обработки бетонных оснований перед оштукатуриванием | C85: =Source!H291 -> кг | D85: =Source!I291 -> 8.200052
A86: 24.3 | B86: =Source!G293 -> Краска водно-дисперсионная, акриловая, с коллоидным раствором серебра, биологически активная, для внутренних работ, ручного и механизированного нанесения, сухой остаток от 56 до 62%, водородный показатель не менее рН 8,5, для окраски помещений медицинских учреждений, детских садов, школ, предприятий общественного питания и прочих мест массового посещения людей | C86: =Source!H293 -> т | D86: =Source!I293 -> 0.010143
A87: 25 | B87: =Source!G295 -> Окрашивание ранее окрашенных поверхностей потолков водоэмульсионными составами, ранее окрашенных водоэмульсионной краской с расчисткой старой краски до 35 % | C87: =Source!H295 -> 100 м2 окрашиваемой поверхности | D87: =Source!I295 -> 0.067
A88: 25.1 | B88: =Source!G297 -> Шпатлевка масляно-клеевая универсальная | C88: =Source!H297 -> т | D88: =Source!I297 -> 0.000456
A89: 25.2 | B89: =Source!G299 -> Краски водно-дисперсионные поливинилацетатные, белые, марка ВД-ВА-17 | C89: =Source!H299 -> т | D89: =Source!I299 -> 0.004489
A90: 26 | B90: =Source!G301 -> Устройство подвесных потолков из декоративно-акустических плит по готовому каркасу с установкой направляющих из алюминиевого профиля и деталей крепления | C90: =Source!H301 -> 100 м2 | D90: =Source!I301 -> 0.8
A91: 26.1 | B91: =Source!G303 -> Комплектующие к подвесных потолкам типа "армстронг" | C91: =Source!H303 -> КОМПЛЕКТ | D91: =Source!I303 -> 80
A92: 27 | B92: =Source!G307 -> Устройство полов из керамических крупноразмерных плиток типа керамогранит на клее из сухих смесей толщиной слоя 4 мм с затиркой швов | C92: =Source!H307 -> 100 м2 пола | D92: =Source!I307 -> 0.061
A93: 27.1 | B93: =Source!G309 -> Смеси сухие для заполнения швов между плитками, цветные | C93: =Source!H309 -> т | D93: =Source!I309 -> 0.0061
A94: 27.2 | B94: =Source!G311 -> Смеси сухие (клеи) для облицовки стен и полов керамическими плитками и плитками из природного камня | C94: =Source!H311 -> т | D94: =Source!I311 -> 0.02867
A95: 27.3 | B95: =Source!G313 -> Плитки керамические, типа керамогранит, неполированные 300х300х8 | C95: =Source!H313 -> м2 | D95: =Source!I313 -> 6.222
A96: 28 | B96: =Source!G317 -> Устройство первого слоя оклеечной гидроизоляции рулонными материалами на битумной мастике | C96: =Source!H317 -> 100 м2 изолируемой поверхности | D96: =Source!I317 -> 0.07
A97: 28.1 | B97: =Source!G319 -> Материал рулонный кровельный, рубероид, марка РК-350, с крупнозернистой посыпкой | C97: =Source!H319 -> м2 | D97: =Source!I319 -> 7.84
A98: 29 | B98: =Source!G321 -> Устройство самовыравнивающихся стяжек из специализированных сухих смесей толщиной 5 мм | C98: =Source!H321 -> 100 м2 стяжки | D98: =Source!I321 -> 0.07
A99: 29.1 | B99: =Source!G323 -> Грунтовка водно-дисперсионная на акриловых сополимерах с токопроводящими добавками | C99: =Source!H323 -> кг | D99: =Source!I323 -> 1.4
A100: 29.2 | B100: =Source!G325 -> Смеси сухие цементно-песчаные для устройства стяжки, самовыравнивающиеся, В15 (М200), F50 | C100: =Source!H325 -> т | D100: =Source!I325 -> 0.05894
A101: 30 | B101: =Source!G327 -> Устройство полов из керамических крупноразмерных плиток типа керамогранит на клее из сухих смесей толщиной слоя 4 мм с затиркой швов | C101: =Source!H327 -> 100 м2 пола | D101: =Source!I327 -> 0.07
A102: 30.1 | B102: =Source!G329 -> Смеси сухие для заполнения швов между плитками, цветные | C102: =Source!H329 -> т | D102: =Source!I329 -> 0.007
A103: 30.2 | B103: =Source!G331 -> Смеси сухие (клеи) для облицовки стен и полов керамическими плитками и плитками из природного камня | C103: =Source!H331 -> т | D103: =Source!I331 -> 0.0329
A104: 30.3 | B104: =Source!G333 -> Плитки керамические, типа керамогранит, неполированные 300х300х8 | C104: =Source!H333 -> м2 | D104: =Source!I333 -> 7.14
A105: 31 | B105: =Source!G337 -> Устройство настенных желобов из листовой стали | C105: =Source!H337 -> 100 м | D105: =Source!I337 -> 0.053
A106: 31.1 | B106: =Source!G339 -> Поковки строительные (скобы, закрепы, хомуты) простые, масса от 2,5 до 4 кг | C106: =Source!H339 -> т | D106: =Source!I339 -> 0.003498
...

Sheet Объектная смета
A1: =SourceObSm!B1 -> Smeta.RU (495) 974-1589
J2: Форма 3
B4: =IF(SourceObSm!G4<>"",SourceObSm!G4,IF(SourceObSm!F4<>"",SourceObSm!F4,IF(SourceObSm!G5<>"",SourceObSm!G5,IF(SourceObSm!F5<>"",SourceObSm!F5,IF(SourceObSm!G6<>"",SourceObSm!G6,IF(SourceObSm!G12<>"",SourceObSm!G12," ")))))) -> Ерамешанцева_(Копия)
B5: (Наименование стройки)
B7: =CONCATENATE( "ОБЪЕКТНЫЙ СМЕТНЫЙ РАСЧЕТ № ", SourceObSm!F12) -> ОБЪЕКТНЫЙ СМЕТНЫЙ РАСЧЕТ № Новый объект_(Копия)
B8: (объектная смета)
B10: =CONCATENATE( "на строительство (капитальный ремонт) ",IF(SourceObSm!G12<>"",SourceObSm!G12,IF(SourceObSm!F12<>"",SourceObSm!F12," "))) -> на строительство (капитальный ремонт) Ерамешанцева_(Копия)
B12: Сметная стоимость | D12: =H31 -> 2313.12 | E12: тыс.руб.
B14: Средства на оплату труда | D14: =I31 -> 442.92 | E14: тыс.руб.
B16: Расчетный измеритель единичной стоимости | D16: =SourceObSm!I12 -> 0 | E16: =SourceObSm!H12
B18: Составлен(а) в уровне текущих (прогнозных) цен Индексы ТСН-2001 МГЭ ремонт №201 июнь 2023 года и Индекс к Главе 13.2 ТСН-2001 МГЭ июнь 2023 года | AD18: Составлен(а) в уровне текущих (прогнозных) цен Индексы ТСН-2001 МГЭ ремонт №201 июнь 2023 года и Индекс к Главе 13.2 ТСН-2001 МГЭ июнь 2023 года
J19: руб.
A20: № п/п | B20: Номера сметных расчетов (смет) | C20: Наименование работ и затрат | D20: Сметная стоимость, тыс.руб. | I20: Средства на оплату труда | J20: Показатели единичной стоимости
D21: строите-льных работ | E21: монтажных работ | F21: оборудо-вания, мебели, инвентаря | G21: прочих затрат | H21: Всего
A22: 1 | B22: 2 | C22: 3 | D22: 4 | E22: 5 | F22: 6 | G22: 7 | H22: 8 | I22: 9 | J22: 10
A23: 1 | B23: =SourceObSm!C16 -> 02-01-01 | C23: =SourceObSm!D16 -> ПЗУ | D23: =IF(SourceObSm!E16=0,0, ROUND(SourceObSm!E16,6)) -> 47.54 | E23: =IF(SourceObSm!F16=0,0, ROUND(SourceObSm!F16,6)) -> 0 | F23: =IF(SourceObSm!G16=0,0, ROUND(SourceObSm!G16,6)) -> 0 | G23: =IF(SourceObSm!H16=0,0, ROUND(SourceObSm!H16,6)) -> 0 | H23: =IF(SourceObSm!I16=0,0, ROUND(SourceObSm!I16,6)) -> 47.54 | I23: =IF(SourceObSm!J16=0,0, ROUND(SourceObSm!J16,6)) -> 6.83 | J23: =IF(H23="-","-",IF(SourceObSm!I12=0,0,H23/SourceObSm!I12)) -> 0
A24: 2 | B24: =SourceObSm!C17 -> 02-01-02 | C24: =SourceObSm!D17 -> Архитектурные решения | D24: =IF(SourceObSm!E17=0,0, ROUND(SourceObSm!E17,6)) -> 1059.11 | E24: =IF(SourceObSm!F17=0,0, ROUND(SourceObSm!F17,6)) -> 0 | F24: =IF(SourceObSm!G17=0,0, ROUND(SourceObSm!G17,6)) -> 0 | G24: =IF(SourceObSm!H17=0,0, ROUND(SourceObSm!H17,6)) -> 28.16 | H24: =IF(SourceObSm!I17=0,0, ROUND(SourceObSm!I17,6)) -> 1087.27 | I24: =IF(SourceObSm!J17=0,0, ROUND(SourceObSm!J17,6)) -> 233.93 | J24: =IF(H24="-","-",IF(SourceObSm!I12=0,0,H24/SourceObSm!I12)) -> 0
A25: 3 | B25: =SourceObSm!C18 -> 02-01-03 | C25: =SourceObSm!D18 -> Конструктивные решения | D25: =IF(SourceObSm!E18=0,0, ROUND(SourceObSm!E18,6)) -> 227.7 | E25: =IF(SourceObSm!F18=0,0, ROUND(SourceObSm!F18,6)) -> 0 | F25: =IF(SourceObSm!G18=0,0, ROUND(SourceObSm!G18,6)) -> 0 | G25: =IF(SourceObSm!H18=0,0, ROUND(SourceObSm!H18,6)) -> 0 | H25: =IF(SourceObSm!I18=0,0, ROUND(SourceObSm!I18,6)) -> 227.7 | I25: =IF(SourceObSm!J18=0,0, ROUND(SourceObSm!J18,6)) -> 47.45 | J25: =IF(H25="-","-",IF(SourceObSm!I12=0,0,H25/SourceObSm!I12)) -> 0
A26: 4 | B26: =SourceObSm!C19 -> 02-01-04 | C26: =SourceObSm!D19 -> Система связи | D26: =IF(SourceObSm!E19=0,0, ROUND(SourceObSm!E19,6)) -> 74.83 | E26: =IF(SourceObSm!F19=0,0, ROUND(SourceObSm!F19,6)) -> 76.29 | F26: =IF(SourceObSm!G19=0,0, ROUND(SourceObSm!G19,6)) -> 14.21 | G26: =IF(SourceObSm!H19=0,0, ROUND(SourceObSm!H19,6)) -> 0 | H26: =IF(SourceObSm!I19=0,0, ROUND(SourceObSm!I19,6)) -> 165.33 | I26: =IF(SourceObSm!J19=0,0, ROUND(SourceObSm!J19,6)) -> 26.84 | J26: =IF(H26="-","-",IF(SourceObSm!I12=0,0,H26/SourceObSm!I12)) -> 0
A27: 5 | B27: =SourceObSm!C20 -> 02-01-05 | C27: =SourceObSm!D20 -> Система электроснабжения | D27: =IF(SourceObSm!E20=0,0, ROUND(SourceObSm!E20,6)) -> 2.13 | E27: =IF(SourceObSm!F20=0,0, ROUND(SourceObSm!F20,6)) -> 114.56 | F27: =IF(SourceObSm!G20=0,0, ROUND(SourceObSm!G20,6)) -> 0 | G27: =IF(SourceObSm!H20=0,0, ROUND(SourceObSm!H20,6)) -> 0 | H27: =IF(SourceObSm!I20=0,0, ROUND(SourceObSm!I20,6)) -> 116.69 | I27: =IF(SourceObSm!J20=0,0, ROUND(SourceObSm!J20,6)) -> 21.1 | J27: =IF(H27="-","-",IF(SourceObSm!I12=0,0,H27/SourceObSm!I12)) -> 0
A28: 6 | B28: =SourceObSm!C21 -> 02-01-06 | C28: =SourceObSm!D21 -> Система водоснабжения и водоотведения | D28: =IF(SourceObSm!E21=0,0, ROUND(SourceObSm!E21,6)) -> 177.28 | E28: =IF(SourceObSm!F21=0,0, ROUND(SourceObSm!F21,6)) -> 0 | F28: =IF(SourceObSm!G21=0,0, ROUND(SourceObSm!G21,6)) -> 0 | G28: =IF(SourceObSm!H21=0,0, ROUND(SourceObSm!H21,6)) -> 0.09 | H28: =IF(SourceObSm!I21=0,0, ROUND(SourceObSm!I21,6)) -> 177.37 | I28: =IF(SourceObSm!J21=0,0, ROUND(SourceObSm!J21,6)) -> 28.41 | J28: =IF(H28="-","-",IF(SourceObSm!I12=0,0,H28/SourceObSm!I12)) -> 0
A29: 7 | B29: =SourceObSm!C22 -> 02-01-07 | C29: =SourceObSm!D22 -> Мероприятия по обеспечению доступа инвалидов | D29: =IF(SourceObSm!E22=0,0, ROUND(SourceObSm!E22,6)) -> 258.96 | E29: =IF(SourceObSm!F22=0,0, ROUND(SourceObSm!F22,6)) -> 114.76 | F29: =IF(SourceObSm!G22=0,0, ROUND(SourceObSm!G22,6)) -> 117.5 | G29: =IF(SourceObSm!H22=0,0, ROUND(SourceObSm!H22,6)) -> 0 | H29: =IF(SourceObSm!I22=0,0, ROUND(SourceObSm!I22,6)) -> 491.22 | I29: =IF(SourceObSm!J22=0,0, ROUND(SourceObSm!J22,6)) -> 78.36 | J29: =IF(H29="-","-",IF(SourceObSm!I12=0,0,H29/SourceObSm!I12)) -> 0
A30: 8 | B30: =SourceObSm!C23 -> 02-01-08 | C30: =SourceObSm!D23 -> Возврат материалов | D30: =IF(SourceObSm!E23=0,0, ROUND(SourceObSm!E23,6)) -> 0 | E30: =IF(SourceObSm!F23=0,0, ROUND(SourceObSm!F23,6)) -> 0 | F30: =IF(SourceObSm!G23=0,0, ROUND(SourceObSm!G23,6)) -> 0 | G30: =IF(SourceObSm!H23=0,0, ROUND(SourceObSm!H23,6)) -> 0 | H30: =IF(SourceObSm!I23=0,0, ROUND(SourceObSm!I23,6)) -> 0 | I30: =IF(SourceObSm!J23=0,0, ROUND(SourceObSm!J23,6)) -> 0 | J30: =IF(H30="-","-",IF(SourceObSm!I12=0,0,H30/SourceObSm!I12)) -> 0
C31: ИТОГО: | D31: =IF(SourceObSm!E25=0,0, ROUND(SourceObSm!E25,6)) -> 1847.55 | E31: =IF(SourceObSm!F25=0,0, ROUND(SourceObSm!F25,6)) -> 305.61 | F31: =IF(SourceObSm!G25=0,0, ROUND(SourceObSm!G25,6)) -> 131.71 | G31: =IF(SourceObSm!H25=0,0, ROUND(SourceObSm!H25,6)) -> 28.25 | H31: =IF(SourceObSm!I25=0,0, ROUND(SourceObSm!I25,6)) -> 2313.12 | I31: =IF(SourceObSm!J25=0,0, ROUND(SourceObSm!J25,6)) -> 442.92
B35: Главный инженер проекта | G35: =IF(SourceObSm!X12<>"",SourceObSm!X12,"")
C36: [подпись(инициалы,фамилия)]
B38: Начальник | C38: =IF(SourceObSm!AA12<>"",SourceObSm!AA12,"") | D38: отдела | G38: =IF(SourceObSm!Y12<>"",SourceObSm!Y12,"")
C39: (наименование) | E39: [подпись(инициалы,фамилия)]
B41: Составил | C41: =IF(SourceObSm!AC12<>"",SourceObSm!AC12,"") | G41: =IF(SourceObSm!AB12<>"",SourceObSm!AB12,"")
C42: [должность,подпись(инициалы,фамилия)]
B44: Проверил: | C44: =IF(SourceObSm!AE12<>"",SourceObSm!AE12,"") | G44: =IF(SourceObSm!AD12<>"",SourceObSm!AD12,"")
C45: [должность,подпись(инициалы,фамилия)]
A46: =SourceObSm!B1 -> Smeta.RU (495) 974-1589
J47: Форма 3
B49: =IF(SourceObSm!G4<>"",SourceObSm!G4,IF(SourceObSm!F4<>"",SourceObSm!F4,IF(SourceObSm!G5<>"",SourceObSm!G5,IF(SourceObSm!F5<>"",SourceObSm!F5,IF(SourceObSm!G6<>"",SourceObSm!G6,IF(SourceObSm!G12<>"",SourceObSm!G12," ")))))) -> Ерамешанцева_(Копия)
B50: (Наименование стройки)
B52: =CONCATENATE( "ОБЪЕКТНЫЙ СМЕТНЫЙ РАСЧЕТ № ", SourceObSm!F12) -> ОБЪЕКТНЫЙ СМЕТНЫЙ РАСЧЕТ № Новый объект_(Копия)
B53: (объектная смета)
B55: =CONCATENATE( "на строительство (капитальный ремонт) ",IF(SourceObSm!G12<>"",SourceObSm!G12,IF(SourceObSm!F12<>"",SourceObSm!F12," "))) -> на строительство (капитальный ремонт) Ерамешанцева_(Копия)
B57: Сметная стоимость | D57: =H76 -> 112.87 | E57: тыс.руб.
B59: Средства на оплату труда | D59: =I76 -> 15.26 | E59: тыс.руб.
B61: Расчетный измеритель единичной стоимости | D61: =SourceObSm!I12 -> 0 | E61: =SourceObSm!H12
B63: Составлен(а) в ценах по состоянию на 01.01.2000 г.
J64: руб.
A65: № п/п | B65: Номера сметных расчетов (смет) | C65: Наименование работ и затрат | D65: Сметная стоимость, тыс.руб. | I65: Средства на оплату труда | J65: Показатели единичной стоимости
D66: строите-льных работ | E66: монтажных работ | F66: оборудо-вания, мебели, инвентаря | G66: прочих затрат | H66: Всего
A67: 1 | B67: 2 | C67: 3 | D67: 4 | E67: 5 | F67: 6 | G67: 7 | H67: 8 | I67: 9 | J67: 10
A68: 1 | B68: =SourceObSm!C16 -> 02-01-01 | C68: =SourceObSm!D16 -> ПЗУ | D68: =IF(SourceObSm!T16=0,0, ROUND(SourceObSm!T16,6)) -> 3.88 | E68: =IF(SourceObSm!U16=0,0, ROUND(SourceObSm!U16,6)) -> 0 | F68: =IF(SourceObSm!V16=0,0, ROUND(SourceObSm!V16,6)) -> 0 | G68: =IF(SourceObSm!W16=0,0, ROUND(SourceObSm!W16,6)) -> 0 | H68: =IF(SourceObSm!X16=0,0, ROUND(SourceObSm!X16,6)) -> 3.88 | I68: =IF(SourceObSm!Y16=0,0, ROUND(SourceObSm!Y16,6)) -> 0.24 | J68: =IF(H68="-","-",IF(SourceObSm!I12=0,0,H68/SourceObSm!I12)) -> 0
A69: 2 | B69: =SourceObSm!C17 -> 02-01-02 | C69: =SourceObSm!D17 -> Архитектурные решения | D69: =IF(SourceObSm!T17=0,0, ROUND(SourceObSm!T17,6)) -> 53.7 | E69: =IF(SourceObSm!U17=0,0, ROUND(SourceObSm!U17,6)) -> 0 | F69: =IF(SourceObSm!V17=0,0, ROUND(SourceObSm!V17,6)) -> 0 | G69: =IF(SourceObSm!W17=0,0, ROUND(SourceObSm!W17,6)) -> 2.43 | H69: =IF(SourceObSm!X17=0,0, ROUND(SourceObSm!X17,6)) -> 56.13 | I69: =IF(SourceObSm!Y17=0,0, ROUND(SourceObSm!Y17,6)) -> 8.06 | J69: =IF(H69="-","-",IF(SourceObSm!I12=0,0,H69/SourceObSm!I12)) -> 0
A70: 3 | B70: =SourceObSm!C18 -> 02-01-03 | C70: =SourceObSm!D18 -> Конструктивные решения | D70: =IF(SourceObSm!T18=0,0, ROUND(SourceObSm!T18,6)) -> 8.15 | E70: =IF(SourceObSm!U18=0,0, ROUND(SourceObSm!U18,6)) -> 0 | F70: =IF(SourceObSm!V18=0,0, ROUND(SourceObSm!V18,6)) -> 0 | G70: =IF(SourceObSm!W18=0,0, ROUND(SourceObSm!W18,6)) -> 0 | H70: =IF(SourceObSm!X18=0,0, ROUND(SourceObSm!X18,6)) -> 8.15 | I70: =IF(SourceObSm!Y18=0,0, ROUND(SourceObSm!Y18,6)) -> 1.63 | J70: =IF(H70="-","-",IF(SourceObSm!I12=0,0,H70/SourceObSm!I12)) -> 0
A71: 4 | B71: =SourceObSm!C19 -> 02-01-04 | C71: =SourceObSm!D19 -> Система связи | D71: =IF(SourceObSm!T19=0,0, ROUND(SourceObSm!T19,6)) -> 11.53 | E71: =IF(SourceObSm!U19=0,0, ROUND(SourceObSm!U19,6)) -> 4.63 | F71: =IF(SourceObSm!V19=0,0, ROUND(SourceObSm!V19,6)) -> 1.75 | G71: =IF(SourceObSm!W19=0,0, ROUND(SourceObSm!W19,6)) -> 0 | H71: =IF(SourceObSm!X19=0,0, ROUND(SourceObSm!X19,6)) -> 17.91 | I71: =IF(SourceObSm!Y19=0,0, ROUND(SourceObSm!Y19,6)) -> 0.92 | J71: =IF(H71="-","-",IF(SourceObSm!I12=0,0,H71/SourceObSm!I12)) -> 0
A72: 5 | B72: =SourceObSm!C20 -> 02-01-05 | C72: =SourceObSm!D20 -> Система электроснабжения | D72: =IF(SourceObSm!T20=0,0, ROUND(SourceObSm!T20,6)) -> 0.08 | E72: =IF(SourceObSm!U20=0,0, ROUND(SourceObSm!U20,6)) -> 10.63 | F72: =IF(SourceObSm!V20=0,0, ROUND(SourceObSm!V20,6)) -> 0 | G72: =IF(SourceObSm!W20=0,0, ROUND(SourceObSm!W20,6)) -> 0 | H72: =IF(SourceObSm!X20=0,0, ROUND(SourceObSm!X20,6)) -> 10.71 | I72: =IF(SourceObSm!Y20=0,0, ROUND(SourceObSm!Y20,6)) -> 0.73 | J72: =IF(H72="-","-",IF(SourceObSm!I12=0,0,H72/SourceObSm!I12)) -> 0
A73: 6 | B73: =SourceObSm!C21 -> 02-01-06 | C73: =SourceObSm!D21 -> Система водоснабжения и водоотведения | D73: =IF(SourceObSm!T21=0,0, ROUND(SourceObSm!T21,6)) -> 6.12 | E73: =IF(SourceObSm!U21=0,0, ROUND(SourceObSm!U21,6)) -> 0 | F73: =IF(SourceObSm!V21=0,0, ROUND(SourceObSm!V21,6)) -> 0 | G73: =IF(SourceObSm!W21=0,0, ROUND(SourceObSm!W21,6)) -> 0 | H73: =IF(SourceObSm!X21=0,0, ROUND(SourceObSm!X21,6)) -> 6.12 | I73: =IF(SourceObSm!Y21=0,0, ROUND(SourceObSm!Y21,6)) -> 0.98 | J73: =IF(H73="-","-",IF(SourceObSm!I12=0,0,H73/SourceObSm!I12)) -> 0
A74: 7 | B74: =SourceObSm!C22 -> 02-01-07 | C74: =SourceObSm!D22 -> Мероприятия по обеспечению доступа инвалидов | D74: =IF(SourceObSm!T22=0,0, ROUND(SourceObSm!T22,6)) -> 4.81 | E74: =IF(SourceObSm!U22=0,0, ROUND(SourceObSm!U22,6)) -> 4.59 | F74: =IF(SourceObSm!V22=0,0, ROUND(SourceObSm!V22,6)) -> 0.57 | G74: =IF(SourceObSm!W22=0,0, ROUND(SourceObSm!W22,6)) -> 0 | H74: =IF(SourceObSm!X22=0,0, ROUND(SourceObSm!X22,6)) -> 9.97 | I74: =IF(SourceObSm!Y22=0,0, ROUND(SourceObSm!Y22,6)) -> 2.7 | J74: =IF(H74="-","-",IF(SourceObSm!I12=0,0,H74/SourceObSm!I12)) -> 0
A75: 8 | B75: =SourceObSm!C23 -> 02-01-08 | C75: =SourceObSm!D23 -> Возврат материалов | D75: =IF(SourceObSm!T23=0,0, ROUND(SourceObSm!T23,6)) -> 0 | E75: =IF(SourceObSm!U23=0,0, ROUND(SourceObSm!U23,6)) -> 0 | F75: =IF(SourceObSm!V23=0,0, ROUND(SourceObSm!V23,6)) -> 0 | G75: =IF(SourceObSm!W23=0,0, ROUND(SourceObSm!W23,6)) -> 0 | H75: =IF(SourceObSm!X23=0,0, ROUND(SourceObSm!X23,6)) -> 0 | I75: =IF(SourceObSm!Y23=0,0, ROUND(SourceObSm!Y23,6)) -> 0 | J75: =IF(H75="-","-",IF(SourceObSm!I12=0,0,H75/SourceObSm!I12)) -> 0
C76: ИТОГО: | D76: =IF(SourceObSm!T25=0,0, ROUND(SourceObSm!T25,6)) -> 88.27 | E76: =IF(SourceObSm!U25=0,0, ROUND(SourceObSm!U25,6)) -> 19.85 | F76: =IF(SourceObSm!V25=0,0, ROUND(SourceObSm!V25,6)) -> 2.32 | G76: =IF(SourceObSm!W25=0,0, ROUND(SourceObSm!W25,6)) -> 2.43 | H76: =IF(SourceObSm!X25=0,0, ROUND(SourceObSm!X25,6)) -> 112.87 | I76: =IF(SourceObSm!Y25=0,0, ROUND(SourceObSm!Y25,6)) -> 15.26
B80: Главный инженер проекта | G80: =IF(SourceObSm!X12<>"",SourceObSm!X12,"")
C81: [подпись(инициалы,фамилия)]
B83: Начальник | C83: =IF(SourceObSm!AA12<>"",SourceObSm!AA12,"") | D83: отдела | G83: =IF(SourceObSm!Y12<>"",SourceObSm!Y12,"")
C84: (наименование) | E84: [подпись(инициалы,фамилия)]
B86: Составил | C86: =IF(SourceObSm!AC12<>"",SourceObSm!AC12,"") | G86: =IF(SourceObSm!AB12<>"",SourceObSm!AB12,"")
C87: [должность,подпись(инициалы,фамилия)]
B89: Проверил: | C89: =IF(SourceObSm!AE12<>"",SourceObSm!AE12,"") | G89: =IF(SourceObSm!AD12<>"",SourceObSm!AD12,"")
C90: [должность,подпись(инициалы,фамилия)]

Sheet RV_DATA
A1: BuildingFinished | B1: Trud | C1: Mash | D1: Mat | E1: MatZak | F1: Oborud | G1: OborudZak | H1: ZeroStoim | I1: NegativeKoll | J1: ReUnionKollResurcy | K1: UnionOneUchRes | L1: IdLevel | M1: ViewCodes | N1: UnionCodes
A2: 1 | B2: 1 | C2: 1 | D2: 1 | E2: 1 | F2: 1 | G2: 0 | H2: 1 | I2: 1 | J2: 0 | K2: 1 | L2: 129761633 | M2: 0 | N2: 0
A4: TYPE | B4: SOURCE_LINK | C4: RABMAT_EX | D4: TIP_RAB | E4: TYPE_TRUD | F4: TAB | G4: NAME | H4: EDIZM | I4: KOLL | J4: UCH | K4: PRICE_B | L4: PRICE_ED | M4: STOIM_B | N4: PRICE_C | O4: STOIM_C | P4: ZPM_B | Q4: ZPM_ED | R4: STOIM_ZPM_B | S4: ZPM_C | T4: STOIM_ZPM_C | U4: RABMAT | V4: WBS | W4: CBSI | X4: CBSII | Y4: CRC_GR_RES | Z4: CRC_B | AA4: CRC_C
A6: =Source!A20 -> 3 | B6: 20 | G6: =Source!G20 -> ПЗУ
A7: =Source!A24 -> 4 | B7: 24 | G7: =Source!G24 -> Демонтажные работы
A8: 20 | B8: 2 | C8: 1 | D8: 0 | E8: =SmtRes!AV2 -> 1 | F8: =SmtRes!I2 -> 9999990008 | G8: =SmtRes!K2 -> Трудозатраты рабочих | H8: =SmtRes!O2 -> чел.-ч. | I8: =SmtRes!Y2*Source!I29 -> 5.0102 | J8: =SmtRes!AO2 -> 1 | K8: =SmtRes!AH2 -> 0 | L8: =SmtRes!DB2 -> 0 | M8: =ROUND(ROUND(L8*Source!I29, 6)*1, 2) -> 0 | N8: =SmtRes!AD2 -> 0 | O8: =ROUND(ROUND(L8*Source!I29, 6)*SmtRes!DA2, 2) -> 0 | P8: =SmtRes!AG2 -> 0 | Q8: =SmtRes!DC2 -> 0 | R8: =ROUND(ROUND(Q8*Source!I29, 6)*1, 2) -> 0 | S8: =SmtRes!AC2 -> 0 | T8: =ROUND(ROUND(Q8*Source!I29, 6)*SmtRes!AK2, 2) -> 0 | U8: 1 | Y8: =SmtRes!X2 -> 476480486 | Z8: 1499241640 | AA8: 1499241640
A9: =Source!A61 -> 4 | B9: 61 | G9: =Source!G61 -> Монтажные работы
A10: 20 | B10: 17 | C10: 3 | D10: 0 | E10: =SmtRes!AV17 -> 0 | F10: =SmtRes!I17 -> 1.1-1-118 | G10: =SmtRes!K17 -> Вода | H10: =SmtRes!O17 -> м3 | I10: =SmtRes!Y17*Source!I66 -> 0.132 | J10: =SmtRes!AO17 -> 1 | K10: =SmtRes!AE17 -> 7.07 | L10: =SmtRes!DB17 -> 35.35 | M10: =ROUND(ROUND(L10*Source!I66, 6)*1, 2) -> 0.93 | N10: =SmtRes!AA17 -> 42.5 | O10: =ROUND(ROUND(L10*Source!I66, 6)*SmtRes!DA17, 2) -> 5.6 | P10: =SmtRes!AG17 -> 0 | Q10: =SmtRes!DC17 -> 0 | R10: =ROUND(ROUND(Q10*Source!I66, 6)*1, 2) -> 0 | S10: =SmtRes!AC17 -> 0 | T10: =ROUND(ROUND(Q10*Source!I66, 6)*SmtRes!AK17, 2) -> 0 | U10: 3 | Y10: =SmtRes!X17 -> -862991314 | Z10: -1421290593 | AA10: -1489187206
A11: 20 | B11: 16 | C11: 2 | D11: 0 | E11: =SmtRes!AV16 -> 0 | F11: =SmtRes!I16 -> 2.1-5-7 | G11: =SmtRes!K16 -> Катки дорожные самоходные на пневмоколесном ходу, масса до 16 т | H11: =SmtRes!O16 -> маш.-ч. | I11: =SmtRes!Y16*Source!I66 -> 0.01716 | J11: =SmtRes!AO16 -> 1 | K11: =SmtRes!AF16 -> 177.54 | L11: =SmtRes!DB16 -> 115.4 | M11: =ROUND(ROUND(L11*Source!I66, 6)*1, 2) -> 3.05 | N11: =SmtRes!AB16 -> 2026.14 | O11: =ROUND(ROUND(L11*Source!I66, 6)*SmtRes!DA16, 2) -> 33.21 | P11: =SmtRes!AG16 -> 17.42 | Q11: =SmtRes!DC16 -> 11.325 | R11: =ROUND(ROUND(Q11*Source!I66, 6)*1, 2) -> 0.3 | S11: =SmtRes!AC16 -> 529.47 | T11: =ROUND(ROUND(Q11*Source!I66, 6)*SmtRes!AK16, 2) -> 8.68 | U11: 2 | Y11: =SmtRes!X16 -> -646811103 | Z11: -134693179 | AA11: -1385780307
A12: 20 | B12: 15 | C12: 2 | D12: 0 | E12: =SmtRes!AV15 -> 0 | F12: =SmtRes!I15 -> 2.1-5-48 | G12: =SmtRes!K15 -> Автогрейдеры, мощность 99-147 кВт (130-200 л.с.) | H12: =SmtRes!O15 -> маш.-ч. | I12: =SmtRes!Y15*Source!I66 -> 0.05115 | J12: =SmtRes!AO15 -> 1 | K12: =SmtRes!AF15 -> 125.13 | L12: =SmtRes!DB15 -> 242.4375 | M12: =ROUND(ROUND(L12*Source!I66, 6)*1, 2) -> 6.4 | N12: =SmtRes!AB15 -> 1407.06 | O12: =ROUND(ROUND(L12*Source!I66, 6)*SmtRes!DA15, 2) -> 68.74 | P12: =SmtRes!AG15 -> 24.74 | Q12: =SmtRes!DC15 -> 47.9375 | R12: =ROUND(ROUND(Q12*Source!I66, 6)*1, 2) -> 1.27 | S12: =SmtRes!AC15 -> 751.96 | T12: =ROUND(ROUND(Q12*Source!I66, 6)*SmtRes!AK15, 2) -> 36.74 | U12: 2 | Y12: =SmtRes!X15 -> 856318566 | Z12: 1834934566 | AA12: 1772781083
A13: 20 | B13: 14 | C13: 2 | D13: 0 | E13: =SmtRes!AV14 -> 0 | F13: =SmtRes!I14 -> 2.1-5-18 | G13: =SmtRes!K14 -> Машины поливомоечные, емкость цистерны до 8 м3 | H13: =SmtRes!O14 -> маш.-ч. | I13: =SmtRes!Y14*Source!I66 -> 0.02145 | J13: =SmtRes!AO14 -> 1 | K13: =SmtRes!AF14 -> 246.68 | L13: =SmtRes!DB14 -> 200.425 | M13: =ROUND(ROUND(L13*Source!I66, 6)*1, 2) -> 5.29 | N13: =SmtRes!AB14 -> 2693.8 | O13: =ROUND(ROUND(L13*Source!I66, 6)*SmtRes!DA14, 2) -> 55.19 | P13: =SmtRes!AG14 -> 13.37 | Q13: =SmtRes!DC14 -> 10.8625 | R13: =ROUND(ROUND(Q13*Source!I66, 6)*1, 2) -> 0.29 | S13: =SmtRes!AC14 -> 406.37 | T13: =ROUND(ROUND(Q13*Source!I66, 6)*SmtRes!AK14, 2) -> 8.32 | U13: 2 | Y13: =SmtRes!X14 -> 366114799 | Z13: -609368706 | AA13: 1582930142
A14: 20 | B14: 13 | C14: 2 | D14: 0 | E14: =SmtRes!AV13 -> 0 | F14: =SmtRes!I13 -> 2.1-5-15 | G14: =SmtRes!K13 -> Катки прицепные пневмоколесные, масса до 50 т | H14: =SmtRes!O13 -> маш.-ч. | I14: =SmtRes!Y13*Source!I66 -> 0.05478 | J14: =SmtRes!AO13 -> 1 | K14: =SmtRes!AF13 -> 62.97 | L14: =SmtRes!DB13 -> 130.6625 | M14: =ROUND(ROUND(L14*Source!I66, 6)*1, 2) -> 3.45 | N14: =SmtRes!AB13 -> 65.93 | O14: =ROUND(ROUND(L14*Source!I66, 6)*SmtRes!DA13, 2) -> 3.45 | P14: =SmtRes!AG13 -> 6.64 | Q14: =SmtRes!DC13 -> 13.775 | R14: =ROUND(ROUND(Q14*Source!I66, 6)*1, 2) -> 0.36 | S14: =SmtRes!AC13 -> 6.95 | T14: =ROUND(ROUND(Q14*Source!I66, 6)*SmtRes!AK13, 2) -> 0.36 | U14: 2 | Y14: =SmtRes!X13 -> 142191915 | Z14: 276339441 | AA14: -1966971311
A15: 20 | B15: 12 | C15: 2 | D15: 0 | E15: =SmtRes!AV12 -> 0 | F15: =SmtRes!I12 -> 2.1-2-1 | G15: =SmtRes!K12 -> Тракторы на гусеничном ходу, мощность до 60 кВт (81 л.с.) | H15: =SmtRes!O12 -> маш.-ч. | I15: =SmtRes!Y12*Source!I66 -> 0.05478 | J15: =SmtRes!AO12 -> 1 | K15: =SmtRes!AF12 -> 116.89 | L15: =SmtRes!DB12 -> 242.55 | M15: =ROUND(ROUND(L15*Source!I66, 6)*1, 2) -> 6.4 | N15: =SmtRes!AB12 -> 1335.21 | O15: =ROUND(ROUND(L15*Source!I66, 6)*SmtRes!DA12, 2) -> 69.86 | P15: =SmtRes!AG12 -> 23.41 | Q15: =SmtRes!DC12 -> 48.575 | R15: =ROUND(ROUND(Q15*Source!I66, 6)*1, 2) -> 1.28 | S15: =SmtRes!AC12 -> 711.53 | T15: =ROUND(ROUND(Q15*Source!I66, 6)*SmtRes!AK12, 2) -> 37.23 | U15: 2 | Y15: =SmtRes!X12 -> 1928543733 | Z15: 527369301 | AA15: -937377343
A16: 20 | B16: 11 | C16: 1 | D16: 0 | E16: =SmtRes!AV11 -> 1 | F16: =SmtRes!I11 -> 9999990008 | G16: =SmtRes!K11 -> Трудозатраты рабочих | H16: =SmtRes!O11 -> чел.-ч. | I16: =SmtRes!Y11*Source!I66 -> 0.437184 | J16: =SmtRes!AO11 -> 1 | K16: =SmtRes!AH11 -> 0 | L16: =SmtRes!DB11 -> 0 | M16: =ROUND(ROUND(L16*Source!I66, 6)*1, 2) -> 0 | N16: =SmtRes!AD11 -> 0 | O16: =ROUND(ROUND(L16*Source!I66, 6)*SmtRes!DA11, 2) -> 0 | P16: =SmtRes!AG11 -> 0 | Q16: =SmtRes!DC11 -> 0 | R16: =ROUND(ROUND(Q16*Source!I66, 6)*1, 2) -> 0 | S16: =SmtRes!AC11 -> 0 | T16: =ROUND(ROUND(Q16*Source!I66, 6)*SmtRes!AK11, 2) -> 0 | U16: 1 | Y16: =SmtRes!X11 -> 476480486 | Z16: 1499241640 | AA16: 1499241640
A17: =Source!A68 -> 18 | B17: 68 | C17: 3 | D17: =Source!BI68 -> 1 | E17: =Source!FS68 -> 0 | F17: =Source!F68 -> 1.1-1-766 | G17: =Source!G68 -> Песок для строительных работ, рядовой | H17: =Source!H68 -> м3 | I17: =Source!I68 -> 2.904 | J17: 1 | K17: =Source!AC68 -> 104.99 | M17: =ROUND(K17*I17, 2) -> 304.89 | N17: =Source!AC68*IF(Source!BC68<> 0, Source!BC68, 1) -> 722.3312 | O17: =ROUND(N17*I17, 2) -> 2097.65 | P17: =Source!AE68 -> 0 | R17: =ROUND(P17*I17, 2) -> 0 | S17: =Source!AE68*IF(Source!BS68<> 0, Source!BS68, 1) -> 0 | T17: =ROUND(S17*I17, 2) -> 0 | U17: 3 | Y17: =Source!GF68 -> 2069056849 | Z17: -1085618096 | AA17: -2049674672
A18: 20 | B18: 35 | C18: 3 | D18: 0 | E18: =SmtRes!AV35 -> 0 | F18: =SmtRes!I35 -> 1.1-1-118 | G18: =SmtRes!K35 -> Вода | H18: =SmtRes!O35 -> м3 | I18: =SmtRes!Y35*Source!I70 -> 0.1386 | J18: =SmtRes!AO35 -> 1 | K18: =SmtRes!AE35 -> 7.07 | L18: =SmtRes!DB35 -> 49.49 | M18: =ROUND(ROUND(L18*Source!I70, 6)*1, 2) -> 0.98 | N18: =SmtRes!AA35 -> 42.5 | O18: =ROUND(ROUND(L18*Source!I70, 6)*SmtRes!DA35, 2) -> 5.88 | P18: =SmtRes!AG35 -> 0 | Q18: =SmtRes!DC35 -> 0 | R18: =ROUND(ROUND(Q18*Source!I70, 6)*1, 2) -> 0 | S18: =SmtRes!AC35 -> 0 | T18: =ROUND(ROUND(Q18*Source!I70, 6)*SmtRes!AK35, 2) -> 0 | U18: 3 | Y18: =SmtRes!X35 -> -862991314 | Z18: -1421290593 | AA18: -1489187206
A19: 20 | B19: 34 | C19: 2 | D19: 0 | E19: =SmtRes!AV34 -> 0 | F19: =SmtRes!I34 -> 2.1-5-7 | G19: =SmtRes!K34 -> Катки дорожные самоходные на пневмоколесном ходу, масса до 16 т | H19: =SmtRes!O34 -> маш.-ч. | I19: =SmtRes!Y34*Source!I70 -> 0.01287 | J19: =SmtRes!AO34 -> 1 | K19: =SmtRes!AF34 -> 177.54 | L19: =SmtRes!DB34 -> 115.4 | M19: =ROUND(ROUND(L19*Source!I70, 6)*1, 2) -> 2.28 | N19: =SmtRes!AB34 -> 2026.14 | O19: =ROUND(ROUND(L19*Source!I70, 6)*SmtRes!DA34, 2) -> 24.91 | P19: =SmtRes!AG34 -> 17.42 | Q19: =SmtRes!DC34 -> 11.325 | R19: =ROUND(ROUND(Q19*Source!I70, 6)*1, 2) -> 0.22 | S19: =SmtRes!AC34 -> 529.47 | T19: =ROUND(ROUND(Q19*Source!I70, 6)*SmtRes!AK34, 2) -> 6.51 | U19: 2 | Y19: =SmtRes!X34 -> -646811103 | Z19: -134693179 | AA19: -1385780307
A20: 20 | B20: 33 | C20: 2 | D20: 0 | E20: =SmtRes!AV33 -> 0 | F20: =SmtRes!I33 -> 2.1-5-48 | G20: =SmtRes!K33 -> Автогрейдеры, мощность 99-147 кВт (130-200 л.с.) | H20: =SmtRes!O33 -> маш.-ч. | I20: =SmtRes!Y33*Source!I70 -> 0.0443025 | J20: =SmtRes!AO33 -> 1 | K20: =SmtRes!AF33 -> 125.13 | L20: =SmtRes!DB33 -> 279.975 | M20: =ROUND(ROUND(L20*Source!I70, 6)*1, 2) -> 5.54 | N20: =SmtRes!AB33 -> 1407.06 | O20: =ROUND(ROUND(L20*Source!I70, 6)*SmtRes!DA33, 2) -> 59.54 | P20: =SmtRes!AG33 -> 24.74 | Q20: =SmtRes!DC33 -> 55.35 | R20: =ROUND(ROUND(Q20*Source!I70, 6)*1, 2) -> 1.1 | S20: =SmtRes!AC33 -> 751.96 | T20: =ROUND(ROUND(Q20*Source!I70, 6)*SmtRes!AK33, 2) -> 31.81 | U20: 2 | Y20: =SmtRes!X33 -> 856318566 | Z20: 1834934566 | AA20: 1772781083
A21: 20 | B21: 32 | C21: 2 | D21: 0 | E21: =SmtRes!AV32 -> 0 | F21: =SmtRes!I32 -> 2.1-5-3 | G21: =SmtRes!K32 -> Катки самоходные вибрационные, масса до 14 т | H21: =SmtRes!O32 -> маш.-ч. | I21: =SmtRes!Y32*Source!I70 -> 0.36135 | J21: =SmtRes!AO32 -> 1 | K21: =SmtRes!AF32 -> 219.5 | L21: =SmtRes!DB32 -> 4005.875 | M21: =ROUND(ROUND(L21*Source!I70, 6)*1, 2) -> 79.32 | N21: =SmtRes!AB32 -> 2376.3 | O21: =ROUND(ROUND(L21*Source!I70, 6)*SmtRes!DA32, 2) -> 820.13 | P21: =SmtRes!AG32 -> 17.51 | Q21: =SmtRes!DC32 -> 319.5625 | R21: =ROUND(ROUND(Q21*Source!I70, 6)*1, 2) -> 6.33 | S21: =SmtRes!AC32 -> 532.21 | T21: =ROUND(ROUND(Q21*Source!I70, 6)*SmtRes!AK32, 2) -> 183.68 | U21: 2 | Y21: =SmtRes!X32 -> -1920329426 | Z21: 1971369267 | AA21: -1025915691
A22: 20 | B22: 31 | C22: 2 | D22: 0 | E22: =SmtRes!AV31 -> 0 | F22: =SmtRes!I31 -> 2.1-5-2 | G22: =SmtRes!K31 -> Катки самоходные вибрационные, масса до 8 т | H22: =SmtRes!O31 -> маш.-ч. | I22: =SmtRes!Y31*Source!I70 -> 0.1774575 | J22: =SmtRes!AO31 -> 1 | K22: =SmtRes!AF31 -> 169.44 | L22: =SmtRes!DB31 -> 1518.6 | M22: =ROUND(ROUND(L22*Source!I70, 6)*1, 2) -> 30.07 | N22: =SmtRes!AB31 -> 1899.99 | O22: =ROUND(ROUND(L22*Source!I70, 6)*SmtRes!DA31, 2) -> 322.03 | P22: =SmtRes!AG31 -> 15.02 | Q22: =SmtRes!DC31 -> 134.6125 | R22: =ROUND(ROUND(Q22*Source!I70, 6)*1, 2) -> 2.67 | S22: =SmtRes!AC31 -> 456.52 | T22: =ROUND(ROUND(Q22*Source!I70, 6)*SmtRes!AK31, 2) -> 77.37 | U22: 2 | Y22: =SmtRes!X31 -> -1882480599 | Z22: -1785152756 | AA22: 2121464141
A23: 20 | B23: 30 | C23: 2 | D23: 0 | E23: =SmtRes!AV30 -> 0 | F23: =SmtRes!I30 -> 2.1-5-18 | G23: =SmtRes!K30 -> Машины поливомоечные, емкость цистерны до 8 м3 | H23: =SmtRes!O30 -> маш.-ч. | I23: =SmtRes!Y30*Source!I70 -> 0.0225225 | J23: =SmtRes!AO30 -> 1 | K23: =SmtRes!AF30 -> 246.68 | L23: =SmtRes!DB30 -> 280.6 | M23: =ROUND(ROUND(L23*Source!I70, 6)*1, 2) -> 5.56 | N23: =SmtRes!AB30 -> 2693.8 | O23: =ROUND(ROUND(L23*Source!I70, 6)*SmtRes!DA30, 2) -> 57.95 | P23: =SmtRes!AG30 -> 13.37 | Q23: =SmtRes!DC30 -> 15.2125 | R23: =ROUND(ROUND(Q23*Source!I70, 6)*1, 2) -> 0.3 | S23: =SmtRes!AC30 -> 406.37 | T23: =ROUND(ROUND(Q23*Source!I70, 6)*SmtRes!AK30, 2) -> 8.74 | U23: 2 | Y23: =SmtRes!X30 -> 366114799 | Z23: -609368706 | AA23: 1582930142
A24: 20 | B24: 29 | C24: 2 | D24: 0 | E24: =SmtRes!AV29 -> 0 | F24: =SmtRes!I29 -> 2.1-1-43 | G24: =SmtRes!K29 -> Бульдозеры гусеничные, мощность до 59 кВт (80 л.с.) | H24: =SmtRes!O29 -> маш.-ч. | I24: =SmtRes!Y29*Source!I70 -> 0.0581625 | J24: =SmtRes!AO29 -> 1 | K24: =SmtRes!AF29 -> 163.48 | L24: =SmtRes!DB29 -> 480.225 | M24: =ROUND(ROUND(L24*Source!I70, 6)*1, 2) -> 9.51 | N24: =SmtRes!AB29 -> 1857.12 | O24: =ROUND(ROUND(L24*Source!I70, 6)*SmtRes!DA29, 2) -> 103.17 | P24: =SmtRes!AG29 -> 15.47 | Q24: =SmtRes!DC29 -> 45.4375 | R24: =ROUND(ROUND(Q24*Source!I70, 6)*1, 2) -> 0.9 | S24: =SmtRes!AC29 -> 470.2 | T24: =ROUND(ROUND(Q24*Source!I70, 6)*SmtRes!AK29, 2) -> 26.12 | U24: 2 | Y24: =SmtRes!X29 -> -1500897512 | Z24: -1343593355 | AA24: -877601771
A25: 20 | B25: 28 | C25: 1 | D25: 0 | E25: =SmtRes!AV28 -> 1 | F25: =SmtRes!I28 -> 9999990008 | G25: =SmtRes!K28 -> Трудозатраты рабочих | H25: =SmtRes!O28 -> чел.-ч. | I25: =SmtRes!Y28*Source!I70 -> 0.491832 | J25: =SmtRes!AO28 -> 1 | K25: =SmtRes!AH28 -> 0 | L25: =SmtRes!DB28 -> 0 | M25: =ROUND(ROUND(L25*Source!I70, 6)*1, 2) -> 0 | N25: =SmtRes!AD28 -> 0 | O25: =ROUND(ROUND(L25*Source!I70, 6)*SmtRes!DA28, 2) -> 0 | P25: =SmtRes!AG28 -> 0 | Q25: =SmtRes!DC28 -> 0 | R25: =ROUND(ROUND(Q25*Source!I70, 6)*1, 2) -> 0 | S25: =SmtRes!AC28 -> 0 | T25: =ROUND(ROUND(Q25*Source!I70, 6)*SmtRes!AK28, 2) -> 0 | U25: 1 | Y25: =SmtRes!X28 -> 476480486 | Z25: 1499241640 | AA25: 1499241640
A26: =Source!A72 -> 18 | B26: 72 | C26: 3 | D26: =Source!BI72 -> 1 | E26: =Source!FS72 -> 0 | F26: =Source!F72 -> 1.1-1-1554 | G26: =Source!G72 -> Щебень из естественного камня для дорожных работ, марка 1200 - 800, фракция 10 - 20 мм | H26: =Source!H72 -> м3 | I26: =Source!I72 -> 2.4948 | J26: 1 | K26: =Source!AC72 -> 165.8 | M26: =ROUND(K26*I26, 2) -> 413.64 | N26: =Source!AC72*IF(Source!BC72<> 0, Source!BC72, 1) -> 3478.484 | O26: =ROUND(N26*I26, 2) -> 8678.12 | P26: =Source!AE72 -> 0 | R26: =ROUND(P26*I26, 2) -> 0 | S26: =Source!AE72*IF(Source!BS72<> 0, Source!BS72, 1) -> 0 | T26: =ROUND(S26*I26, 2) -> 0 | U26: 3 | Y26: =Source!GF72 -> 489817369 | Z26: -349926889 | AA26: -597181493
A27: 20 | B27: 43 | C27: 3 | D27: 0 | E27: =SmtRes!AV43 -> 0 | F27: =SmtRes!I43 -> 1.1-1-766 | G27: =SmtRes!K43 -> Песок для строительных работ, рядовой | H27: =SmtRes!O43 -> м3 | I27: =SmtRes!Y43*Source!I74 -> 0.066 | J27: =SmtRes!AO43 -> 1 | K27: =SmtRes!AE43 -> 104.99 | L27: =SmtRes!DB43 -> 52.5 | M27: =ROUND(ROUND(L27*Source!I74, 6)*1, 2) -> 6.93 | N27: =SmtRes!AA43 -> 722.33 | O27: =ROUND(ROUND(L27*Source!I74, 6)*SmtRes!DA43, 2) -> 47.68 | P27: =SmtRes!AG43 -> 0 | Q27: =SmtRes!DC43 -> 0 | R27: =ROUND(ROUND(Q27*Source!I74, 6)*1, 2) -> 0 | S27: =SmtRes!AC43 -> 0 | T27: =ROUND(ROUND(Q27*Source!I74, 6)*SmtRes!AK43, 2) -> 0 | U27: 3 | Y27: =SmtRes!X43 -> 2069056849 | Z27: -1085618096 | AA27: 746727013
A28: 20 | B28: 42 | C28: 3 | D28: 0 | E28: =SmtRes!AV42 -> 0 | F28: =SmtRes!I42 -> 1.1-1-46 | G28: =SmtRes!K42 -> Битумы нефтяные, дорожные жидкие, марка МГ, СГ | H28: =SmtRes!O42 -> т | I28: =SmtRes!Y42*Source!I74 -> 0.00792 | J28: =SmtRes!AO42 -> 1 | K28: =SmtRes!AE42 -> 3501.78 | L28: =SmtRes!DB42 -> 210.11 | M28: =ROUND(ROUND(L28*Source!I74, 6)*1, 2) -> 27.73 | N28: =SmtRes!AA42 -> 37258.94 | O28: =ROUND(ROUND(L28*Source!I74, 6)*SmtRes!DA42, 2) -> 295.1 | P28: =SmtRes!AG42 -> 0 | Q28: =SmtRes!DC42 -> 0 | R28: =ROUND(ROUND(Q28*Source!I74, 6)*1, 2) -> 0 | S28: =SmtRes!AC42 -> 0 | T28: =ROUND(ROUND(Q28*Source!I74, 6)*SmtRes!AK42, 2) -> 0 | U28: 3 | Y28: =SmtRes!X42 -> 435343267 | Z28: 864375477 | AA28: -1320521069
A29: 20 | B29: 41 | C29: 1 | D29: 0 | E29: =SmtRes!AV41 -> 1 | F29: =SmtRes!I41 -> 9999990008 | G29: =SmtRes!K41 -> Трудозатраты рабочих | H29: =SmtRes!O41 -> чел.-ч. | I29: =SmtRes!Y41*Source!I74 -> 2.18592 | J29: =SmtRes!AO41 -> 1 | K29: =SmtRes!AH41 -> 0 | L29: =SmtRes!DB41 -> 0 | M29: =ROUND(ROUND(L29*Source!I74, 6)*1, 2) -> 0 | N29: =SmtRes!AD41 -> 0 | O29: =ROUND(ROUND(L29*Source!I74, 6)*SmtRes!DA41, 2) -> 0 | P29: =SmtRes!AG41 -> 0 | Q29: =SmtRes!DC41 -> 0 | R29: =ROUND(ROUND(Q29*Source!I74, 6)*1, 2) -> 0 | S29: =SmtRes!AC41 -> 0 | T29: =ROUND(ROUND(Q29*Source!I74, 6)*SmtRes!AK41, 2) -> 0 | U29: 1 | Y29: =SmtRes!X41 -> 476480486 | Z29: 1499241640 | AA29: 1499241640
A30: =Source!A76 -> 18 | B30: 76 | C30: 3 | D30: =Source!BI76 -> 1 | E30: =Source!FS76 -> 0 | F30: =Source!F76 -> 1.3-3-9 | G30: =Source!G76 -> Смеси асфальтобетонные дорожные горячие мелкозернистые, марка II, тип В | H30: =Source!H76 -> т | I30: =Source!I76 -> 0.94248 | J30: 1 | K30: =Source!AC76 -> 317.29 | M30: =ROUND(K30*I30, 2) -> 299.04 | N30: =Source!AC76*IF(Source!BC76<> 0, Source!BC76, 1) -> 3772.5781 | O30: =ROUND(N30*I30, 2) -> 3555.58 | P30: =Source!AE76 -> 0 | R30: =ROUND(P30*I30, 2) -> 0 | S30: =Source!AE76*IF(Source!BS76<> 0, Source!BS76, 1) -> 0 | T30: =ROUND(S30*I30, 2) -> 0 | U30: 3 | Y30: =Source!GF76 -> 164969463 | Z30: 1420598167 | AA30: 1192786114
A31: 20 | B31: 47 | C31: 1 | D31: 0 | E31: =SmtRes!AV47 -> 1 | F31: =SmtRes!I47 -> 9999990008 | G31: =SmtRes!K47 -> Трудозатраты рабочих | H31: =SmtRes!O47 -> чел.-ч. | I31: =SmtRes!Y47*Source!I78 -> 3.217608 | J31: =SmtRes!AO47 -> 1 | K31: =SmtRes!AH47 -> 0 | L31: =SmtRes!DB47 -> 0 | M31: =ROUND(ROUND(L31*Source!I78, 6)*1, 2) -> 0 | N31: =SmtRes!AD47 -> 0 | O31: =ROUND(ROUND(L31*Source!I78, 6)*SmtRes!DA47, 2) -> 0 | P31: =SmtRes!AG47 -> 0 | Q31: =SmtRes!DC47 -> 0 | R31: =ROUND(ROUND(Q31*Source!I78, 6)*1, 2) -> 0 | S31: =SmtRes!AC47 -> 0 | T31: =ROUND(ROUND(Q31*Source!I78, 6)*SmtRes!AK47, 2) -> 0 | U31: 1 | Y31: =SmtRes!X47 -> 476480486 | Z31: 1499241640 | AA31: 1499241640
A32: =Source!A80 -> 18 | B32: 80 | C32: 3 | D32: =Source!BI80 -> 1 | E32: =Source!FS80 -> 0 | F32: =Source!F80 -> 1.3-3-9 | G32: =Source!G80 -> Смеси асфальтобетонные дорожные горячие мелкозернистые, марка II, тип В | H32: =Source!H80 -> т | I32: =Source!I80 -> 1.45926 | J32: 1 | K32: =Source!AC80 -> 317.29 | M32: =ROUND(K32*I32, 2) -> 463.01 | N32: =Source!AC80*IF(Source!BC80<> 0, Source!BC80, 1) -> 3772.5781 | O32: =ROUND(N32*I32, 2) -> 5505.17 | P32: =Source!AE80 -> 0 | R32: =ROUND(P32*I32, 2) -> 0 | S32: =Source!AE80*IF(Source!BS80<> 0, Source!BS80, 1) -> 0 | T32: =ROUND(S32*I32, 2) -> 0 | U32: 3 | Y32: =Source!GF80 -> 164969463 | Z32: 1420598167 | AA32: 1192786114
A33: 20 | B33: 60 | C33: 3 | D33: 0 | E33: =SmtRes!AV60 -> 0 | F33: =SmtRes!I60 -> 9999990006 | G33: =SmtRes!K60 -> Стоимость прочих материалов (ЭСН) | H33: =SmtRes!O60 -> руб. | I33: =SmtRes!Y60*Source!I82 -> 11.98302 | J33: =SmtRes!AO60 -> 1 | K33: =SmtRes!AE60 -> 1 | L33: =SmtRes!DB60 -> 116.34 | M33: =ROUND(ROUND(L33*Source!I82, 6)*1, 2) -> 11.98 | N33: =SmtRes!AA60 -> 8.7 | O33: =ROUND(ROUND(L33*Source!I82, 6)*SmtRes!DA60, 2) -> 103.65 | P33: =SmtRes!AG60 -> 0 | Q33: =SmtRes!DC60 -> 0 | R33: =ROUND(ROUND(Q33*Source!I82, 6)*1, 2) -> 0 | S33: =SmtRes!AC60 -> 0 | T33: =ROUND(ROUND(Q33*Source!I82, 6)*SmtRes!AK60, 2) -> 0 | U33: 3 | Y33: =SmtRes!X60 -> -94250534 | Z33: -1771809642 | AA33: -2070296124
A34: 20 | B34: 58 | C34: 3 | D34: 0 | E34: =SmtRes!AV58 -> 0 | F34: =SmtRes!I58 -> 1.3-2-5 | G34: =SmtRes!K58 -> Растворы цементные, марка 100 | H34: =SmtRes!O58 -> м3 | I34: =SmtRes!Y58*Source!I82 -> 0.00618 | J34: =SmtRes!AO58 -> 1 | K34: =SmtRes!AE58 -> 451.14 | L34: =SmtRes!DB58 -> 27.07 | M34: =ROUND(ROUND(L34*Source!I82, 6)*1, 2) -> 2.79 | N34: =SmtRes!AA58 -> 3953.01 | O34: =ROUND(ROUND(L34*Source!I82, 6)*SmtRes!DA58, 2) -> 24.29 | P34: =SmtRes!AG58 -> 0 | Q34: =SmtRes!DC58 -> 0 | R34: =ROUND(ROUND(Q34*Source!I82, 6)*1, 2) -> 0 | S34: =SmtRes!AC58 -> 0 | T34: =ROUND(ROUND(Q34*Source!I82, 6)*SmtRes!AK58, 2) -> 0 | U34: 3 | Y34: =SmtRes!X58 -> -718781615 | Z34: 419082255 | AA34: 745988685
A35: 20 | B35: 57 | C35: 3 | D35: 0 | E35: =SmtRes!AV57 -> 0 | F35: =SmtRes!I57 -> 1.3-1-38 | G35: =SmtRes!K57 -> Смеси бетонные, БСГ, тяжелого бетона на гранитном щебне, класс прочности В15 (М200); П3, фракция 5-20, F50-100, W0-2 | H35: =SmtRes!O57 -> м3 | I35: =SmtRes!Y57*Source!I82 -> 0.6077 | J35: =SmtRes!AO57 -> 1 | K35: =SmtRes!AE57 -> 704.89 | L35: =SmtRes!DB57 -> 4158.85 | M35: =ROUND(ROUND(L35*Source!I82, 6)*1, 2) -> 428.36 | N35: =SmtRes!AA57 -> 5899.87 | O35: =ROUND(ROUND(L35*Source!I82, 6)*SmtRes!DA57, 2) -> 3563.97 | P35: =SmtRes!AG57 -> 0 | Q35: =SmtRes!DC57 -> 0 | R35: =ROUND(ROUND(Q35*Source!I82, 6)*1, 2) -> 0 | S35: =SmtRes!AC57 -> 0 | T35: =ROUND(ROUND(Q35*Source!I82, 6)*SmtRes!AK57, 2) -> 0 | U35: 3 | Y35: =SmtRes!X57 -> -758282629 | Z35: 190655327 | AA35: 2010091897
A36: 20 | B36: 56 | C36: 2 | D36: 0 | E36: =SmtRes!AV56 -> 0 | F36: =SmtRes!I56 -> 2.1-3-38 | G36: =SmtRes!K56 -> Краны на автомобильном ходу, грузоподъемность до 16 т | H36: =SmtRes!O56 -> маш.-ч. | I36: =SmtRes!Y56*Source!I82 -> 0.0785375 | J36: =SmtRes!AO56 -> 1 | K36: =SmtRes!AF56 -> 190.93 | L36: =SmtRes!DB56 -> 145.5875 | M36: =ROUND(ROUND(L36*Source!I82, 6)*1, 2) -> 15 | N36: =SmtRes!AB56 -> 2059.01 | O36: =ROUND(ROUND(L36*Source!I82, 6)*SmtRes!DA56, 2) -> 154.45 | P36: =SmtRes!AG56 -> 18.15 | Q36: =SmtRes!DC56 -> 13.8375 | R36: =ROUND(ROUND(Q36*Source!I82, 6)*1, 2) -> 1.43 | S36: =SmtRes!AC56 -> 551.66 | T36: =ROUND(ROUND(Q36*Source!I82, 6)*SmtRes!AK56, 2) -> 41.38 | U36: 2 | Y36: =SmtRes!X56 -> -266174272 | Z36: -2048655808 | AA36: 2105875465
A37: 20 | B37: 55 | C37: 1 | D37: 0 | E37: =SmtRes!AV55 -> 1 | F37: =SmtRes!I55 -> 9999990008 | G37: =SmtRes!K55 -> Трудозатраты рабочих | H37: =SmtRes!O55 -> чел.-ч. | I37: =SmtRes!Y55*Source!I82 -> 8.26781 | J37: =SmtRes!AO55 -> 1 | K37: =SmtRes!AH55 -> 0 | L37: =SmtRes!DB55 -> 0 | M37: =ROUND(ROUND(L37*Source!I82, 6)*1, 2) -> 0 | N37: =SmtRes!AD55 -> 0 | O37: =ROUND(ROUND(L37*Source!I82, 6)*SmtRes!DA55, 2) -> 0 | P37: =SmtRes!AG55 -> 0 | Q37: =SmtRes!DC55 -> 0 | R37: =ROUND(ROUND(Q37*Source!I82, 6)*1, 2) -> 0 | S37: =SmtRes!AC55 -> 0 | T37: =ROUND(ROUND(Q37*Source!I82, 6)*SmtRes!AK55, 2) -> 0 | U37: 1 | Y37: =SmtRes!X55 -> 476480486 | Z37: 1499241640 | AA37: 1499241640
A38: =Source!A84 -> 18 | B38: 84 | C38: 3 | D38: =Source!BI84 -> 1 | E38: =Source!FS84 -> 0 | F38: =Source!F84 -> 1.5-3-499 | G38: =Source!G84 -> Камни бетонные бортовые, марка БР 100.20.8 | H38: =Source!H84 -> м3 | I38: =Source!I84 -> 0.4429 | J38: 1 | K38: =Source!AC84 -> 2385.71 | M38: =ROUND(K38*I38, 2) -> 1056.63 | N38: =Source!AC84*IF(Source!BC84<> 0, Source!BC84, 1) -> 12310.264 | O38: =ROUND(N38*I38, 2) -> 5452.22 | P38: =Source!AE84 -> 0 | R38: =ROUND(P38*I38, 2) -> 0 | S38: =Source!AE84*IF(Source!BS84<> 0, Source!BS84, 1) -> 0 | T38: =ROUND(S38*I38, 2) -> 0 | U38: 3 | Y38: =Source!GF84 -> 889553512 | Z38: -2119348798 | AA38: -1089126221
A39: =Source!A146 -> 3 | B39: 146 | G39: =Source!G146 -> Архитектурные решения
A40: =Source!A150 -> 4 | B40: 150 | G40: =Source!G150 -> Демонтажные работы
A41: 20 | B41: 72 | C41: 3 | D41: 0 | E41: =SmtRes!AV72 -> 0 | F41: =SmtRes!I72 -> 9999990006 | G41: =SmtRes!K72 -> Стоимость прочих материалов (ЭСН) | H41: =SmtRes!O72 -> руб. | I41: =SmtRes!Y72*Source!I155 -> 4.1122368 | J41: =SmtRes!AO72 -> 1 | K41: =SmtRes!AE72 -> 1 | L41: =SmtRes!DB72 -> 23.688 | M41: =ROUND(ROUND(L41*Source!I155, 6)*1, 2) -> 4.11 | N41: =SmtRes!AA72 -> 8.65 | O41: =ROUND(ROUND(L41*Source!I155, 6)*SmtRes!DA72, 2) -> 35.57 | P41: =SmtRes!AG72 -> 0 | Q41: =SmtRes!DC72 -> 0 | R41: =ROUND(ROUND(Q41*Source!I155, 6)*1, 2) -> 0 | S41: =SmtRes!AC72 -> 0 | T41: =ROUND(ROUND(Q41*Source!I155, 6)*SmtRes!AK72, 2) -> 0 | U41: 3 | Y41: =SmtRes!X72 -> -94250534 | Z41: -1771809642 | AA41: 19367311
A42: 20 | B42: 71 | C42: 3 | D42: 0 | E42: =SmtRes!AV71 -> 0 | F42: =SmtRes!I71 -> 1.1-1-1566 | G42: =SmtRes!K71 -> Электроды, тип Э-42, 46, 50, диаметр 4 - 6 мм | H42: =SmtRes!O71 -> т | I42: =SmtRes!Y71*Source!I155 -> 7.2912e-05 | J42: =SmtRes!AO71 -> 1 | K42: =SmtRes!AE71 -> 7191.81 | L42: =SmtRes!DB71 -> 3.018 | M42: =ROUND(ROUND(L42*Source!I155, 6)*1, 2) -> 0.52 | N42: =SmtRes!AA71 -> 145777.99 | O42: =ROUND(ROUND(L42*Source!I155, 6)*SmtRes!DA71, 2) -> 10.62 | P42: =SmtRes!AG71 -> 0 | Q42: =SmtRes!DC71 -> 0 | R42: =ROUND(ROUND(Q42*Source!I155, 6)*1, 2) -> 0 | S42: =SmtRes!AC71 -> 0 | T42: =ROUND(ROUND(Q42*Source!I155, 6)*SmtRes!AK71, 2) -> 0 | U42: 3 | Y42: =SmtRes!X71 -> 1310716689 | Z42: 1563916378 | AA42: 2138865355
A43: 20 | B43: 70 | C43: 2 | D43: 0 | E43: =SmtRes!AV70 -> 0 | F43: =SmtRes!I70 -> 9999990007 | G43: =SmtRes!K70 -> Стоимость прочих машин (ЭСН) | H43: =SmtRes!O70 -> руб. | I43: =SmtRes!Y70*Source!I155 -> 24.19116 | J43: =SmtRes!AO70 -> 1 | K43: =SmtRes!AF70 -> 1 | L43: =SmtRes!DB70 -> 139.35 | M43: =ROUND(ROUND(L43*Source!I155, 6)*1, 2) -> 24.19 | N43: =SmtRes!AB70 -> 1.09 | O43: =ROUND(ROUND(L43*Source!I155, 6)*SmtRes!DA70, 2) -> 24.19 | P43: =SmtRes!AG70 -> 0 | Q43: =SmtRes!DC70 -> 0 | R43: =ROUND(ROUND(Q43*Source!I155, 6)*1, 2) -> 0 | S43: =SmtRes!AC70 -> 0 | T43: =ROUND(ROUND(Q43*Source!I155, 6)*SmtRes!AK70, 2) -> 0 | U43: 2 | Y43: =SmtRes!X70 -> -1180195794 | Z43: -595858232 | AA43: -453702883
A44: 20 | B44: 69 | C44: 2 | D44: 0 | E44: =SmtRes!AV69 -> 0 | F44: =SmtRes!I69 -> 2.1-30-46 | G44: =SmtRes!K69 -> Преобразователи частоты тока до 500 А | H44: =SmtRes!O69 -> маш.-ч. | I44: =SmtRes!Y69*Source!I155 -> 0.0791616 | J44: =SmtRes!AO69 -> 1 | K44: =SmtRes!AF69 -> 2.58 | L44: =SmtRes!DB69 -> 1.176 | M44: =ROUND(ROUND(L44*Source!I155, 6)*1, 2) -> 0.2 | N44: =SmtRes!AB69 -> 33.54 | O44: =ROUND(ROUND(L44*Source!I155, 6)*SmtRes!DA69, 2) -> 2.44 | P44: =SmtRes!AG69 -> 0.04 | Q44: =SmtRes!DC69 -> 0.018 | R44: =ROUND(ROUND(Q44*Source!I155, 6)*1, 2) -> 0 | S44: =SmtRes!AC69 -> 1.26 | T44: =ROUND(ROUND(Q44*Source!I155, 6)*SmtRes!AK69, 2) -> 0.09 | U44: 2 | Y44: =SmtRes!X69 -> -840546339 | Z44: -1535247751 | AA44: 1233659793
A45: 20 | B45: 68 | C45: 2 | D45: 0 | E45: =SmtRes!AV68 -> 0 | F45: =SmtRes!I68 -> 2.1-13-21 | G45: =SmtRes!K68 -> Печи электрические для сушки сварочных материалов с регулированием температуры в пределах 80-500С | H45: =SmtRes!O68 -> маш.-ч. | I45: =SmtRes!Y68*Source!I155 -> 0.0062496 | J45: =SmtRes!AO68 -> 1 | K45: =SmtRes!AF68 -> 6.39 | L45: =SmtRes!DB68 -> 0.228 | M45: =ROUND(ROUND(L45*Source!I155, 6)*1, 2) -> 0.04 | N45: =SmtRes!AB68 -> 77.03 | O45: =ROUND(ROUND(L45*Source!I155, 6)*SmtRes!DA68, 2) -> 0.44 | P45: =SmtRes!AG68 -> 0.32 | Q45: =SmtRes!DC68 -> 0.012 | R45: =ROUND(ROUND(Q45*Source!I155, 6)*1, 2) -> 0 | S45: =SmtRes!AC68 -> 10.1 | T45: =ROUND(ROUND(Q45*Source!I155, 6)*SmtRes!AK68, 2) -> 0.06 | U45: 2 | Y45: =SmtRes!X68 -> -1260721122 | Z45: -1096444002 | AA45: 102445925
A46: 20 | B46: 67 | C46: 1 | D46: 0 | E46: =SmtRes!AV67 -> 1 | F46: =SmtRes!I67 -> 9999990008 | G46: =SmtRes!K67 -> Трудозатраты рабочих | H46: =SmtRes!O67 -> чел.-ч. | I46: =SmtRes!Y67*Source!I155 -> 8.551536 | J46: =SmtRes!AO67 -> 1 | K46: =SmtRes!AH67 -> 0 | L46: =SmtRes!DB67 -> 0 | M46: =ROUND(ROUND(L46*Source!I155, 6)*1, 2) -> 0 | N46: =SmtRes!AD67 -> 0 | O46: =ROUND(ROUND(L46*Source!I155, 6)*SmtRes!DA67, 2) -> 0 | P46: =SmtRes!AG67 -> 0 | Q46: =SmtRes!DC67 -> 0 | R46: =ROUND(ROUND(Q46*Source!I155, 6)*1, 2) -> 0 | S46: =SmtRes!AC67 -> 0 | T46: =ROUND(ROUND(Q46*Source!I155, 6)*SmtRes!AK67, 2) -> 0 | U46: 1 | Y46: =SmtRes!X67 -> 476480486 | Z46: 1499241640 | AA46: 1499241640
A47: 20 | B47: 74 | C47: 1 | D47: 0 | E47: =SmtRes!AV74 -> 1 | F47: =SmtRes!I74 -> 9999990008 | G47: =SmtRes!K74 -> Трудозатраты рабочих | H47: =SmtRes!O74 -> чел.-ч. | I47: =SmtRes!Y74*Source!I157 -> 7.374035 | J47: =SmtRes!AO74 -> 1 | K47: =SmtRes!AH74 -> 0 | L47: =SmtRes!DB74 -> 0 | M47: =ROUND(ROUND(L47*Source!I157, 6)*1, 2) -> 0 | N47: =SmtRes!AD74 -> 0 | O47: =ROUND(ROUND(L47*Source!I157, 6)*SmtRes!DA74, 2) -> 0 | P47: =SmtRes!AG74 -> 0 | Q47: =SmtRes!DC74 -> 0 | R47: =ROUND(ROUND(Q47*Source!I157, 6)*1, 2) -> 0 | S47: =SmtRes!AC74 -> 0 | T47: =ROUND(ROUND(Q47*Source!I157, 6)*SmtRes!AK74, 2) -> 0 | U47: 1 | Y47: =SmtRes!X74 -> 476480486 | Z47: 1499241640 | AA47: 1499241640
A48: 20 | B48: 76 | C48: 1 | D48: 0 | E48: =SmtRes!AV76 -> 1 | F48: =SmtRes!I76 -> 9999990008 | G48: =SmtRes!K76 -> Трудозатраты рабочих | H48: =SmtRes!O76 -> чел.-ч. | I48: =SmtRes!Y76*Source!I159 -> 3.303572 | J48: =SmtRes!AO76 -> 1 | K48: =SmtRes!AH76 -> 0 | L48: =SmtRes!DB76 -> 0 | M48: =ROUND(ROUND(L48*Source!I159, 6)*1, 2) -> 0 | N48: =SmtRes!AD76 -> 0 | O48: =ROUND(ROUND(L48*Source!I159, 6)*SmtRes!DA76, 2) -> 0 | P48: =SmtRes!AG76 -> 0 | Q48: =SmtRes!DC76 -> 0 | R48: =ROUND(ROUND(Q48*Source!I159, 6)*1, 2) -> 0 | S48: =SmtRes!AC76 -> 0 | T48: =ROUND(ROUND(Q48*Source!I159, 6)*SmtRes!AK76, 2) -> 0 | U48: 1 | Y48: =SmtRes!X76 -> 476480486 | Z48: 1499241640 | AA48: 1499241640
A49: 20 | B49: 79 | C49: 1 | D49: 0 | E49: =SmtRes!AV79 -> 1 | F49: =SmtRes!I79 -> 9999990008 | G49: =SmtRes!K79 -> Трудозатраты рабочих | H49: =SmtRes!O79 -> чел.-ч. | I49: =SmtRes!Y79*Source!I161 -> 98.456 | J49: =SmtRes!AO79 -> 1 | K49: =SmtRes!AH79 -> 0 | L49: =SmtRes!DB79 -> 0 | M49: =ROUND(ROUND(L49*Source!I161, 6)*1, 2) -> 0 | N49: =SmtRes!AD79 -> 0 | O49: =ROUND(ROUND(L49*Source!I161, 6)*SmtRes!DA79, 2) -> 0 | P49: =SmtRes!AG79 -> 0 | Q49: =SmtRes!DC79 -> 0 | R49: =ROUND(ROUND(Q49*Source!I161, 6)*1, 2) -> 0 | S49: =SmtRes!AC79 -> 0 | T49: =ROUND(ROUND(Q49*Source!I161, 6)*SmtRes!AK79, 2) -> 0 | U49: 1 | Y49: =SmtRes!X79 -> 476480486 | Z49: 1499241640 | AA49: 1499241640
A50: 20 | B50: 85 | C50: 2 | D50: 0 | E50: =SmtRes!AV85 -> 0 | F50: =SmtRes!I85 -> 9999990007 | G50: =SmtRes!K85 -> Стоимость прочих машин (ЭСН) | H50: =SmtRes!O85 -> руб. | I50: =SmtRes!Y85*Source!I165 -> 2425.875 | J50: =SmtRes!AO85 -> 1 | K50: =SmtRes!AF85 -> 1 | L50: =SmtRes!DB85 -> 323.45 | M50: =ROUND(ROUND(L50*Source!I165, 6)*1, 2) -> 2425.88 | N50: =SmtRes!AB85 -> 1.05 | O50: =ROUND(ROUND(L50*Source!I165, 6)*SmtRes!DA85, 2) -> 2425.88 | P50: =SmtRes!AG85 -> 0 | Q50: =SmtRes!DC85 -> 0 | R50: =ROUND(ROUND(Q50*Source!I165, 6)*1, 2) -> 0 | S50: =SmtRes!AC85 -> 0 | T50: =ROUND(ROUND(Q50*Source!I165, 6)*SmtRes!AK85, 2) -> 0 | U50: 2 | Y50: =SmtRes!X85 -> -1180195794 | Z50: -595858232 | AA50: -314357962
A51: 20 | B51: 84 | C51: 1 | D51: 0 | E51: =SmtRes!AV84 -> 1 | F51: =SmtRes!I84 -> 9999990008 | G51: =SmtRes!K84 -> Трудозатраты рабочих | H51: =SmtRes!O84 -> чел.-ч. | I51: =SmtRes!Y84*Source!I165 -> 99.9 | J51: =SmtRes!AO84 -> 1 | K51: =SmtRes!AH84 -> 0 | L51: =SmtRes!DB84 -> 0 | M51: =ROUND(ROUND(L51*Source!I165, 6)*1, 2) -> 0 | N51: =SmtRes!AD84 -> 0 | O51: =ROUND(ROUND(L51*Source!I165, 6)*SmtRes!DA84, 2) -> 0 | P51: =SmtRes!AG84 -> 0 | Q51: =SmtRes!DC84 -> 0 | R51: =ROUND(ROUND(Q51*Source!I165, 6)*1, 2) -> 0 | S51: =SmtRes!AC84 -> 0 | T51: =ROUND(ROUND(Q51*Source!I165, 6)*SmtRes!AK84, 2) -> 0 | U51: 1 | Y51: =SmtRes!X84 -> 476480486 | Z51: 1499241640 | AA51: 1499241640
A52: 20 | B52: 91 | C52: 2 | D52: 0 | E52: =SmtRes!AV91 -> 0 | F52: =SmtRes!I91 -> 9999990007 | G52: =SmtRes!K91 -> Стоимость прочих машин (ЭСН) | H52: =SmtRes!O91 -> руб. | I52: =SmtRes!Y91*Source!I169 -> 2.0398 | J52: =SmtRes!AO91 -> 1 | K52: =SmtRes!AF91 -> 1 | L52: =SmtRes!DB91 -> 203.98 | M52: =ROUND(ROUND(L52*Source!I169, 6)*1, 2) -> 2.04 | N52: =SmtRes!AB91 -> 1.05 | O52: =ROUND(ROUND(L52*Source!I169, 6)*SmtRes!DA91, 2) -> 2.04 | P52: =SmtRes!AG91 -> 0 | Q52: =SmtRes!DC91 -> 0 | R52: =ROUND(ROUND(Q52*Source!I169, 6)*1, 2) -> 0 | S52: =SmtRes!AC91 -> 0 | T52: =ROUND(ROUND(Q52*Source!I169, 6)*SmtRes!AK91, 2) -> 0 | U52: 2 | Y52: =SmtRes!X91 -> -1180195794 | Z52: -595858232 | AA52: -314357962
A53: 20 | B53: 90 | C53: 1 | D53: 0 | E53: =SmtRes!AV90 -> 1 | F53: =SmtRes!I90 -> 9999990008 | G53: =SmtRes!K90 -> Трудозатраты рабочих | H53: =SmtRes!O90 -> чел.-ч. | I53: =SmtRes!Y90*Source!I169 -> 0.473 | J53: =SmtRes!AO90 -> 1 | K53: =SmtRes!AH90 -> 0 | L53: =SmtRes!DB90 -> 0 | M53: =ROUND(ROUND(L53*Source!I169, 6)*1, 2) -> 0 | N53: =SmtRes!AD90 -> 0 | O53: =ROUND(ROUND(L53*Source!I169, 6)*SmtRes!DA90, 2) -> 0 | P53: =SmtRes!AG90 -> 0 | Q53: =SmtRes!DC90 -> 0 | R53: =ROUND(ROUND(Q53*Source!I169, 6)*1, 2) -> 0 | S53: =SmtRes!AC90 -> 0 | T53: =ROUND(ROUND(Q53*Source!I169, 6)*SmtRes!AK90, 2) -> 0 | U53: 1 | Y53: =SmtRes!X90 -> 476480486 | Z53: 1499241640 | AA53: 1499241640
A54: 20 | B54: 100 | C54: 3 | D54: 0 | E54: =SmtRes!AV100 -> 0 | F54: =SmtRes!I100 -> 9999990006 | G54: =SmtRes!K100 -> Стоимость прочих материалов (ЭСН) | H54: =SmtRes!O100 -> руб. | I54: =SmtRes!Y100*Source!I173 -> 1.1844 | J54: =SmtRes!AO100 -> 1 | K54: =SmtRes!AE100 -> 1 | L54: =SmtRes!DB100 -> 23.688 | M54: =ROUND(ROUND(L54*Source!I173, 6)*1, 2) -> 1.18 | N54: =SmtRes!AA100 -> 8.65 | O54: =ROUND(ROUND(L54*Source!I173, 6)*SmtRes!DA100, 2) -> 10.25 | P54: =SmtRes!AG100 -> 0 | Q54: =SmtRes!DC100 -> 0 | R54: =ROUND(ROUND(Q54*Source!I173, 6)*1, 2) -> 0 | S54: =SmtRes!AC100 -> 0 | T54: =ROUND(ROUND(Q54*Source!I173, 6)*SmtRes!AK100, 2) -> 0 | U54: 3 | Y54: =SmtRes!X100 -> -94250534 | Z54: -1771809642 | AA54: 19367311
A55: 20 | B55: 99 | C55: 3 | D55: 0 | E55: =SmtRes!AV99 -> 0 | F55: =SmtRes!I99 -> 1.1-1-1566 | G55: =SmtRes!K99 -> Электроды, тип Э-42, 46, 50, диаметр 4 - 6 мм | H55: =SmtRes!O99 -> т | I55: =SmtRes!Y99*Source!I173 -> 9e-05 | J55: =SmtRes!AO99 -> 1 | K55: =SmtRes!AE99 -> 7191.81 | L55: =SmtRes!DB99 -> 12.948 | M55: =ROUND(ROUND(L55*Source!I173, 6)*1, 2) -> 0.65 | N55: =SmtRes!AA99 -> 145777.99 | O55: =ROUND(ROUND(L55*Source!I173, 6)*SmtRes!DA99, 2) -> 13.12 | P55: =SmtRes!AG99 -> 0 | Q55: =SmtRes!DC99 -> 0 | R55: =ROUND(ROUND(Q55*Source!I173, 6)*1, 2) -> 0 | S55: =SmtRes!AC99 -> 0 | T55: =ROUND(ROUND(Q55*Source!I173, 6)*SmtRes!AK99, 2) -> 0 | U55: 3 | Y55: =SmtRes!X99 -> 1310716689 | Z55: 1563916378 | AA55: 2138865355
A56: 20 | B56: 98 | C56: 2 | D56: 0 | E56: =SmtRes!AV98 -> 0 | F56: =SmtRes!I98 -> 2.1-4-31 | G56: =SmtRes!K98 -> Лебедки электрические, грузоподъемность до 1,5 т | H56: =SmtRes!O98 -> маш.-ч. | I56: =SmtRes!Y98*Source!I173 -> 0.696 | J56: =SmtRes!AO98 -> 1 | K56: =SmtRes!AF98 -> 2.78 | L56: =SmtRes!DB98 -> 38.7 | M56: =ROUND(ROUND(L56*Source!I173, 6)*1, 2) -> 1.94 | N56: =SmtRes!AB98 -> 24.96 | O56: =ROUND(ROUND(L56*Source!I173, 6)*SmtRes!DA98, 2) -> 15.98 | P56: =SmtRes!AG98 -> 0.19 | Q56: =SmtRes!DC98 -> 2.646 | R56: =ROUND(ROUND(Q56*Source!I173, 6)*1, 2) -> 0.13 | S56: =SmtRes!AC98 -> 6 | T56: =ROUND(ROUND(Q56*Source!I173, 6)*SmtRes!AK98, 2) -> 3.84 | U56: 2 | Y56: =SmtRes!X98 -> 1116621208 | Z56: -1008380132 | AA56: -1782595156
A57: 20 | B57: 97 | C57: 1 | D57: 0 | E57: =SmtRes!AV97 -> 1 | F57: =SmtRes!I97 -> 9999990008 | G57: =SmtRes!K97 -> Трудозатраты рабочих | H57: =SmtRes!O97 -> чел.-ч. | I57: =SmtRes!Y97*Source!I173 -> 3.48 | J57: =SmtRes!AO97 -> 1 | K57: =SmtRes!AH97 -> 0 | L57: =SmtRes!DB97 -> 0 | M57: =ROUND(ROUND(L57*Source!I173, 6)*1, 2) -> 0 | N57: =SmtRes!AD97 -> 0 | O57: =ROUND(ROUND(L57*Source!I173, 6)*SmtRes!DA97, 2) -> 0 | P57: =SmtRes!AG97 -> 0 | Q57: =SmtRes!DC97 -> 0 | R57: =ROUND(ROUND(Q57*Source!I173, 6)*1, 2) -> 0 | S57: =SmtRes!AC97 -> 0 | T57: =ROUND(ROUND(Q57*Source!I173, 6)*SmtRes!AK97, 2) -> 0 | U57: 1 | Y57: =SmtRes!X97 -> 476480486 | Z57: 1499241640 | AA57: 1499241640
A58: 20 | B58: 107 | C58: 2 | D58: 0 | E58: =SmtRes!AV107 -> 0 | F58: =SmtRes!I107 -> 2.1-30-54 | G58: =SmtRes!K107 -> Молотки отбойные | H58: =SmtRes!O107 -> маш.-ч. | I58: =SmtRes!Y107*Source!I175 -> 0.04392 | J58: =SmtRes!AO107 -> 1 | K58: =SmtRes!AF107 -> 3.16 | L58: =SmtRes!DB107 -> 2.275 | M58: =ROUND(ROUND(L58*Source!I175, 6)*1, 2) -> 0.14 | N58: =SmtRes!AB107 -> 25.61 | O58: =ROUND(ROUND(L58*Source!I175, 6)*SmtRes!DA107, 2) -> 1.07 | P58: =SmtRes!AG107 -> 0.04 | Q58: =SmtRes!DC107 -> 0.03 | R58: =ROUND(ROUND(Q58*Source!I175, 6)*1, 2) -> 0 | S58: =SmtRes!AC107 -> 1.22 | T58: =ROUND(ROUND(Q58*Source!I175, 6)*SmtRes!AK107, 2) -> 0.05 | U58: 2 | Y58: =SmtRes!X107 -> -48163219 | Z58: -1787868048 | AA58: -675024831
A59: 20 | B59: 106 | C59: 2 | D59: 0 | E59: =SmtRes!AV106 -> 0 | F59: =SmtRes!I106 -> 2.1-10-4 | G59: =SmtRes!K106 -> Компрессоры прицепные с двигателем внутреннего сгорания, производительность до 2,5 м3/мин, мощность двигателя до 23 кВт (31,3 л.с.) | H59: =SmtRes!O106 -> маш.-ч. | I59: =SmtRes!Y106*Source!I175 -> 0.04392 | J59: =SmtRes!AO106 -> 1 | K59: =SmtRes!AF106 -> 41.62 | L59: =SmtRes!DB106 -> 29.965 | M59: =ROUND(ROUND(L59*Source!I175, 6)*1, 2) -> 1.83 | N59: =SmtRes!AB106 -> 721.62 | O59: =ROUND(ROUND(L59*Source!I175, 6)*SmtRes!DA106, 2) -> 30.27 | P59: =SmtRes!AG106 -> 13.33 | Q59: =SmtRes!DC106 -> 9.6 | R59: =ROUND(ROUND(Q59*Source!I175, 6)*1, 2) -> 0.59 | S59: =SmtRes!AC106 -> 405.16 | T59: =ROUND(ROUND(Q59*Source!I175, 6)*SmtRes!AK106, 2) -> 17 | U59: 2 | Y59: =SmtRes!X106 -> -668768829 | Z59: 1386714899 | AA59: -2002567974
A60: 20 | B60: 105 | C60: 1 | D60: 0 | E60: =SmtRes!AV105 -> 1 | F60: =SmtRes!I105 -> 9999990008 | G60: =SmtRes!K105 -> Трудозатраты рабочих | H60: =SmtRes!O105 -> чел.-ч. | I60: =SmtRes!Y105*Source!I175 -> 2.131035 | J60: =SmtRes!AO105 -> 1 | K60: =SmtRes!AH105 -> 0 | L60: =SmtRes!DB105 -> 0 | M60: =ROUND(ROUND(L60*Source!I175, 6)*1, 2) -> 0 | N60: =SmtRes!AD105 -> 0 | O60: =ROUND(ROUND(L60*Source!I175, 6)*SmtRes!DA105, 2) -> 0 | P60: =SmtRes!AG105 -> 0 | Q60: =SmtRes!DC105 -> 0 | R60: =ROUND(ROUND(Q60*Source!I175, 6)*1, 2) -> 0 | S60: =SmtRes!AC105 -> 0 | T60: =ROUND(ROUND(Q60*Source!I175, 6)*SmtRes!AK105, 2) -> 0 | U60: 1 | Y60: =SmtRes!X105 -> 476480486 | Z60: 1499241640 | AA60: 1499241640
A61: 20 | B61: 115 | C61: 2 | D61: 0 | E61: =SmtRes!AV115 -> 0 | F61: =SmtRes!I115 -> 2.1-30-54 | G61: =SmtRes!K115 -> Молотки отбойные | H61: =SmtRes!O115 -> маш.-ч. | I61: =SmtRes!Y115*Source!I179 -> 0.676 | J61: =SmtRes!AO115 -> 1 | K61: =SmtRes!AF115 -> 3.16 | L61: =SmtRes!DB115 -> 32.86 | M61: =ROUND(ROUND(L61*Source!I179, 6)*1, 2) -> 2.14 | N61: =SmtRes!AB115 -> 25.61 | O61: =ROUND(ROUND(L61*Source!I179, 6)*SmtRes!DA115, 2) -> 16.53 | P61: =SmtRes!AG115 -> 0.04 | Q61: =SmtRes!DC115 -> 0.42 | R61: =ROUND(ROUND(Q61*Source!I179, 6)*1, 2) -> 0.03 | S61: =SmtRes!AC115 -> 1.22 | T61: =ROUND(ROUND(Q61*Source!I179, 6)*SmtRes!AK115, 2) -> 0.79 | U61: 2 | Y61: =SmtRes!X115 -> -48163219 | Z61: -1787868048 | AA61: -675024831
A62: 20 | B62: 114 | C62: 2 | D62: 0 | E62: =SmtRes!AV114 -> 0 | F62: =SmtRes!I114 -> 2.1-10-4 | G62: =SmtRes!K114 -> Компрессоры прицепные с двигателем внутреннего сгорания, производительность до 2,5 м3/мин, мощность двигателя до 23 кВт (31,3 л.с.) | H62: =SmtRes!O114 -> маш.-ч. | I62: =SmtRes!Y114*Source!I179 -> 0.676 | J62: =SmtRes!AO114 -> 1 | K62: =SmtRes!AF114 -> 41.62 | L62: =SmtRes!DB114 -> 432.85 | M62: =ROUND(ROUND(L62*Source!I179, 6)*1, 2) -> 28.14 | N62: =SmtRes!AB114 -> 721.62 | O62: =ROUND(ROUND(L62*Source!I179, 6)*SmtRes!DA114, 2) -> 465.92 | P62: =SmtRes!AG114 -> 13.33 | Q62: =SmtRes!DC114 -> 138.63 | R62: =ROUND(ROUND(Q62*Source!I179, 6)*1, 2) -> 9.01 | S62: =SmtRes!AC114 -> 405.16 | T62: =ROUND(ROUND(Q62*Source!I179, 6)*SmtRes!AK114, 2) -> 261.59 | U62: 2 | Y62: =SmtRes!X114 -> -668768829 | Z62: 1386714899 | AA62: -2002567974
A63: 20 | B63: 113 | C63: 1 | D63: 0 | E63: =SmtRes!AV113 -> 1 | F63: =SmtRes!I113 -> 9999990008 | G63: =SmtRes!K113 -> Трудозатраты рабочих | H63: =SmtRes!O113 -> чел.-ч. | I63: =SmtRes!Y113*Source!I179 -> 1.599 | J63: =SmtRes!AO113 -> 1 | K63: =SmtRes!AH113 -> 0 | L63: =SmtRes!DB113 -> 0 | M63: =ROUND(ROUND(L63*Source!I179, 6)*1, 2) -> 0 | N63: =SmtRes!AD113 -> 0 | O63: =ROUND(ROUND(L63*Source!I179, 6)*SmtRes!DA113, 2) -> 0 | P63: =SmtRes!AG113 -> 0 | Q63: =SmtRes!DC113 -> 0 | R63: =ROUND(ROUND(Q63*Source!I179, 6)*1, 2) -> 0 | S63: =SmtRes!AC113 -> 0 | T63: =ROUND(ROUND(Q63*Source!I179, 6)*SmtRes!AK113, 2) -> 0 | U63: 1 | Y63: =SmtRes!X113 -> 476480486 | Z63: 1499241640 | AA63: 1499241640
A64: 20 | B64: 119 | C64: 1 | D64: 0 | E64: =SmtRes!AV119 -> 1 | F64: =SmtRes!I119 -> 9999990008 | G64: =SmtRes!K119 -> Трудозатраты рабочих | H64: =SmtRes!O119 -> чел.-ч. | I64: =SmtRes!Y119*Source!I183 -> 0.684 | J64: =SmtRes!AO119 -> 1 | K64: =SmtRes!AH119 -> 0 | L64: =SmtRes!DB119 -> 0 | M64: =ROUND(ROUND(L64*Source!I183, 6)*1, 2) -> 0 | N64: =SmtRes!AD119 -> 0 | O64: =ROUND(ROUND(L64*Source!I183, 6)*SmtRes!DA119, 2) -> 0 | P64: =SmtRes!AG119 -> 0 | Q64: =SmtRes!DC119 -> 0 | R64: =ROUND(ROUND(Q64*Source!I183, 6)*1, 2) -> 0 | S64: =SmtRes!AC119 -> 0 | T64: =ROUND(ROUND(Q64*Source!I183, 6)*SmtRes!AK119, 2) -> 0 | U64: 1 | Y64: =SmtRes!X119 -> 476480486 | Z64: 1499241640 | AA64: 1499241640
A65: 20 | B65: 123 | C65: 1 | D65: 0 | E65: =SmtRes!AV123 -> 1 | F65: =SmtRes!I123 -> 9999990008 | G65: =SmtRes!K123 -> Трудозатраты рабочих | H65: =SmtRes!O123 -> чел.-ч. | I65: =SmtRes!Y123*Source!I187 -> 15.6773 | J65: =SmtRes!AO123 -> 1 | K65: =SmtRes!AH123 -> 0 | L65: =SmtRes!DB123 -> 0 | M65: =ROUND(ROUND(L65*Source!I187, 6)*1, 2) -> 0 | N65: =SmtRes!AD123 -> 0 | O65: =ROUND(ROUND(L65*Source!I187, 6)*SmtRes!DA123, 2) -> 0 | P65: =SmtRes!AG123 -> 0 | Q65: =SmtRes!DC123 -> 0 | R65: =ROUND(ROUND(Q65*Source!I187, 6)*1, 2) -> 0 | S65: =SmtRes!AC123 -> 0 | T65: =ROUND(ROUND(Q65*Source!I187, 6)*SmtRes!AK123, 2) -> 0 | U65: 1 | Y65: =SmtRes!X123 -> 476480486 | Z65: 1499241640 | AA65: 1499241640
A66: 20 | B66: 128 | C66: 2 | D66: 0 | E66: =SmtRes!AV128 -> 0 | F66: =SmtRes!I128 -> 9999990007 | G66: =SmtRes!K128 -> Стоимость прочих машин (ЭСН) | H66: =SmtRes!O128 -> руб. | I66: =SmtRes!Y128*Source!I191 -> 2 | J66: =SmtRes!AO128 -> 1 | K66: =SmtRes!AF128 -> 1 | L66: =SmtRes!DB128 -> 2.5 | M66: =ROUND(ROUND(L66*Source!I191, 6)*1, 2) -> 2 | N66: =SmtRes!AB128 -> 1.05 | O66: =ROUND(ROUND(L66*Source!I191, 6)*SmtRes!DA128, 2) -> 2 | P66: =SmtRes!AG128 -> 0 | Q66: =SmtRes!DC128 -> 0 | R66: =ROUND(ROUND(Q66*Source!I191, 6)*1, 2) -> 0 | S66: =SmtRes!AC128 -> 0 | T66: =ROUND(ROUND(Q66*Source!I191, 6)*SmtRes!AK128, 2) -> 0 | U66: 2 | Y66: =SmtRes!X128 -> -1180195794 | Z66: -595858232 | AA66: -314357962
A67: 20 | B67: 127 | C67: 1 | D67: 0 | E67: =SmtRes!AV127 -> 1 | F67: =SmtRes!I127 -> 9999990008 | G67: =SmtRes!K127 -> Трудозатраты рабочих | H67: =SmtRes!O127 -> чел.-ч. | I67: =SmtRes!Y127*Source!I191 -> 46.88 | J67: =SmtRes!AO127 -> 1 | K67: =SmtRes!AH127 -> 0 | L67: =SmtRes!DB127 -> 0 | M67: =ROUND(ROUND(L67*Source!I191, 6)*1, 2) -> 0 | N67: =SmtRes!AD127 -> 0 | O67: =ROUND(ROUND(L67*Source!I191, 6)*SmtRes!DA127, 2) -> 0 | P67: =SmtRes!AG127 -> 0 | Q67: =SmtRes!DC127 -> 0 | R67: =ROUND(ROUND(Q67*Source!I191, 6)*1, 2) -> 0 | S67: =SmtRes!AC127 -> 0 | T67: =ROUND(ROUND(Q67*Source!I191, 6)*SmtRes!AK127, 2) -> 0 | U67: 1 | Y67: =SmtRes!X127 -> 476480486 | Z67: 1499241640 | AA67: 1499241640
A68: =Source!A223 -> 4 | B68: 223 | G68: =Source!G223 -> Монтажные работы
A69: 20 | B69: 144 | C69: 3 | D69: 0 | E69: =SmtRes!AV144 -> 0 | F69: =SmtRes!I144 -> 1.7-3-8 | G69: =SmtRes!K144 -> Сверло победитовое, диаметр 8 мм, длина 80 мм | H69: =SmtRes!O144 -> шт. | I69: =SmtRes!Y144*Source!I228 -> 1.0962 | J69: =SmtRes!AO144 -> 1 | K69: =SmtRes!AE144 -> 11.82 | L69: =SmtRes!DB144 -> 3.55 | M69: =ROUND(ROUND(L69*Source!I228, 6)*1, 2) -> 12.97 | N69: =SmtRes!AA144 -> 85.1 | O69: =ROUND(ROUND(L69*Source!I228, 6)*SmtRes!DA144, 2) -> 93.4 | P69: =SmtRes!AG144 -> 0 | Q69: =SmtRes!DC144 -> 0 | R69: =ROUND(ROUND(Q69*Source!I228, 6)*1, 2) -> 0 | S69: =SmtRes!AC144 -> 0 | T69: =ROUND(ROUND(Q69*Source!I228, 6)*SmtRes!AK144, 2) -> 0 | U69: 3 | Y69: =SmtRes!X144 -> -2007977906 | Z69: 2019477814 | AA69: 1438104494
A70: 20 | B70: 142 | C70: 3 | D70: 0 | E70: =SmtRes!AV142 -> 0 | F70: =SmtRes!I142 -> 1.1-1-760 | G70: =SmtRes!K142 -> Пена монтажная | H70: =SmtRes!O142 -> л | I70: =SmtRes!Y142*Source!I228 -> 1.05966 | J70: =SmtRes!AO142 -> 1 | K70: =SmtRes!AE142 -> 54.7 | L70: =SmtRes!DB142 -> 15.86 | M70: =ROUND(ROUND(L70*Source!I228, 6)*1, 2) -> 57.95 | N70: =SmtRes!AA142 -> 268.03 | O70: =ROUND(ROUND(L70*Source!I228, 6)*SmtRes!DA142, 2) -> 283.97 | P70: =SmtRes!AG142 -> 0 | Q70: =SmtRes!DC142 -> 0 | R70: =ROUND(ROUND(Q70*Source!I228, 6)*1, 2) -> 0 | S70: =SmtRes!AC142 -> 0 | T70: =ROUND(ROUND(Q70*Source!I228, 6)*SmtRes!AK142, 2) -> 0 | U70: 3 | Y70: =SmtRes!X142 -> 1307744319 | Z70: -713333977 | AA70: -2013463193
A71: 20 | B71: 141 | C71: 3 | D71: 0 | E71: =SmtRes!AV141 -> 0 | F71: =SmtRes!I141 -> 1.1-1-1566 | G71: =SmtRes!K141 -> Электроды, тип Э-42, 46, 50, диаметр 4 - 6 мм | H71: =SmtRes!O141 -> т | I71: =SmtRes!Y141*Source!I228 -> 0.0003654 | J71: =SmtRes!AO141 -> 1 | K71: =SmtRes!AE141 -> 7191.81 | L71: =SmtRes!DB141 -> 0.72 | M71: =ROUND(ROUND(L71*Source!I228, 6)*1, 2) -> 2.63 | N71: =SmtRes!AA141 -> 145777.99 | O71: =ROUND(ROUND(L71*Source!I228, 6)*SmtRes!DA141, 2) -> 53.33 | P71: =SmtRes!AG141 -> 0 | Q71: =SmtRes!DC141 -> 0 | R71: =ROUND(ROUND(Q71*Source!I228, 6)*1, 2) -> 0 | S71: =SmtRes!AC141 -> 0 | T71: =ROUND(ROUND(Q71*Source!I228, 6)*SmtRes!AK141, 2) -> 0 | U71: 3 | Y71: =SmtRes!X141 -> 1310716689 | Z71: 1563916378 | AA71: 2138865355
A72: 20 | B72: 140 | C72: 3 | D72: 0 | E72: =SmtRes!AV140 -> 0 | F72: =SmtRes!I140 -> 1.1-1-1082 | G72: =SmtRes!K140 -> Круг, квадрат горячекатаный из стали углеродистой обыкновенного качества, полуспокойной, размер 5-12 мм | H72: =SmtRes!O140 -> т | I72: =SmtRes!Y140*Source!I228 -> 0.00186354 | J72: =SmtRes!AO140 -> 1 | K72: =SmtRes!AE140 -> 6593.39 | L72: =SmtRes!DB140 -> 3.36 | M72: =ROUND(ROUND(L72*Source!I228, 6)*1, 2) -> 12.28 | N72: =SmtRes!AA140 -> 64549.29 | O72: =ROUND(ROUND(L72*Source!I228, 6)*SmtRes!DA140, 2) -> 120.2 | P72: =SmtRes!AG140 -> 0 | Q72: =SmtRes!DC140 -> 0 | R72: =ROUND(ROUND(Q72*Source!I228, 6)*1, 2) -> 0 | S72: =SmtRes!AC140 -> 0 | T72: =ROUND(ROUND(Q72*Source!I228, 6)*SmtRes!AK140, 2) -> 0 | U72: 3 | Y72: =SmtRes!X140 -> -1651674065 | Z72: 1019815079 | AA72: 894768414
A73: 20 | B73: 139 | C73: 2 | D73: 0 | E73: =SmtRes!AV139 -> 0 | F73: =SmtRes!I139 -> 2.1-30-10 | G73: =SmtRes!K139 -> Перфораторы электрические, мощность до 800 Вт | H73: =SmtRes!O139 -> маш.-ч. | I73: =SmtRes!Y139*Source!I228 -> 1.38852 | J73: =SmtRes!AO139 -> 1 | K73: =SmtRes!AF139 -> 1.59 | L73: =SmtRes!DB139 -> 0.6 | M73: =ROUND(ROUND(L73*Source!I228, 6)*1, 2) -> 2.19 | N73: =SmtRes!AB139 -> 13.67 | O73: =ROUND(ROUND(L73*Source!I228, 6)*SmtRes!DA139, 2) -> 17.34 | P73: =SmtRes!AG139 -> 0.09 | Q73: =SmtRes!DC139 -> 0.03 | R73: =ROUND(ROUND(Q73*Source!I228, 6)*1, 2) -> 0.11 | S73: =SmtRes!AC139 -> 2.84 | T73: =ROUND(ROUND(Q73*Source!I228, 6)*SmtRes!AK139, 2) -> 3.18 | U73: 2 | Y73: =SmtRes!X139 -> 814809297 | Z73: -1358961253 | AA73: -1848034222
A74: 20 | B74: 138 | C74: 2 | D74: 0 | E74: =SmtRes!AV138 -> 0 | F74: =SmtRes!I138 -> 2.1-13-15 | G74: =SmtRes!K138 -> Аппараты сварочные | H74: =SmtRes!O138 -> маш.-ч. | I74: =SmtRes!Y138*Source!I228 -> 1.02312 | J74: =SmtRes!AO138 -> 1 | K74: =SmtRes!AF138 -> 43.4 | L74: =SmtRes!DB138 -> 12.15 | M74: =ROUND(ROUND(L74*Source!I228, 6)*1, 2) -> 44.4 | N74: =SmtRes!AB138 -> 421.28 | O74: =ROUND(ROUND(L74*Source!I228, 6)*SmtRes!DA138, 2) -> 396.46 | P74: =SmtRes!AG138 -> 2.68 | Q74: =SmtRes!DC138 -> 0.75 | R74: =ROUND(ROUND(Q74*Source!I228, 6)*1, 2) -> 2.74 | S74: =SmtRes!AC138 -> 84.57 | T74: =ROUND(ROUND(Q74*Source!I228, 6)*SmtRes!AK138, 2) -> 79.56 | U74: 2 | Y74: =SmtRes!X138 -> -869219575 | Z74: -1098685025 | AA74: -1031006293
A75: 20 | B75: 137 | C75: 1 | D75: 0 | E75: =SmtRes!AV137 -> 1 | F75: =SmtRes!I137 -> 9999990008 | G75: =SmtRes!K137 -> Трудозатраты рабочих | H75: =SmtRes!O137 -> чел.-ч. | I75: =SmtRes!Y137*Source!I228 -> 8.29458 | J75: =SmtRes!AO137 -> 1 | K75: =SmtRes!AH137 -> 0 | L75: =SmtRes!DB137 -> 0 | M75: =ROUND(ROUND(L75*Source!I228, 6)*1, 2) -> 0 | N75: =SmtRes!AD137 -> 0 | O75: =ROUND(ROUND(L75*Source!I228, 6)*SmtRes!DA137, 2) -> 0 | P75: =SmtRes!AG137 -> 0 | Q75: =SmtRes!DC137 -> 0 | R75: =ROUND(ROUND(Q75*Source!I228, 6)*1, 2) -> 0 | S75: =SmtRes!AC137 -> 0 | T75: =ROUND(ROUND(Q75*Source!I228, 6)*SmtRes!AK137, 2) -> 0 | U75: 1 | Y75: =SmtRes!X137 -> 476480486 | Z75: 1499241640 | AA75: 1499241640
A76: =Source!A230 -> 18 | B76: 230 | C76: 3 | D76: =Source!BI230 -> 1 | E76: =Source!FS230 -> 0 | F76: =Source!F230 -> 1.7-2-135 | G76: =Source!G230 -> Блоки дверные металлические противопожарные, дымогазонепроницаемые, теплоизолированные плитами на основе базальтового волокна, остекленные стеклом толщиной 24 мм (0,24 м2), окрашенные порошковыми красками, марка ДПМДО-02/60, двупольные, 1700х2100 мм, масса 182 кг, с замком-защелкой, без доводчика | H76: =Source!H230 -> т | I76: =Source!I230 -> 0.1353 | J76: 1 | K76: =Source!AC230 -> 52930.78 | M76: =ROUND(K76*I76, 2) -> 7161.53 | N76: =Source!AC230*IF(Source!BC230<> 0, Source!BC230, 1) -> 224426.51 | O76: =ROUND(N76*I76, 2) -> 30364.91 | P76: =Source!AE230 -> 0 | R76: =ROUND(P76*I76, 2) -> 0 | S76: =Source!AE230*IF(Source!BS230<> 0, Source!BS230, 1) -> 0 | T76: =ROUND(S76*I76, 2) -> 0 | U76: 3 | Y76: =Source!GF230 -> -1147217017 | Z76: -995455588 | AA76: -840657471
A77: 20 | B77: 159 | C77: 3 | D77: 0 | E77: =SmtRes!AV159 -> 0 | F77: =SmtRes!I159 -> 1.1-1-2627 | G77: =SmtRes!K159 -> Винты самонарезающие 5х40 мм для металла | H77: =SmtRes!O159 -> кг | I77: =SmtRes!Y159*Source!I232 -> 0.02 | J77: =SmtRes!AO159 -> 1 | K77: =SmtRes!AE159 -> 20.63 | L77: =SmtRes!DB159 -> 0.41 | M77: =ROUND(ROUND(L77*Source!I232, 6)*1, 2) -> 0.41 | N77: =SmtRes!AA159 -> 118.03 | O77: =ROUND(ROUND(L77*Source!I232, 6)*SmtRes!DA159, 2) -> 2.34 | P77: =SmtRes!AG159 -> 0 | Q77: =SmtRes!DC159 -> 0 | R77: =ROUND(ROUND(Q77*Source!I232, 6)*1, 2) -> 0 | S77: =SmtRes!AC159 -> 0 | T77: =ROUND(ROUND(Q77*Source!I232, 6)*SmtRes!AK159, 2) -> 0 | U77: 3 | Y77: =SmtRes!X159 -> -1260154368 | Z77: 1315650955 | AA77: 1239765437
A78: 20 | B78: 158 | C78: 2 | D78: 0 | E78: =SmtRes!AV158 -> 0 | F78: =SmtRes!I158 -> 9999990007 | G78: =SmtRes!K158 -> Стоимость прочих машин (ЭСН) | H78: =SmtRes!O158 -> руб. | I78: =SmtRes!Y158*Source!I232 -> 0.0125 | J78: =SmtRes!AO158 -> 1 | K78: =SmtRes!AF158 -> 1 | L78: =SmtRes!DB158 -> 0.0125 | M78: =ROUND(ROUND(L78*Source!I232, 6)*1, 2) -> 0.01 | N78: =SmtRes!AB158 -> 1.05 | O78: =ROUND(ROUND(L78*Source!I232, 6)*SmtRes!DA158, 2) -> 0.01 | P78: =SmtRes!AG158 -> 0 | Q78: =SmtRes!DC158 -> 0 | R78: =ROUND(ROUND(Q78*Source!I232, 6)*1, 2) -> 0 | S78: =SmtRes!AC158 -> 0 | T78: =ROUND(ROUND(Q78*Source!I232, 6)*SmtRes!AK158, 2) -> 0 | U78: 2 | Y78: =SmtRes!X158 -> -1180195794 | Z78: -595858232 | AA78: -314357962
A79: 20 | B79: 157 | C79: 2 | D79: 0 | E79: =SmtRes!AV157 -> 0 | F79: =SmtRes!I157 -> 2.1-30-6 | G79: =SmtRes!K157 -> Дрели электрические | H79: =SmtRes!O157 -> маш.-ч. | I79: =SmtRes!Y157*Source!I232 -> 0.1375 | J79: =SmtRes!AO157 -> 1 | K79: =SmtRes!AF157 -> 2.36 | L79: =SmtRes!DB157 -> 0.325 | M79: =ROUND(ROUND(L79*Source!I232, 6)*1, 2) -> 0.33 | N79: =SmtRes!AB157 -> 2.47 | O79: =ROUND(ROUND(L79*Source!I232, 6)*SmtRes!DA157, 2) -> 0.33 | P79: =SmtRes!AG157 -> 0.1 | Q79: =SmtRes!DC157 -> 0.0125 | R79: =ROUND(ROUND(Q79*Source!I232, 6)*1, 2) -> 0.01 | S79: =SmtRes!AC157 -> 0.1 | T79: =ROUND(ROUND(Q79*Source!I232, 6)*SmtRes!AK157, 2) -> 0.01 | U79: 2 | Y79: =SmtRes!X157 -> 950854334 | Z79: -216995753 | AA79: -883536378
A80: 20 | B80: 156 | C80: 2 | D80: 0 | E80: =SmtRes!AV156 -> 0 | F80: =SmtRes!I156 -> 2.1-30-56 | G80: =SmtRes!K156 -> Шуруповерты | H80: =SmtRes!O156 -> маш.-ч. | I80: =SmtRes!Y156*Source!I232 -> 0.1875 | J80: =SmtRes!AO156 -> 1 | K80: =SmtRes!AF156 -> 0.64 | L80: =SmtRes!DB156 -> 0.125 | M80: =ROUND(ROUND(L80*Source!I232, 6)*1, 2) -> 0.13 | N80: =SmtRes!AB156 -> 5.36 | O80: =ROUND(ROUND(L80*Source!I232, 6)*SmtRes!DA156, 2) -> 1 | P80: =SmtRes!AG156 -> 0.04 | Q80: =SmtRes!DC156 -> 0.0125 | R80: =ROUND(ROUND(Q80*Source!I232, 6)*1, 2) -> 0.01 | S80: =SmtRes!AC156 -> 1.22 | T80: =ROUND(ROUND(Q80*Source!I232, 6)*SmtRes!AK156, 2) -> 0.36 | U80: 2 | Y80: =SmtRes!X156 -> 926785503 | Z80: 978282338 | AA80: -1628962247
A81: 20 | B81: 155 | C81: 2 | D81: 0 | E81: =SmtRes!AV155 -> 0 | F81: =SmtRes!I155 -> 2.1-30-19 | G81: =SmtRes!K155 -> Машины шлифовальные электрические, мощность до 1700 Вт | H81: =SmtRes!O155 -> маш.-ч. | I81: =SmtRes!Y155*Source!I232 -> 0.025 | J81: =SmtRes!AO155 -> 1 | K81: =SmtRes!AF155 -> 0.44 | L81: =SmtRes!DB155 -> 0.0125 | M81: =ROUND(ROUND(L81*Source!I232, 6)*1, 2) -> 0.01 | N81: =SmtRes!AB155 -> 3.72 | O81: =ROUND(ROUND(L81*Source!I232, 6)*SmtRes!DA155, 2) -> 0.1 | P81: =SmtRes!AG155 -> 0 | Q81: =SmtRes!DC155 -> 0 | R81: =ROUND(ROUND(Q81*Source!I232, 6)*1, 2) -> 0 | S81: =SmtRes!AC155 -> 0 | T81: =ROUND(ROUND(Q81*Source!I232, 6)*SmtRes!AK155, 2) -> 0 | U81: 2 | Y81: =SmtRes!X155 -> -1780114133 | Z81: -1716961342 | AA81: 1230137050
A82: 20 | B82: 154 | C82: 2 | D82: 0 | E82: =SmtRes!AV154 -> 0 | F82: =SmtRes!I154 -> 2.1-13-14 | G82: =SmtRes!K154 -> Аппараты сварочные постоянного тока (выпрямители) для ручной дуговой сварки, сварочный ток до 500 А | H82: =SmtRes!O154 -> маш.-ч. | I82: =SmtRes!Y154*Source!I232 -> 0.325 | J82: =SmtRes!AO154 -> 1 | K82: =SmtRes!AF154 -> 6.15 | L82: =SmtRes!DB154 -> 2 | M82: =ROUND(ROUND(L82*Source!I232, 6)*1, 2) -> 2 | N82: =SmtRes!AB154 -> 65.87 | O82: =ROUND(ROUND(L82*Source!I232, 6)*SmtRes!DA154, 2) -> 20.46 | P82: =SmtRes!AG154 -> 0.02 | Q82: =SmtRes!DC154 -> 0.0125 | R82: =ROUND(ROUND(Q82*Source!I232, 6)*1, 2) -> 0.01 | S82: =SmtRes!AC154 -> 0.61 | T82: =ROUND(ROUND(Q82*Source!I232, 6)*SmtRes!AK154, 2) -> 0.36 | U82: 2 | Y82: =SmtRes!X154 -> 49912578 | Z82: -1184234032 | AA82: 1620354088
A83: 20 | B83: 153 | C83: 1 | D83: 0 | E83: =SmtRes!AV153 -> 1 | F83: =SmtRes!I153 -> 9999990008 | G83: =SmtRes!K153 -> Трудозатраты рабочих | H83: =SmtRes!O153 -> чел.-ч. | I83: =SmtRes!Y153*Source!I232 -> 1.2765 | J83: =SmtRes!AO153 -> 1 | K83: =SmtRes!AH153 -> 0 | L83: =SmtRes!DB153 -> 0 | M83: =ROUND(ROUND(L83*Source!I232, 6)*1, 2) -> 0 | N83: =SmtRes!AD153 -> 0 | O83: =ROUND(ROUND(L83*Source!I232, 6)*SmtRes!DA153, 2) -> 0 | P83: =SmtRes!AG153 -> 0 | Q83: =SmtRes!DC153 -> 0 | R83: =ROUND(ROUND(Q83*Source!I232, 6)*1, 2) -> 0 | S83: =SmtRes!AC153 -> 0 | T83: =ROUND(ROUND(Q83*Source!I232, 6)*SmtRes!AK153, 2) -> 0 | U83: 1 | Y83: =SmtRes!X153 -> 476480486 | Z83: 1499241640 | AA83: 1499241640
A84: =Source!A234 -> 18 | B84: 234 | C84: 3 | D84: =Source!BI234 -> 1 | E84: =Source!FS234 -> 0 | F84: =Source!F234 -> 1.8-1-83 | G84: =Source!G234 -> Доводчик дверной универсальный, с механизмом «шестерня-рейка», регулируемый, масса двери до 160 кг | H84: =Source!H234 -> КОМПЛЕКТ | I84: =Source!I234 -> 1 | J84: 1 | K84: =Source!AC234 -> 1390.95 | M84: =ROUND(K84*I84, 2) -> 1390.95 | N84: =Source!AC234*IF(Source!BC234<> 0, Source!BC234, 1) -> 9235.908 | O84: =ROUND(N84*I84, 2) -> 9235.91 | P84: =Source!AE234 -> 0 | R84: =ROUND(P84*I84, 2) -> 0 | S84: =Source!AE234*IF(Source!BS234<> 0, Source!BS234, 1) -> 0 | T84: =ROUND(S84*I84, 2) -> 0 | U84: 3 | Y84: =Source!GF234 -> 1598346777 | Z84: -1821348194 | AA84: -1933913748
A85: 20 | B85: 188 | C85: 3 | D85: 0 | E85: =SmtRes!AV188 -> 0 | F85: =SmtRes!I188 -> 1.7-5-3 | G85: =SmtRes!K188 -> Ерши (закрепы) строительные | H85: =SmtRes!O188 -> кг | I85: =SmtRes!Y188*Source!I236 -> 1.4175 | J85: =SmtRes!AO188 -> 1 | K85: =SmtRes!AE188 -> 4.37 | L85: =SmtRes!DB188 -> 163.88 | M85: =ROUND(ROUND(L85*Source!I236, 6)*1, 2) -> 6.19 | N85: =SmtRes!AA188 -> 37.8 | O85: =ROUND(ROUND(L85*Source!I236, 6)*SmtRes!DA188, 2) -> 53.58 | P85: =SmtRes!AG188 -> 0 | Q85: =SmtRes!DC188 -> 0 | R85: =ROUND(ROUND(Q85*Source!I236, 6)*1, 2) -> 0 | S85: =SmtRes!AC188 -> 0 | T85: =ROUND(ROUND(Q85*Source!I236, 6)*SmtRes!AK188, 2) -> 0 | U85: 3 | Y85: =SmtRes!X188 -> -361252770 | Z85: 1737501119 | AA85: -1211019624
A86: 20 | B86: 187 | C86: 3 | D86: 0 | E86: =SmtRes!AV187 -> 0 | F86: =SmtRes!I187 -> 1.3-2-15 | G86: =SmtRes!K187 -> Раствор известковый, марка 4 | H86: =SmtRes!O187 -> м3 | I86: =SmtRes!Y187*Source!I236 -> 0.003969 | J86: =SmtRes!AO187 -> 1 | K86: =SmtRes!AE187 -> 540.42 | L86: =SmtRes!DB187 -> 56.74 | M86: =ROUND(ROUND(L86*Source!I236, 6)*1, 2) -> 2.14 | N86: =SmtRes!AA187 -> 4712.46 | O86: =ROUND(ROUND(L86*Source!I236, 6)*SmtRes!DA187, 2) -> 18.7 | P86: =SmtRes!AG187 -> 0 | Q86: =SmtRes!DC187 -> 0 | R86: =ROUND(ROUND(Q86*Source!I236, 6)*1, 2) -> 0 | S86: =SmtRes!AC187 -> 0 | T86: =ROUND(ROUND(Q86*Source!I236, 6)*SmtRes!AK187, 2) -> 0 | U86: 3 | Y86: =SmtRes!X187 -> -668171035 | Z86: 78643952 | AA86: 1227562306
A87: 20 | B87: 186 | C87: 3 | D87: 0 | E87: =SmtRes!AV186 -> 0 | F87: =SmtRes!I186 -> 1.1-1-764 | G87: =SmtRes!K186 -> Материал кровельный, пергамин, марка П-350 | H87: =SmtRes!O186 -> м2 | I87: =SmtRes!Y186*Source!I236 -> 3.3642 | J87: =SmtRes!AO186 -> 1 | K87: =SmtRes!AE186 -> 5.51 | L87: =SmtRes!DB186 -> 490.39 | M87: =ROUND(ROUND(L87*Source!I236, 6)*1, 2) -> 18.54 | N87: =SmtRes!AA186 -> 14.66 | O87: =ROUND(ROUND(L87*Source!I236, 6)*SmtRes!DA186, 2) -> 49.31 | P87: =SmtRes!AG186 -> 0 | Q87: =SmtRes!DC186 -> 0 | R87: =ROUND(ROUND(Q87*Source!I236, 6)*1, 2) -> 0 | S87: =SmtRes!AC186 -> 0 | T87: =ROUND(ROUND(Q87*Source!I236, 6)*SmtRes!AK186, 2) -> 0 | U87: 3 | Y87: =SmtRes!X186 -> -1047133190 | Z87: -586417748 | AA87: -23180890
A88: 20 | B88: 185 | C88: 3 | D88: 0 | E88: =SmtRes!AV185 -> 0 | F88: =SmtRes!I185 -> 1.1-1-740 | G88: =SmtRes!K185 -> Пакля пропитанная | H88: =SmtRes!O185 -> кг | I88: =SmtRes!Y185*Source!I236 -> 4.0824 | J88: =SmtRes!AO185 -> 1 | K88: =SmtRes!AE185 -> 9.86 | L88: =SmtRes!DB185 -> 1064.88 | M88: =ROUND(ROUND(L88*Source!I236, 6)*1, 2) -> 40.25 | N88: =SmtRes!AA185 -> 98.3 | O88: =ROUND(ROUND(L88*Source!I236, 6)*SmtRes!DA185, 2) -> 401.32 | P88: =SmtRes!AG185 -> 0 | Q88: =SmtRes!DC185 -> 0 | R88: =ROUND(ROUND(Q88*Source!I236, 6)*1, 2) -> 0 | S88: =SmtRes!AC185 -> 0 | T88: =ROUND(ROUND(Q88*Source!I236, 6)*SmtRes!AK185, 2) -> 0 | U88: 3 | Y88: =SmtRes!X185 -> 1241994263 | Z88: -453307821 | AA88: -1592772059
A89: 20 | B89: 184 | C89: 3 | D89: 0 | E89: =SmtRes!AV184 -> 0 | F89: =SmtRes!I184 -> 1.1-1-226 | G89: =SmtRes!K184 -> Доски хвойных пород, обрезные, длина 2-6,5 м, сорт III, толщина 25-32 мм | H89: =SmtRes!O184 -> м3 | I89: =SmtRes!Y184*Source!I236 -> 0.003024 | J89: =SmtRes!AO184 -> 1 | K89: =SmtRes!AE184 -> 1828.56 | L89: =SmtRes!DB184 -> 146.28 | M89: =ROUND(ROUND(L89*Source!I236, 6)*1, 2) -> 5.53 | N89: =SmtRes!AA184 -> 7222.81 | O89: =ROUND(ROUND(L89*Source!I236, 6)*SmtRes!DA184, 2) -> 21.84 | P89: =SmtRes!AG184 -> 0 | Q89: =SmtRes!DC184 -> 0 | R89: =ROUND(ROUND(Q89*Source!I236, 6)*1, 2) -> 0 | S89: =SmtRes!AC184 -> 0 | T89: =ROUND(ROUND(Q89*Source!I236, 6)*SmtRes!AK184, 2) -> 0 | U89: 3 | Y89: =SmtRes!X184 -> -1845249973 | Z89: 19685325 | AA89: -2028977637
A90: 20 | B90: 183 | C90: 3 | D90: 0 | E90: =SmtRes!AV183 -> 0 | F90: =SmtRes!I183 -> 1.1-1-146 | G90: =SmtRes!K183 -> Гипсовые вяжущие (гипс) для штукатурных работ | H90: =SmtRes!O183 -> т | I90: =SmtRes!Y183*Source!I236 -> 0.0006048 | J90: =SmtRes!AO183 -> 1 | K90: =SmtRes!AE183 -> 1227.38 | L90: =SmtRes!DB183 -> 19.64 | M90: =ROUND(ROUND(L90*Source!I236, 6)*1, 2) -> 0.74 | N90: =SmtRes!AA183 -> 5351.38 | O90: =ROUND(ROUND(L90*Source!I236, 6)*SmtRes!DA183, 2) -> 3.24 | P90: =SmtRes!AG183 -> 0 | Q90: =SmtRes!DC183 -> 0 | R90: =ROUND(ROUND(Q90*Source!I236, 6)*1, 2) -> 0 | S90: =SmtRes!AC183 -> 0 | T90: =ROUND(ROUND(Q90*Source!I236, 6)*SmtRes!AK183, 2) -> 0 | U90: 3 | Y90: =SmtRes!X183 -> 837574469 | Z90: -543820538 | AA90: 2009956732
A91: 20 | B91: 182 | C91: 3 | D91: 0 | E91: =SmtRes!AV182 -> 0 | F91: =SmtRes!I182 -> 1.1-1-133 | G91: =SmtRes!K182 -> Гвозди толевые | H91: =SmtRes!O182 -> т | I91: =SmtRes!Y182*Source!I236 -> 7.938e-05 | J91: =SmtRes!AO182 -> 1 | K91: =SmtRes!AE182 -> 7875.24 | L91: =SmtRes!DB182 -> 16.54 | M91: =ROUND(ROUND(L91*Source!I236, 6)*1, 2) -> 0.63 | N91: =SmtRes!AA182 -> 84028.81 | O91: =ROUND(ROUND(L91*Source!I236, 6)*SmtRes!DA182, 2) -> 6.67 | P91: =SmtRes!AG182 -> 0 | Q91: =SmtRes!DC182 -> 0 | R91: =ROUND(ROUND(Q91*Source!I236, 6)*1, 2) -> 0 | S91: =SmtRes!AC182 -> 0 | T91: =ROUND(ROUND(Q91*Source!I236, 6)*SmtRes!AK182, 2) -> 0 | U91: 3 | Y91: =SmtRes!X182 -> -1841336821 | Z91: 1584364654 | AA91: -44344998
A92: 20 | B92: 181 | C92: 3 | D92: 0 | E92: =SmtRes!AV181 -> 0 | F92: =SmtRes!I181 -> 1.1-1-132 | G92: =SmtRes!K181 -> Гвозди строительные | H92: =SmtRes!O181 -> т | I92: =SmtRes!Y181*Source!I236 -> 0.000156114 | J92: =SmtRes!AO181 -> 1 | K92: =SmtRes!AE181 -> 6521.42 | L92: =SmtRes!DB181 -> 26.93 | M92: =ROUND(ROUND(L92*Source!I236, 6)*1, 2) -> 1.02 | N92: =SmtRes!AA181 -> 63127.35 | O92: =ROUND(ROUND(L92*Source!I236, 6)*SmtRes!DA181, 2) -> 9.85 | P92: =SmtRes!AG181 -> 0 | Q92: =SmtRes!DC181 -> 0 | R92: =ROUND(ROUND(Q92*Source!I236, 6)*1, 2) -> 0 | S92: =SmtRes!AC181 -> 0 | T92: =ROUND(ROUND(Q92*Source!I236, 6)*SmtRes!AK181, 2) -> 0 | U92: 3 | Y92: =SmtRes!X181 -> 563176784 | Z92: 1885883156 | AA92: -1328956981
A93: 20 | B93: 180 | C93: 3 | D93: 0 | E93: =SmtRes!AV180 -> 0 | F93: =SmtRes!I180 -> 1.1-1-1043 | G93: =SmtRes!K180 -> Смола каменноугольная строительная | H93: =SmtRes!O180 -> т | I93: =SmtRes!Y180*Source!I236 -> 0.00089208 | J93: =SmtRes!AO180 -> 1 | K93: =SmtRes!AE180 -> 1463.45 | L93: =SmtRes!DB180 -> 34.54 | M93: =ROUND(ROUND(L93*Source!I236, 6)*1, 2) -> 1.31 | N93: =SmtRes!AA180 -> 17312.61 | O93: =ROUND(ROUND(L93*Source!I236, 6)*SmtRes!DA180, 2) -> 15.45 | P93: =SmtRes!AG180 -> 0 | Q93: =SmtRes!DC180 -> 0 | R93: =ROUND(ROUND(Q93*Source!I236, 6)*1, 2) -> 0 | S93: =SmtRes!AC180 -> 0 | T93: =ROUND(ROUND(Q93*Source!I236, 6)*SmtRes!AK180, 2) -> 0 | U93: 3 | Y93: =SmtRes!X180 -> 1977647148 | Z93: 891628768 | AA93: -1311215350
A94: 20 | B94: 179 | C94: 2 | D94: 0 | E94: =SmtRes!AV179 -> 0 | F94: =SmtRes!I179 -> 2.1-5-63 | G94: =SmtRes!K179 -> Котлы битумоварочные электрические, емкость до 500 л, мощность до 20 кВт | H94: =SmtRes!O179 -> маш.-ч. | I94: =SmtRes!Y179*Source!I236 -> 0.0845775 | J94: =SmtRes!AO179 -> 1 | K94: =SmtRes!AF179 -> 13.14 | L94: =SmtRes!DB179 -> 29.4 | M94: =ROUND(ROUND(L94*Source!I236, 6)*1, 2) -> 1.11 | N94: =SmtRes!AB179 -> 136.89 | O94: =ROUND(ROUND(L94*Source!I236, 6)*SmtRes!DA179, 2) -> 11.06 | P94: =SmtRes!AG179 -> 0.02 | Q94: =SmtRes!DC179 -> 0.05 | R94: =ROUND(ROUND(Q94*Source!I236, 6)*1, 2) -> 0 | S94: =SmtRes!AC179 -> 0.61 | T94: =ROUND(ROUND(Q94*Source!I236, 6)*SmtRes!AK179, 2) -> 0.05 | U94: 2 | Y94: =SmtRes!X179 -> -1649254319 | Z94: -128807243 | AA94: -1323582756
A95: 20 | B95: 178 | C95: 2 | D95: 0 | E95: =SmtRes!AV178 -> 0 | F95: =SmtRes!I178 -> 2.1-3-38 | G95: =SmtRes!K178 -> Краны на автомобильном ходу, грузоподъемность до 16 т | H95: =SmtRes!O178 -> маш.-ч. | I95: =SmtRes!Y178*Source!I236 -> 0.07182 | J95: =SmtRes!AO178 -> 1 | K95: =SmtRes!AF178 -> 190.93 | L95: =SmtRes!DB178 -> 362.7625 | M95: =ROUND(ROUND(L95*Source!I236, 6)*1, 2) -> 13.71 | N95: =SmtRes!AB178 -> 2059.01 | O95: =ROUND(ROUND(L95*Source!I236, 6)*SmtRes!DA178, 2) -> 141.24 | P95: =SmtRes!AG178 -> 18.15 | Q95: =SmtRes!DC178 -> 34.4875 | R95: =ROUND(ROUND(Q95*Source!I236, 6)*1, 2) -> 1.3 | S95: =SmtRes!AC178 -> 551.66 | T95: =ROUND(ROUND(Q95*Source!I236, 6)*SmtRes!AK178, 2) -> 37.84 | U95: 2 | Y95: =SmtRes!X178 -> -266174272 | Z95: -2048655808 | AA95: 2105875465
A96: 20 | B96: 177 | C96: 2 | D96: 0 | E96: =SmtRes!AV177 -> 0 | F96: =SmtRes!I177 -> 2.1-18-7 | G96: =SmtRes!K177 -> Автомобили грузовые бортовые, грузоподъемность до 5 т | H96: =SmtRes!O177 -> маш.-ч. | I96: =SmtRes!Y177*Source!I236 -> 0.0864675 | J96: =SmtRes!AO177 -> 1 | K96: =SmtRes!AF177 -> 76.81 | L96: =SmtRes!DB177 -> 175.7 | M96: =ROUND(ROUND(L96*Source!I236, 6)*1, 2) -> 6.64 | N96: =SmtRes!AB177 -> 918.4 | O96: =ROUND(ROUND(L96*Source!I236, 6)*SmtRes!DA177, 2) -> 75.85 | P96: =SmtRes!AG177 -> 14.36 | Q96: =SmtRes!DC177 -> 32.85 | R96: =ROUND(ROUND(Q96*Source!I236, 6)*1, 2) -> 1.24 | S96: =SmtRes!AC177 -> 436.46 | T96: =ROUND(ROUND(Q96*Source!I236, 6)*SmtRes!AK177, 2) -> 36.05 | U96: 2 | Y96: =SmtRes!X177 -> -628430174 | Z96: -2049064267 | AA96: -489591781
A97: 20 | B97: 176 | C97: 1 | D97: 0 | E97: =SmtRes!AV176 -> 1 | F97: =SmtRes!I176 -> 9999990008 | G97: =SmtRes!K176 -> Трудозатраты рабочих | H97: =SmtRes!O176 -> чел.-ч. | I97: =SmtRes!Y176*Source!I236 -> 3.907953 | J97: =SmtRes!AO176 -> 1 | K97: =SmtRes!AH176 -> 0 | L97: =SmtRes!DB176 -> 0 | M97: =ROUND(ROUND(L97*Source!I236, 6)*1, 2) -> 0 | N97: =SmtRes!AD176 -> 0 | O97: =ROUND(ROUND(L97*Source!I236, 6)*SmtRes!DA176, 2) -> 0 | P97: =SmtRes!AG176 -> 0 | Q97: =SmtRes!DC176 -> 0 | R97: =ROUND(ROUND(Q97*Source!I236, 6)*1, 2) -> 0 | S97: =SmtRes!AC176 -> 0 | T97: =ROUND(ROUND(Q97*Source!I236, 6)*SmtRes!AK176, 2) -> 0 | U97: 1 | Y97: =SmtRes!X176 -> 476480486 | Z97: 1499241640 | AA97: 1499241640
A98: =Source!A238 -> 18 | B98: 238 | C98: 3 | D98: =Source!BI238 -> 1 | E98: =Source!FS238 -> 0 | F98: =Source!F238 -> Цена поставщика | G98: =Source!G238 -> Дверь композитная глухая полнозаполненная пенополистиролом из ПВХ 1,5 мм 2000*1000 Капель (ДГ10) | H98: =Source!H238 -> шт. | I98: =Source!I238 -> 1 | J98: 1 | K98: =Source!AC238 -> 2723.93 | M98: =ROUND(K98*I98, 2) -> 2723.93 | N98: =Source!AC238*IF(Source!BC238<> 0, Source!BC238, 1) -> 23561.995 | O98: =ROUND(N98*I98, 2) -> 23561.99 | P98: =Source!AE238 -> 0 | R98: =ROUND(P98*I98, 2) -> 0 | S98: =Source!AE238*IF(Source!BS238<> 0, Source!BS238, 1) -> 0 | T98: =ROUND(S98*I98, 2) -> 0 | U98: 3 | Y98: =Source!GF238 -> 342305419 | Z98: 2088571591 | AA98: -2044308653
A99: =Source!A240 -> 18 | B99: 240 | C99: 3 | D99: =Source!BI240 -> 1 | E99: =Source!FS240 -> 0 | F99: =Source!F240 -> Цена поставщика | G99: =Source!G240 -> Дверь композитная глухая полнозаполненная пенополистиролом из ПВХ 1,5 мм 2000*900 Капель (ДГ9) | H99: =Source!H240 -> шт. | I99: =Source!I240 -> 1 | J99: 1 | K99: =Source!AC240 -> 22207.99 | M99: =ROUND(K99*I99, 2) -> 22207.99 | N99: =Source!AC240*IF(Source!BC240<> 0, Source!BC240, 1) -> 192099.11 | O99: =ROUND(N99*I99, 2) -> 192099.11 | P99: =Source!AE240 -> 0 | R99: =ROUND(P99*I99, 2) -> 0 | S99: =Source!AE240*IF(Source!BS240<> 0, Source!BS240, 1) -> 0 | T99: =ROUND(S99*I99, 2) -> 0 | U99: 3 | Y99: =Source!GF240 -> -1513666227 | Z99: 926293364 | AA99: 344754950
A100: 20 | B100: 207 | C100: 3 | D100: 0 | E100: =SmtRes!AV207 -> 0 | F100: =SmtRes!I207 -> 1.1-1-760 | G100: =SmtRes!K207 -> Пена монтажная | H100: =SmtRes!O207 -> л | I100: =SmtRes!Y207*Source!I246 -> 2.103927 | J100: =SmtRes!AO207 -> 1 | K100: =SmtRes!AE207 -> 54.7 | L100: =SmtRes!DB207 -> 2884.33 | M100: =ROUND(ROUND(L100*Source!I246, 6)*1, 2) -> 115.08 | N100: =SmtRes!AA207 -> 268.03 | O100: =ROUND(ROUND(L100*Source!I246, 6)*SmtRes!DA207, 2) -> 563.92 | P100: =SmtRes!AG207 -> 0 | Q100: =SmtRes!DC207 -> 0 | R100: =ROUND(ROUND(Q100*Source!I246, 6)*1, 2) -> 0 | S100: =SmtRes!AC207 -> 0 | T100: =ROUND(ROUND(Q100*Source!I246, 6)*SmtRes!AK207, 2) -> 0 | U100: 3 | Y100: =SmtRes!X207 -> 1307744319 | Z100: -713333977 | AA100: -2013463193
A101: 20 | B101: 204 | C101: 3 | D101: 0 | E101: =SmtRes!AV204 -> 0 | F101: =SmtRes!I204 -> 1.1-1-2471 | G101: =SmtRes!K204 -> Дюбель рамный МД 10х180 мм | H101: =SmtRes!O204 -> шт. | I101: =SmtRes!Y204*Source!I246 -> 12.4089 | J101: =SmtRes!AO204 -> 1 | K101: =SmtRes!AE204 -> 9.6 | L101: =SmtRes!DB204 -> 2985.6 | M101: =ROUND(ROUND(L101*Source!I246, 6)*1, 2) -> 119.13 | N101: =SmtRes!AA204 -> 10.66 | O101: =ROUND(ROUND(L101*Source!I246, 6)*SmtRes!DA204, 2) -> 132.23 | P101: =SmtRes!AG204 -> 0 | Q101: =SmtRes!DC204 -> 0 | R101: =ROUND(ROUND(Q101*Source!I246, 6)*1, 2) -> 0 | S101: =SmtRes!AC204 -> 0 | T101: =ROUND(ROUND(Q101*Source!I246, 6)*SmtRes!AK204, 2) -> 0 | U101: 3 | Y101: =SmtRes!X204 -> 551830403 | Z101: -1709210568 | AA101: -1053035890
A102: 20 | B102: 203 | C102: 2 | D102: 0 | E102: =SmtRes!AV203 -> 0 | F102: =SmtRes!I203 -> 2.1-30-56 | G102: =SmtRes!K203 -> Шуруповерты | H102: =SmtRes!O203 -> маш.-ч. | I102: =SmtRes!Y203*Source!I246 -> 0.49725375 | J102: =SmtRes!AO203 -> 1 | K102: =SmtRes!AF203 -> 0.64 | L102: =SmtRes!DB203 -> 7.975 | M102: =ROUND(ROUND(L102*Source!I246, 6)*1, 2) -> 0.32 | N102: =SmtRes!AB203 -> 5.36 | O102: =ROUND(ROUND(L102*Source!I246, 6)*SmtRes!DA203, 2) -> 2.55 | P102: =SmtRes!AG203 -> 0.04 | Q102: =SmtRes!DC203 -> 0.5 | R102: =ROUND(ROUND(Q102*Source!I246, 6)*1, 2) -> 0.02 | S102: =SmtRes!AC203 -> 1.22 | T102: =ROUND(ROUND(Q102*Source!I246, 6)*SmtRes!AK203, 2) -> 0.58 | U102: 2 | Y102: =SmtRes!X203 -> 926785503 | Z102: 978282338 | AA102: -1628962247
...

Sheet Расчет стоимости ресурсов
A2: Ресурсная ведомость на
A3: =CONCATENATE("Объект: ",IF(Source!G1515<>"Новый объект", Source!G1515, "")) -> Объект: Ерамешанцева_(Копия)
A4: Обоснование | B4: Наименование | C4: Единица измерения | D4: Объем | E4: Текущая
E6: цена | F6: стоимость
A7: 1 | B7: 2 | C7: 3 | D7: 4 | E7: 5 | F7: 6
A8: =CONCATENATE("Локальная смета: ",IF(Source!G22<>"Новая локальная смета", Source!G22, "")) -> Локальная смета: ПЗУ
A9: =CONCATENATE("Раздел: ",IF(Source!G26<>"Новый раздел", Source!G26, "")) -> Раздел: Демонтажные работы
A10: Трудовые ресурсы
A11: 9999990008 | B11: Трудозатраты рабочих | C11: чел.-ч. | D11: =ROUND(SUMIF(RV_DATA!AA8:'RV_DATA'!AA8, 1499241640, RV_DATA!I8:'RV_DATA'!I8), 6) -> 5.0102 | E11: =ROUND(RV_DATA!N8, 6) -> 0 | F11: =ROUND(SUMIF(RV_DATA!AA8:'RV_DATA'!AA8, 1499241640, RV_DATA!O8:'RV_DATA'!O8), 6) -> 0 | Q11: 1
A12: Итого трудовые ресурсы | E12: =SUMIF(Q11:Q11, 1, F11:F11) -> 0
A13: =CONCATENATE("Раздел: ",IF(Source!G63<>"Новый раздел", Source!G63, "")) -> Раздел: Монтажные работы
A14: Трудовые ресурсы
A15: 9999990008 | B15: Трудозатраты рабочих | C15: чел.-ч. | D15: =ROUND(SUMIF(RV_DATA!AA10:'RV_DATA'!AA38, 1499241640, RV_DATA!I10:'RV_DATA'!I38), 6) -> 14.600354 | E15: =ROUND(RV_DATA!N16, 6) -> 0 | F15: =ROUND(SUMIF(RV_DATA!AA10:'RV_DATA'!AA38, 1499241640, RV_DATA!O10:'RV_DATA'!O38), 6) -> 0 | Q15: 1
A16: Итого трудовые ресурсы | E16: =SUMIF(Q15:Q15, 1, F15:F15) -> 0
A17: Машины и механизмы
A18: 2.1-1-43 | B18: Бульдозеры гусеничные, мощность до 59 кВт (80 л.с.) | C18: маш.-ч. | D18: =ROUND(SUMIF(RV_DATA!AA10:'RV_DATA'!AA38, -877601771, RV_DATA!I10:'RV_DATA'!I38), 6) -> 0.058163 | E18: =ROUND(RV_DATA!N24, 6) -> 1857.12 | F18: =ROUND(SUMIF(RV_DATA!AA10:'RV_DATA'!AA38, -877601771, RV_DATA!O10:'RV_DATA'!O38), 6) -> 103.17 | Q18: 2
A19: 2.1-2-1 | B19: Тракторы на гусеничном ходу, мощность до 60 кВт (81 л.с.) | C19: маш.-ч. | D19: =ROUND(SUMIF(RV_DATA!AA10:'RV_DATA'!AA38, -937377343, RV_DATA!I10:'RV_DATA'!I38), 6) -> 0.05478 | E19: =ROUND(RV_DATA!N15, 6) -> 1335.21 | F19: =ROUND(SUMIF(RV_DATA!AA10:'RV_DATA'!AA38, -937377343, RV_DATA!O10:'RV_DATA'!O38), 6) -> 69.86 | Q19: 2
A20: 2.1-3-38 | B20: Краны на автомобильном ходу, грузоподъемность до 16 т | C20: маш.-ч. | D20: =ROUND(SUMIF(RV_DATA!AA10:'RV_DATA'!AA38, 2105875465, RV_DATA!I10:'RV_DATA'!I38), 6) -> 0.078538 | E20: =ROUND(RV_DATA!N36, 6) -> 2059.01 | F20: =ROUND(SUMIF(RV_DATA!AA10:'RV_DATA'!AA38, 2105875465, RV_DATA!O10:'RV_DATA'!O38), 6) -> 154.45 | Q20: 2
A21: 2.1-5-15 | B21: Катки прицепные пневмоколесные, масса до 50 т | C21: маш.-ч. | D21: =ROUND(SUMIF(RV_DATA!AA10:'RV_DATA'!AA38, -1966971311, RV_DATA!I10:'RV_DATA'!I38), 6) -> 0.05478 | E21: =ROUND(RV_DATA!N14, 6) -> 65.93 | F21: =ROUND(SUMIF(RV_DATA!AA10:'RV_DATA'!AA38, -1966971311, RV_DATA!O10:'RV_DATA'!O38), 6) -> 3.45 | Q21: 2
A22: 2.1-5-18 | B22: Машины поливомоечные, емкость цистерны до 8 м3 | C22: маш.-ч. | D22: =ROUND(SUMIF(RV_DATA!AA10:'RV_DATA'!AA38, 1582930142, RV_DATA!I10:'RV_DATA'!I38), 6) -> 0.043973 | E22: =ROUND(RV_DATA!N13, 6) -> 2693.8 | F22: =ROUND(SUMIF(RV_DATA!AA10:'RV_DATA'!AA38, 1582930142, RV_DATA!O10:'RV_DATA'!O38), 6) -> 113.14 | Q22: 2
A23: 2.1-5-2 | B23: Катки самоходные вибрационные, масса до 8 т | C23: маш.-ч. | D23: =ROUND(SUMIF(RV_DATA!AA10:'RV_DATA'!AA38, 2121464141, RV_DATA!I10:'RV_DATA'!I38), 6) -> 0.177458 | E23: =ROUND(RV_DATA!N22, 6) -> 1899.99 | F23: =ROUND(SUMIF(RV_DATA!AA10:'RV_DATA'!AA38, 2121464141, RV_DATA!O10:'RV_DATA'!O38), 6) -> 322.03 | Q23: 2
A24: 2.1-5-3 | B24: Катки самоходные вибрационные, масса до 14 т | C24: маш.-ч. | D24: =ROUND(SUMIF(RV_DATA!AA10:'RV_DATA'!AA38, -1025915691, RV_DATA!I10:'RV_DATA'!I38), 6) -> 0.36135 | E24: =ROUND(RV_DATA!N21, 6) -> 2376.3 | F24: =ROUND(SUMIF(RV_DATA!AA10:'RV_DATA'!AA38, -1025915691, RV_DATA!O10:'RV_DATA'!O38), 6) -> 820.13 | Q24: 2
A25: 2.1-5-48 | B25: Автогрейдеры, мощность 99-147 кВт (130-200 л.с.) | C25: маш.-ч. | D25: =ROUND(SUMIF(RV_DATA!AA10:'RV_DATA'!AA38, 1772781083, RV_DATA!I10:'RV_DATA'!I38), 6) -> 0.095453 | E25: =ROUND(RV_DATA!N12, 6) -> 1407.06 | F25: =ROUND(SUMIF(RV_DATA!AA10:'RV_DATA'!AA38, 1772781083, RV_DATA!O10:'RV_DATA'!O38), 6) -> 128.28 | Q25: 2
A26: 2.1-5-7 | B26: Катки дорожные самоходные на пневмоколесном ходу, масса до 16 т | C26: маш.-ч. | D26: =ROUND(SUMIF(RV_DATA!AA10:'RV_DATA'!AA38, -1385780307, RV_DATA!I10:'RV_DATA'!I38), 6) -> 0.03003 | E26: =ROUND(RV_DATA!N11, 6) -> 2026.14 | F26: =ROUND(SUMIF(RV_DATA!AA10:'RV_DATA'!AA38, -1385780307, RV_DATA!O10:'RV_DATA'!O38), 6) -> 58.12 | Q26: 2
A27: Итого машины и механизмы | E27: =SUMIF(Q18:Q26, 2, F18:F26) -> 1772.63
A28: Материальные ресурсы
A29: 1.1-1-118 | B29: Вода | C29: м3 | D29: =ROUND(SUMIF(RV_DATA!AA10:'RV_DATA'!AA38, -1489187206, RV_DATA!I10:'RV_DATA'!I38), 6) -> 0.2706 | E29: =ROUND(RV_DATA!N10, 6) -> 42.5 | F29: =ROUND(SUMIF(RV_DATA!AA10:'RV_DATA'!AA38, -1489187206, RV_DATA!O10:'RV_DATA'!O38), 6) -> 11.48 | Q29: 3
A30: 1.1-1-1554 | B30: Щебень из естественного камня для дорожных работ, марка 1200 - 800, фракция 10 - 20 мм | C30: м3 | D30: =ROUND(SUMIF(RV_DATA!AA10:'RV_DATA'!AA38, -597181493, RV_DATA!I10:'RV_DATA'!I38), 6) -> 2.4948 | E30: =ROUND(RV_DATA!N26, 6) -> 3478.484 | F30: =ROUND(SUMIF(RV_DATA!AA10:'RV_DATA'!AA38, -597181493, RV_DATA!O10:'RV_DATA'!O38), 6) -> 8678.12 | Q30: 3
A31: 1.1-1-46 | B31: Битумы нефтяные, дорожные жидкие, марка МГ, СГ | C31: т | D31: =ROUND(SUMIF(RV_DATA!AA10:'RV_DATA'!AA38, -1320521069, RV_DATA!I10:'RV_DATA'!I38), 6) -> 0.00792 | E31: =ROUND(RV_DATA!N28, 6) -> 37258.94 | F31: =ROUND(SUMIF(RV_DATA!AA10:'RV_DATA'!AA38, -1320521069, RV_DATA!O10:'RV_DATA'!O38), 6) -> 295.1 | Q31: 3
A32: 1.1-1-766 | B32: Песок для строительных работ, рядовой | C32: м3 | D32: =ROUND(SUMIF(RV_DATA!AA10:'RV_DATA'!AA38, -2049674672, RV_DATA!I10:'RV_DATA'!I38), 6) -> 2.904 | E32: =ROUND(RV_DATA!N17, 6) -> 722.3312 | F32: =ROUND(SUMIF(RV_DATA!AA10:'RV_DATA'!AA38, -2049674672, RV_DATA!O10:'RV_DATA'!O38), 6) -> 2097.65 | Q32: 3
A33: 1.1-1-766 | B33: Песок для строительных работ, рядовой | C33: м3 | D33: =ROUND(SUMIF(RV_DATA!AA10:'RV_DATA'!AA38, 746727013, RV_DATA!I10:'RV_DATA'!I38), 6) -> 0.066 | E33: =ROUND(RV_DATA!N27, 6) -> 722.33 | F33: =ROUND(SUMIF(RV_DATA!AA10:'RV_DATA'!AA38, 746727013, RV_DATA!O10:'RV_DATA'!O38), 6) -> 47.68 | Q33: 3
A34: 1.3-1-38 | B34: Смеси бетонные, БСГ, тяжелого бетона на гранитном щебне, класс прочности В15 (М200); П3, фракция 5-20, F50-100, W0-2 | C34: м3 | D34: =ROUND(SUMIF(RV_DATA!AA10:'RV_DATA'!AA38, 2010091897, RV_DATA!I10:'RV_DATA'!I38), 6) -> 0.6077 | E34: =ROUND(RV_DATA!N35, 6) -> 5899.87 | F34: =ROUND(SUMIF(RV_DATA!AA10:'RV_DATA'!AA38, 2010091897, RV_DATA!O10:'RV_DATA'!O38), 6) -> 3563.97 | Q34: 3
A35: 1.3-2-5 | B35: Растворы цементные, марка 100 | C35: м3 | D35: =ROUND(SUMIF(RV_DATA!AA10:'RV_DATA'!AA38, 745988685, RV_DATA!I10:'RV_DATA'!I38), 6) -> 0.00618 | E35: =ROUND(RV_DATA!N34, 6) -> 3953.01 | F35: =ROUND(SUMIF(RV_DATA!AA10:'RV_DATA'!AA38, 745988685, RV_DATA!O10:'RV_DATA'!O38), 6) -> 24.29 | Q35: 3
A36: 1.3-3-9 | B36: Смеси асфальтобетонные дорожные горячие мелкозернистые, марка II, тип В | C36: т | D36: =ROUND(SUMIF(RV_DATA!AA10:'RV_DATA'!AA38, 1192786114, RV_DATA!I10:'RV_DATA'!I38), 6) -> 2.40174 | E36: =ROUND(RV_DATA!N30, 6) -> 3772.5781 | F36: =ROUND(SUMIF(RV_DATA!AA10:'RV_DATA'!AA38, 1192786114, RV_DATA!O10:'RV_DATA'!O38), 6) -> 9060.75 | Q36: 3
A37: 1.5-3-499 | B37: Камни бетонные бортовые, марка БР 100.20.8 | C37: м3 | D37: =ROUND(SUMIF(RV_DATA!AA10:'RV_DATA'!AA38, -1089126221, RV_DATA!I10:'RV_DATA'!I38), 6) -> 0.4429 | E37: =ROUND(RV_DATA!N38, 6) -> 12310.264 | F37: =ROUND(SUMIF(RV_DATA!AA10:'RV_DATA'!AA38, -1089126221, RV_DATA!O10:'RV_DATA'!O38), 6) -> 5452.22 | Q37: 3
A38: 9999990006 | B38: Стоимость прочих материалов (ЭСН) | C38: руб. | D38: =ROUND(SUMIF(RV_DATA!AA10:'RV_DATA'!AA38, -2070296124, RV_DATA!I10:'RV_DATA'!I38), 6) -> 11.98302 | E38: =ROUND(RV_DATA!N33, 6) -> 8.7 | F38: =ROUND(SUMIF(RV_DATA!AA10:'RV_DATA'!AA38, -2070296124, RV_DATA!O10:'RV_DATA'!O38), 6) -> 103.65 | Q38: 3
A39: Итого материальные ресурсы | E39: =SUMIF(Q29:Q38, 3, F29:F38) -> 29334.91
A41: =CONCATENATE("Итого по локальной смете:",IF(Source!G116<>"Новая локальная смета", Source!G116, "")) -> Итого по локальной смете:ПЗУ
A42: Итого трудовые ресурсы | E42: =SUMIF(Q1:Q41, 1, F1:F41) -> 0
A43: Итого машины и механизмы | E43: =SUMIF(Q1:Q42, 2, F1:F42) -> 1772.63
A44: Итого материальные ресурсы | E44: =SUMIF(Q1:Q43, 3, F1:F43) -> 29334.91
A45: Итого материалы заказчика | E45: =SUMIF(Q1:Q44, 4, F1:F44) -> 0
A46: Итого оборудование | E46: =SUMIF(Q1:Q45, 5, F1:F45) -> 0
A48: =CONCATENATE("Локальная смета: ",IF(Source!G148<>"Новая локальная смета", Source!G148, "")) -> Локальная смета: Архитектурные решения
A49: =CONCATENATE("Раздел: ",IF(Source!G152<>"Новый раздел", Source!G152, "")) -> Раздел: Демонтажные работы
A50: Трудовые ресурсы
A51: 9999990008 | B51: Трудозатраты рабочих | C51: чел.-ч. | D51: =ROUND(SUMIF(RV_DATA!AA41:'RV_DATA'!AA67, 1499241640, RV_DATA!I41:'RV_DATA'!I67), 6) -> 288.50948 | E51: =ROUND(RV_DATA!N46, 6) -> 0 | F51: =ROUND(SUMIF(RV_DATA!AA41:'RV_DATA'!AA67, 1499241640, RV_DATA!O41:'RV_DATA'!O67), 6) -> 0 | Q51: 1
A52: Итого трудовые ресурсы | E52: =SUMIF(Q51:Q51, 1, F51:F51) -> 0
A53: Машины и механизмы
A54: 2.1-10-4 | B54: Компрессоры прицепные с двигателем внутреннего сгорания, производительность до 2,5 м3/мин, мощность двигателя до 23 кВт (31,3 л.с.) | C54: маш.-ч. | D54: =ROUND(SUMIF(RV_DATA!AA41:'RV_DATA'!AA67, -2002567974, RV_DATA!I41:'RV_DATA'!I67), 6) -> 0.71992 | E54: =ROUND(RV_DATA!N59, 6) -> 721.62 | F54: =ROUND(SUMIF(RV_DATA!AA41:'RV_DATA'!AA67, -2002567974, RV_DATA!O41:'RV_DATA'!O67), 6) -> 496.19 | Q54: 2
A55: 2.1-13-21 | B55: Печи электрические для сушки сварочных материалов с регулированием температуры в пределах 80-500С | C55: маш.-ч. | D55: =ROUND(SUMIF(RV_DATA!AA41:'RV_DATA'!AA67, 102445925, RV_DATA!I41:'RV_DATA'!I67), 6) -> 0.00625 | E55: =ROUND(RV_DATA!N45, 6) -> 77.03 | F55: =ROUND(SUMIF(RV_DATA!AA41:'RV_DATA'!AA67, 102445925, RV_DATA!O41:'RV_DATA'!O67), 6) -> 0.44 | Q55: 2
A56: 2.1-30-46 | B56: Преобразователи частоты тока до 500 А | C56: маш.-ч. | D56: =ROUND(SUMIF(RV_DATA!AA41:'RV_DATA'!AA67, 1233659793, RV_DATA!I41:'RV_DATA'!I67), 6) -> 0.079162 | E56: =ROUND(RV_DATA!N44, 6) -> 33.54 | F56: =ROUND(SUMIF(RV_DATA!AA41:'RV_DATA'!AA67, 1233659793, RV_DATA!O41:'RV_DATA'!O67), 6) -> 2.44 | Q56: 2
A57: 2.1-30-54 | B57: Молотки отбойные | C57: маш.-ч. | D57: =ROUND(SUMIF(RV_DATA!AA41:'RV_DATA'!AA67, -675024831, RV_DATA!I41:'RV_DATA'!I67), 6) -> 0.71992 | E57: =ROUND(RV_DATA!N58, 6) -> 25.61 | F57: =ROUND(SUMIF(RV_DATA!AA41:'RV_DATA'!AA67, -675024831, RV_DATA!O41:'RV_DATA'!O67), 6) -> 17.6 | Q57: 2
A58: 2.1-4-31 | B58: Лебедки электрические, грузоподъемность до 1,5 т | C58: маш.-ч. | D58: =ROUND(SUMIF(RV_DATA!AA41:'RV_DATA'!AA67, -1782595156, RV_DATA!I41:'RV_DATA'!I67), 6) -> 0.696 | E58: =ROUND(RV_DATA!N56, 6) -> 24.96 | F58: =ROUND(SUMIF(RV_DATA!AA41:'RV_DATA'!AA67, -1782595156, RV_DATA!O41:'RV_DATA'!O67), 6) -> 15.98 | Q58: 2
A59: 9999990007 | B59: Стоимость прочих машин (ЭСН) | C59: руб. | D59: =ROUND(SUMIF(RV_DATA!AA41:'RV_DATA'!AA67, -453702883, RV_DATA!I41:'RV_DATA'!I67), 6) -> 24.19116 | E59: =ROUND(RV_DATA!N43, 6) -> 1.09 | F59: =ROUND(SUMIF(RV_DATA!AA41:'RV_DATA'!AA67, -453702883, RV_DATA!O41:'RV_DATA'!O67), 6) -> 24.19 | Q59: 2
A60: 9999990007 | B60: Стоимость прочих машин (ЭСН) | C60: руб. | D60: =ROUND(SUMIF(RV_DATA!AA41:'RV_DATA'!AA67, -314357962, RV_DATA!I41:'RV_DATA'!I67), 6) -> 2429.9148 | E60: =ROUND(RV_DATA!N50, 6) -> 1.05 | F60: =ROUND(SUMIF(RV_DATA!AA41:'RV_DATA'!AA67, -314357962, RV_DATA!O41:'RV_DATA'!O67), 6) -> 2429.92 | Q60: 2
A61: Итого машины и механизмы | E61: =SUMIF(Q54:Q60, 2, F54:F60) -> 2986.76
A62: Материальные ресурсы
A63: 1.1-1-1566 | B63: Электроды, тип Э-42, 46, 50, диаметр 4 - 6 мм | C63: т | D63: =ROUND(SUMIF(RV_DATA!AA41:'RV_DATA'!AA67, 2138865355, RV_DATA!I41:'RV_DATA'!I67), 6) -> 0.000163 | E63: =ROUND(RV_DATA!N42, 6) -> 145777.99 | F63: =ROUND(SUMIF(RV_DATA!AA41:'RV_DATA'!AA67, 2138865355, RV_DATA!O41:'RV_DATA'!O67), 6) -> 23.74 | Q63: 3
A64: 9999990006 | B64: Стоимость прочих материалов (ЭСН) | C64: руб. | D64: =ROUND(SUMIF(RV_DATA!AA41:'RV_DATA'!AA67, 19367311, RV_DATA!I41:'RV_DATA'!I67), 6) -> 5.296637 | E64: =ROUND(RV_DATA!N41, 6) -> 8.65 | F64: =ROUND(SUMIF(RV_DATA!AA41:'RV_DATA'!AA67, 19367311, RV_DATA!O41:'RV_DATA'!O67), 6) -> 45.82 | Q64: 3
A65: Итого материальные ресурсы | E65: =SUMIF(Q63:Q64, 3, F63:F64) -> 69.56
A66: =CONCATENATE("Раздел: ",IF(Source!G225<>"Новый раздел", Source!G225, "")) -> Раздел: Монтажные работы
A67: Трудовые ресурсы
A68: 9999990008 | B68: Трудозатраты рабочих | C68: чел.-ч. | D68: =ROUND(SUMIF(RV_DATA!AA69:'RV_DATA'!AA209, 1499241640, RV_DATA!I69:'RV_DATA'!I209), 6) -> 341.94449 | E68: =ROUND(RV_DATA!N75, 6) -> 0 | F68: =ROUND(SUMIF(RV_DATA!AA69:'RV_DATA'!AA209, 1499241640, RV_DATA!O69:'RV_DATA'!O209), 6) -> 0 | Q68: 1
A69: Итого трудовые ресурсы | E69: =SUMIF(Q68:Q68, 1, F68:F68) -> 0
A70: Машины и механизмы
A71: 2.1-13-14 | B71: Аппараты сварочные постоянного тока (выпрямители) для ручной дуговой сварки, сварочный ток до 500 А | C71: маш.-ч. | D71: =ROUND(SUMIF(RV_DATA!AA69:'RV_DATA'!AA209, 1620354088, RV_DATA!I69:'RV_DATA'!I209), 6) -> 0.325 | E71: =ROUND(RV_DATA!N82, 6) -> 65.87 | F71: =ROUND(SUMIF(RV_DATA!AA69:'RV_DATA'!AA209, 1620354088, RV_DATA!O69:'RV_DATA'!O209), 6) -> 20.46 | Q71: 2
A72: 2.1-13-14 | B72: Аппараты сварочные постоянного тока (выпрямители) для ручной дуговой сварки, сварочный ток до 500 А | C72: маш.-ч. | D72: =ROUND(SUMIF(RV_DATA!AA69:'RV_DATA'!AA209, 473043955, RV_DATA!I69:'RV_DATA'!I209), 6) -> 0.675 | E72: =ROUND(RV_DATA!N121, 6) -> 67.13 | F72: =ROUND(SUMIF(RV_DATA!AA69:'RV_DATA'!AA209, 473043955, RV_DATA!O69:'RV_DATA'!O209), 6) -> 42.45 | Q72: 2
A73: 2.1-13-15 | B73: Аппараты сварочные | C73: маш.-ч. | D73: =ROUND(SUMIF(RV_DATA!AA69:'RV_DATA'!AA209, -1031006293, RV_DATA!I69:'RV_DATA'!I209), 6) -> 1.02312 | E73: =ROUND(RV_DATA!N74, 6) -> 421.28 | F73: =ROUND(SUMIF(RV_DATA!AA69:'RV_DATA'!AA209, -1031006293, RV_DATA!O69:'RV_DATA'!O209), 6) -> 396.46 | Q73: 2
A74: 2.1-14-13 | B74: Пылесосы | C74: маш.-ч. | D74: =ROUND(SUMIF(RV_DATA!AA69:'RV_DATA'!AA209, 1437890844, RV_DATA!I69:'RV_DATA'!I209), 6) -> 0.21 | E74: =ROUND(RV_DATA!N187, 6) -> 75.8 | F74: =ROUND(SUMIF(RV_DATA!AA69:'RV_DATA'!AA209, 1437890844, RV_DATA!O69:'RV_DATA'!O209), 6) -> 15.2 | Q74: 2
A75: 2.1-18-7 | B75: Автомобили грузовые бортовые, грузоподъемность до 5 т | C75: маш.-ч. | D75: =ROUND(SUMIF(RV_DATA!AA69:'RV_DATA'!AA209, -489591781, RV_DATA!I69:'RV_DATA'!I209), 6) -> 0.291183 | E75: =ROUND(RV_DATA!N96, 6) -> 918.4 | F75: =ROUND(SUMIF(RV_DATA!AA69:'RV_DATA'!AA209, -489591781, RV_DATA!O69:'RV_DATA'!O209), 6) -> 255.42 | Q75: 2
A76: 2.1-18-7 | B76: Автомобили грузовые бортовые, грузоподъемность до 5 т | C76: маш.-ч. | D76: =ROUND(SUMIF(RV_DATA!AA69:'RV_DATA'!AA209, 1144387144, RV_DATA!I69:'RV_DATA'!I209), 6) -> 0.075 | E76: =ROUND(RV_DATA!N120, 6) -> 935.94 | F76: =ROUND(SUMIF(RV_DATA!AA69:'RV_DATA'!AA209, 1144387144, RV_DATA!O69:'RV_DATA'!O209), 6) -> 65.81 | Q76: 2
A77: 2.1-30-10 | B77: Перфораторы электрические, мощность до 800 Вт | C77: маш.-ч. | D77: =ROUND(SUMIF(RV_DATA!AA69:'RV_DATA'!AA209, -1848034222, RV_DATA!I69:'RV_DATA'!I209), 6) -> 1.38852 | E77: =ROUND(RV_DATA!N73, 6) -> 13.67 | F77: =ROUND(SUMIF(RV_DATA!AA69:'RV_DATA'!AA209, -1848034222, RV_DATA!O69:'RV_DATA'!O209), 6) -> 17.34 | Q77: 2
A78: 2.1-30-10 | B78: Перфораторы электрические, мощность до 800 Вт | C78: маш.-ч. | D78: =ROUND(SUMIF(RV_DATA!AA69:'RV_DATA'!AA209, -560420203, RV_DATA!I69:'RV_DATA'!I209), 6) -> 0.76608 | E78: =ROUND(RV_DATA!N103, 6) -> 13.17 | F78: =ROUND(SUMIF(RV_DATA!AA69:'RV_DATA'!AA209, -560420203, RV_DATA!O69:'RV_DATA'!O209), 6) -> 9.63 | Q78: 2
A79: 2.1-30-103 | B79: Перфораторы электрические, мощность до 1,2 кВт | C79: маш.-ч. | D79: =ROUND(SUMIF(RV_DATA!AA69:'RV_DATA'!AA209, 2049690426, RV_DATA!I69:'RV_DATA'!I209), 6) -> 0.2905 | E79: =ROUND(RV_DATA!N185, 6) -> 19.52 | F79: =ROUND(SUMIF(RV_DATA!AA69:'RV_DATA'!AA209, 2049690426, RV_DATA!O69:'RV_DATA'!O209), 6) -> 5.42 | Q79: 2
A80: 2.1-30-19 | B80: Машины шлифовальные электрические, мощность до 1700 Вт | C80: маш.-ч. | D80: =ROUND(SUMIF(RV_DATA!AA69:'RV_DATA'!AA209, 1230137050, RV_DATA!I69:'RV_DATA'!I209), 6) -> 0.025 | E80: =ROUND(RV_DATA!N81, 6) -> 3.72 | F80: =ROUND(SUMIF(RV_DATA!AA69:'RV_DATA'!AA209, 1230137050, RV_DATA!O69:'RV_DATA'!O209), 6) -> 0.1 | Q80: 2
A81: 2.1-30-56 | B81: Шуруповерты | C81: маш.-ч. | D81: =ROUND(SUMIF(RV_DATA!AA69:'RV_DATA'!AA209, -1628962247, RV_DATA!I69:'RV_DATA'!I209), 6) -> 2.184754 | E81: =ROUND(RV_DATA!N80, 6) -> 5.36 | F81: =ROUND(SUMIF(RV_DATA!AA69:'RV_DATA'!AA209, -1628962247, RV_DATA!O69:'RV_DATA'!O209), 6) -> 11.35 | Q81: 2
A82: 2.1-30-6 | B82: Дрели электрические | C82: маш.-ч. | D82: =ROUND(SUMIF(RV_DATA!AA69:'RV_DATA'!AA209, -883536378, RV_DATA!I69:'RV_DATA'!I209), 6) -> 4.573488 | E82: =ROUND(RV_DATA!N79, 6) -> 2.47 | F82: =ROUND(SUMIF(RV_DATA!AA69:'RV_DATA'!AA209, -883536378, RV_DATA!O69:'RV_DATA'!O209), 6) -> 10.79 | Q82: 2
A83: 2.1-30-75 | B83: Станки для резки плит | C83: маш.-ч. | D83: =ROUND(SUMIF(RV_DATA!AA69:'RV_DATA'!AA209, 1918652249, RV_DATA!I69:'RV_DATA'!I209), 6) -> 0.050763 | E83: =ROUND(RV_DATA!N169, 6) -> 33.35 | F83: =ROUND(SUMIF(RV_DATA!AA69:'RV_DATA'!AA209, 1918652249, RV_DATA!O69:'RV_DATA'!O209), 6) -> 1.61 | Q83: 2
A84: 2.1-3-38 | B84: Краны на автомобильном ходу, грузоподъемность до 16 т | C84: маш.-ч. | D84: =ROUND(SUMIF(RV_DATA!AA69:'RV_DATA'!AA209, 2105875465, RV_DATA!I69:'RV_DATA'!I209), 6) -> 0.07182 | E84: =ROUND(RV_DATA!N95, 6) -> 2059.01 | F84: =ROUND(SUMIF(RV_DATA!AA69:'RV_DATA'!AA209, 2105875465, RV_DATA!O69:'RV_DATA'!O209), 6) -> 141.24 | Q84: 2
A85: 2.1-3-38 | B85: Краны на автомобильном ходу, грузоподъемность до 16 т | C85: маш.-ч. | D85: =ROUND(SUMIF(RV_DATA!AA69:'RV_DATA'!AA209, 1719619468, RV_DATA!I69:'RV_DATA'!I209), 6) -> 0.03 | E85: =ROUND(RV_DATA!N115, 6) -> 2137.67 | F85: =ROUND(SUMIF(RV_DATA!AA69:'RV_DATA'!AA209, 1719619468, RV_DATA!O69:'RV_DATA'!O209), 6) -> 59 | Q85: 2
A86: 2.1-4-1 | B86: Погрузчики универсальные на пневмоколесном ходу, грузоподъемность до 1 т | C86: маш.-ч. | D86: =ROUND(SUMIF(RV_DATA!AA69:'RV_DATA'!AA209, -1898207473, RV_DATA!I69:'RV_DATA'!I209), 6) -> 0.00175 | E86: =ROUND(RV_DATA!N184, 6) -> 759.85 | F86: =ROUND(SUMIF(RV_DATA!AA69:'RV_DATA'!AA209, -1898207473, RV_DATA!O69:'RV_DATA'!O209), 6) -> 1.27 | Q86: 2
A87: 2.1-4-33 | B87: Лебедки электрические, грузоподъемность до 3 т | C87: маш.-ч. | D87: =ROUND(SUMIF(RV_DATA!AA69:'RV_DATA'!AA209, 434635663, RV_DATA!I69:'RV_DATA'!I209), 6) -> 0.785 | E87: =ROUND(RV_DATA!N114, 6) -> 7.34 | F87: =ROUND(SUMIF(RV_DATA!AA69:'RV_DATA'!AA209, 434635663, RV_DATA!O69:'RV_DATA'!O209), 6) -> 5.3 | Q87: 2
A88: 2.1-5-63 | B88: Котлы битумоварочные электрические, емкость до 500 л, мощность до 20 кВт | C88: маш.-ч. | D88: =ROUND(SUMIF(RV_DATA!AA69:'RV_DATA'!AA209, -1323582756, RV_DATA!I69:'RV_DATA'!I209), 6) -> 0.084578 | E88: =ROUND(RV_DATA!N94, 6) -> 136.89 | F88: =ROUND(SUMIF(RV_DATA!AA69:'RV_DATA'!AA209, -1323582756, RV_DATA!O69:'RV_DATA'!O209), 6) -> 11.06 | Q88: 2
A89: 2.1-6-33 | B89: Растворонасосы, производительность до 1 м3/ч | C89: маш.-ч. | D89: =ROUND(SUMIF(RV_DATA!AA69:'RV_DATA'!AA209, -1307641130, RV_DATA!I69:'RV_DATA'!I209), 6) -> 0.722625 | E89: =ROUND(RV_DATA!N140, 6) -> 482.88 | F89: =ROUND(SUMIF(RV_DATA!AA69:'RV_DATA'!AA209, -1307641130, RV_DATA!O69:'RV_DATA'!O209), 6) -> 340.42 | Q89: 2
A90: 9999990007 | B90: Стоимость прочих машин (ЭСН) | C90: руб. | D90: =ROUND(SUMIF(RV_DATA!AA69:'RV_DATA'!AA209, -314357962, RV_DATA!I69:'RV_DATA'!I209), 6) -> 39.901825 | E90: =ROUND(RV_DATA!N78, 6) -> 1.05 | F90: =ROUND(SUMIF(RV_DATA!AA69:'RV_DATA'!AA209, -314357962, RV_DATA!O69:'RV_DATA'!O209), 6) -> 39.9 | Q90: 2
A91: 9999990007 | B91: Стоимость прочих машин (ЭСН) | C91: руб. | D91: =ROUND(SUMIF(RV_DATA!AA69:'RV_DATA'!AA209, 69263875, RV_DATA!I69:'RV_DATA'!I209), 6) -> 45.118753 | E91: =ROUND(RV_DATA!N134, 6) -> 1.03 | F91: =ROUND(SUMIF(RV_DATA!AA69:'RV_DATA'!AA209, 69263875, RV_DATA!O69:'RV_DATA'!O209), 6) -> 45.11 | Q91: 2
A92: 9999990007 | B92: Стоимость прочих машин (ЭСН) | C92: руб. | D92: =ROUND(SUMIF(RV_DATA!AA69:'RV_DATA'!AA209, -453702883, RV_DATA!I69:'RV_DATA'!I209), 6) -> 0.1333 | E92: =ROUND(RV_DATA!N207, 6) -> 1.09 | F92: =ROUND(SUMIF(RV_DATA!AA69:'RV_DATA'!AA209, -453702883, RV_DATA!O69:'RV_DATA'!O209), 6) -> 0.13 | Q92: 2
A93: Итого машины и механизмы | E93: =SUMIF(Q71:Q92, 2, F71:F92) -> 1495.47
A94: Материальные ресурсы
A95: 1.1-1-1016 | B95: Материал рулонный кровельный, рубероид, марка РК-350, с крупнозернистой посыпкой | C95: м2 | D95: =ROUND(SUMIF(RV_DATA!AA69:'RV_DATA'!AA209, -1138910961, RV_DATA!I69:'RV_DATA'!I209), 6) -> 7.84 | E95: =ROUND(RV_DATA!N181, 6) -> 60.55 | F95: =ROUND(SUMIF(RV_DATA!AA69:'RV_DATA'!AA209, -1138910961, RV_DATA!O69:'RV_DATA'!O209), 6) -> 474.71 | Q95: 3
A96: 1.1-1-1029 | B96: Сетка проволочная штукатурная тканая, квадрат 5х5 мм, толщина 1,6 мм | C96: м2 | D96: =ROUND(SUMIF(RV_DATA!AA69:'RV_DATA'!AA209, -431973575, RV_DATA!I69:'RV_DATA'!I209), 6) -> 0.34071 | E96: =ROUND(RV_DATA!N138, 6) -> 793.36 | F96: =ROUND(SUMIF(RV_DATA!AA69:'RV_DATA'!AA209, -431973575, RV_DATA!O69:'RV_DATA'!O209), 6) -> 270.3 | Q96: 3
A97: 1.1-1-1043 | B97: Смола каменноугольная строительная | C97: т | D97: =ROUND(SUMIF(RV_DATA!AA69:'RV_DATA'!AA209, -1311215350, RV_DATA!I69:'RV_DATA'!I209), 6) -> 0.000892 | E97: =ROUND(RV_DATA!N93, 6) -> 17312.61 | F97: =ROUND(SUMIF(RV_DATA!AA69:'RV_DATA'!AA209, -1311215350, RV_DATA!O69:'RV_DATA'!O209), 6) -> 15.45 | Q97: 3
A98: 1.1-1-1079 | B98: Сталь листовая, оцинкованная, толщина 0,5 мм | C98: т | D98: =ROUND(SUMIF(RV_DATA!AA69:'RV_DATA'!AA209, 1326408835, RV_DATA!I69:'RV_DATA'!I209), 6) -> 0.016218 | E98: =ROUND(RV_DATA!N205, 6) -> 69897.869 | F98: =ROUND(SUMIF(RV_DATA!AA69:'RV_DATA'!AA209, 1326408835, RV_DATA!O69:'RV_DATA'!O209), 6) -> 1133.6 | Q98: 3
A99: 1.1-1-1082 | B99: Круг, квадрат горячекатаный из стали углеродистой обыкновенного качества, полуспокойной, размер 5-12 мм | C99: т | D99: =ROUND(SUMIF(RV_DATA!AA69:'RV_DATA'!AA209, 894768414, RV_DATA!I69:'RV_DATA'!I209), 6) -> 0.001864 | E99: =ROUND(RV_DATA!N72, 6) -> 64549.29 | F99: =ROUND(SUMIF(RV_DATA!AA69:'RV_DATA'!AA209, 894768414, RV_DATA!O69:'RV_DATA'!O209), 6) -> 120.2 | Q99: 3
A100: 1.1-1-118 | B100: Вода | C100: м3 | D100: =ROUND(SUMIF(RV_DATA!AA69:'RV_DATA'!AA209, -338647589, RV_DATA!I69:'RV_DATA'!I209), 6) -> 0.009 | E100: =ROUND(RV_DATA!N126, 6) -> 43.48 | F100: =ROUND(SUMIF(RV_DATA!AA69:'RV_DATA'!AA209, -338647589, RV_DATA!O69:'RV_DATA'!O209), 6) -> 0.38 | Q100: 3
A101: 1.1-1-118 | B101: Вода | C101: м3 | D101: =ROUND(SUMIF(RV_DATA!AA69:'RV_DATA'!AA209, -1279710304, RV_DATA!I69:'RV_DATA'!I209), 6) -> 0.064975 | E101: =ROUND(RV_DATA!N142, 6) -> 42.42 | F101: =ROUND(SUMIF(RV_DATA!AA69:'RV_DATA'!AA209, -1279710304, RV_DATA!O69:'RV_DATA'!O209), 6) -> 2.75 | Q101: 3
A102: 1.1-1-132 | B102: Гвозди строительные | C102: т | D102: =ROUND(SUMIF(RV_DATA!AA69:'RV_DATA'!AA209, -1328956981, RV_DATA!I69:'RV_DATA'!I209), 6) -> 0.000156 | E102: =ROUND(RV_DATA!N92, 6) -> 63127.35 | F102: =ROUND(SUMIF(RV_DATA!AA69:'RV_DATA'!AA209, -1328956981, RV_DATA!O69:'RV_DATA'!O209), 6) -> 9.85 | Q102: 3
A103: 1.1-1-132 | B103: Гвозди строительные | C103: т | D103: =ROUND(SUMIF(RV_DATA!AA69:'RV_DATA'!AA209, -75413624, RV_DATA!I69:'RV_DATA'!I209), 6) -> 0.000106 | E103: =ROUND(RV_DATA!N202, 6) -> 63190.47 | F103: =ROUND(SUMIF(RV_DATA!AA69:'RV_DATA'!AA209, -75413624, RV_DATA!O69:'RV_DATA'!O209), 6) -> 6.69 | Q103: 3
A104: 1.1-1-133 | B104: Гвозди толевые | C104: т | D104: =ROUND(SUMIF(RV_DATA!AA69:'RV_DATA'!AA209, -44344998, RV_DATA!I69:'RV_DATA'!I209), 6) -> 7.9e-05 | E104: =ROUND(RV_DATA!N91, 6) -> 84028.81 | F104: =ROUND(SUMIF(RV_DATA!AA69:'RV_DATA'!AA209, -44344998, RV_DATA!O69:'RV_DATA'!O209), 6) -> 6.67 | Q104: 3
...

Sheet Source
A1: 0 | B1: Smeta.RU (495) 974-1589 | D1: _PS_ | F1: 0 | G1: 0 | H1: 0 | I1: Smeta.RU | K1: 1 | L1: 46812 | M1: 97460402 | N1: 11 | O1: 6 | P1: 2 | Q1: 0
A12: 1 | B12: 1554 | C12: 0 | D12: =ROW(A1515) -> 1515 | E12: 0 | F12: Новый объект_(Копия) | G12: Ерамешанцева_(Копия) | I12: 0 | K12: 0 | L12: 0 | M12: 2 | O12: 0 | P12: 0 | Q12: 0 | R12: 175 | S12: 160 | T12: 1 | V12: 0 | BB12: 0 | BH12: Сметные нормы списания | BI12: Коды ОКП для ТСН-2001 МГЭ | BJ12: 1 | BK12: 1 | BL12: 0 | BM12: 0 | BN12: 1 | BO12: 0 | BP12: 6 | BQ12: 2 | BR12: 1 | BS12: 1 | BT12: 0 | BU12: 0 | BV12: 0 | BW12: 0 | BX12: 0 | BY12: ТСН-2001 МГЭ ремонт(Доп-53) | BZ12: Типовой расчет для ТСН-2001 МГЭ, Новая методика с выпуска доп. 43 (Ремонт), Доп 68 | CA12: Территориальные сметные нормативы для Москвы ТСН-2001 (МГЭ) | CB12: Территориальные сметные нормативы для Москвы ТСН-2001 (МГЭ) | CC12: Территориальные сметные нормативы для Москвы ТСН-2001 (МГЭ) | CD12: Территориальные сметные нормативы для Москвы ТСН-2001 (МГЭ) | CE12: Поправки для ТСН-2001 от 15.07.2022 г. доп.65 | CF12: 0 | CG12: 0 | CH12: 16785416 | CK12: 68 | CQ12: Территориальные сметные нормативы для Москвы (ТСН-2001) | CR12: ТЕР | CS12: 41660 | CT12: 1 | CU12: 68 | CY12: 0 | EC12: 0
A15: 15 | B15: 1
A18: 52 | B18: =B1515 -> 1554 | C18: =C1515 -> 1 | D18: =D1515 -> 12 | E18: =E1515 -> 0 | F18: =F1515 -> Новый объект_(Копия) | G18: =G1515 -> Ерамешанцева_(Копия) | O18: =O1515 -> 88262.99 | P18: =P1515 -> 66507.12 | Q18: =Q1515 -> 7412.84 | R18: =R1515 -> 914.07 | S18: =S1515 -> 14343.03 | T18: =T1515 -> 1946.32 | U18: =U1515 -> 1169.1732 | V18: =V1515 -> 0 | ... GX18: =GX1515 -> 0
A20: 3 | B20: 1 | D20: =ROW(A116) -> 116 | F20: 02-01-01 | G20: ПЗУ | I20: 0 | K20: -1 | S20: 0 | T20: 0 | V20: 0 | BX20: 0 | CF20: 0 | CG20: 0
A22: 52 | B22: =B116 -> 1 | C22: =C116 -> 3 | D22: =D116 -> 20 | E22: =E116 -> 0 | F22: =F116 -> 02-01-01 | G22: =G116 -> ПЗУ | O22: =O116 -> 3407.53 | P22: =P116 -> 3016.91 | Q22: =Q116 -> 171.87 | R22: =R116 -> 16.44 | S22: =S116 -> 218.75 | T22: =T116 -> 0 | U22: =U116 -> 19.610554 | V22: =V116 -> 0 | ... GX22: =GX116 -> 0
A24: 4 | B24: 1 | D24: =ROW(A31) -> 31 | F24: Новый раздел | G24: Демонтажные работы | I24: 0 | K24: 0 | S24: 0 | T24: 0 | V24: 0 | BX24: 0 | CJ24: 0
A26: 52 | B26: =B31 -> 1 | C26: =C31 -> 4 | D26: =D31 -> 24 | E26: =E31 -> 0 | F26: =F31 -> Новый раздел | G26: =G31 -> Демонтажные работы | O26: =O31 -> 53.11 | P26: =P31 -> 0 | Q26: =Q31 -> 0 | R26: =R31 -> 0 | S26: =S31 -> 53.11 | T26: =T31 -> 0 | U26: =U31 -> 5.0102 | V26: =V31 -> 0 | ... GX26: =GX31 -> 0
A28: 17 | B28: 1 | C28: =ROW(SmtRes!A1) -> 1 | D28: =ROW(EtalonRes!A1) -> 1 | E28: 1 | F28: 3.1-51-1 | G28: Разработка грунта вручную в траншеях глубиной до 2 м без креплений с откосами группа грунтов 1-3 | H28: 100 м3 грунта | I28: 0.026 | J28: 0 | K28: 0.026 | O28: =ROUND(CP28,2) -> 53.11 | P28: =ROUND((ROUND((AC28*AW28*I28),2)*BC28),2) -> 0 | Q28: =(ROUND((ROUND(((ET28)*AV28*I28),2)*BB28),2)+ROUND((ROUND(((AE28-(EU28))*AV28*I28),2)*BS28),2)) -> 0 | R28: =ROUND((ROUND((AE28*AV28*I28),2)*BS28),2) -> 0 | S28: =ROUND((ROUND((AF28*AV28*I28),2)*BA28),2) -> 53.11 | T28: =ROUND(CU28*I28,2) -> 0 | U28: =CV28*I28 -> 5.0102 | V28: =CW28*I28 -> 0 | W28: =ROUND(CX28*I28,2) -> 0 | X28: =ROUND(CY28,2) -> 48.33 | Y28: =ROUND(CZ28,2) -> 35.58 | AA28: 129761636 | AB28: =ROUND((AC28+AD28+AF28),6) -> 2042.62 | AC28: =ROUND((ES28),6) -> 0 | AD28: =ROUND((((ET28)-(EU28))+AE28),6) -> 0 | AE28: =ROUND((EU28),6) -> 0 | AF28: =ROUND((EV28),6) -> 2042.62 | AG28: =ROUND((AP28),6) -> 0 | AH28: =(EW28) -> 192.7 | AI28: =(EX28) -> 0 | AJ28: =(AS28) -> 0 | AK28: 2042.62 | AL28: 0 | AM28: 0 | AN28: 0 | AO28: 2042.62 | AP28: 0 | AQ28: 192.7 | AR28: 0 | AS28: 0 | AT28: 91 | AU28: 67 | AV28: 1 | AW28: 1 | AZ28: 1 | BA28: 1 | BB28: 1 | BC28: 1 | BH28: 0 | BI28: 1 | BJ28: ТСН-2001.3. Доп. 1-42. Сб. 1, т. 51, поз. 1 | BM28: 16 | BN28: 0 | BP28: 0 | BQ28: 30 | BR28: 0 | BS28: 1 | BT28: 1 | BU28: 1 | BV28: 1 | BW28: 1 | BX28: 1 | BZ28: 91 | CA28: 67 | CE28: 30 | CF28: 0 | CG28: 0 | CM28: 0 | CO28: 0 | CP28: =(P28+Q28+S28) -> 53.11 | CQ28: =ROUND((ROUND((AC28*AW28*1),2)*BC28),2) -> 0 | CR28: =(ROUND((ROUND(((ET28)*AV28*1),2)*BB28),2)+ROUND((ROUND(((AE28-(EU28))*AV28*1),2)*BS28),2)) -> 0 | CS28: =ROUND((ROUND((AE28*AV28*1),2)*BS28),2) -> 0 | CT28: =ROUND((ROUND((AF28*AV28*1),2)*BA28),2) -> 2042.62 | CU28: =AG28 -> 0 | CV28: =(AH28*AV28) -> 192.7 | CW28: =AI28 -> 0 | CX28: =AJ28 -> 0 | CY28: =((S28*BZ28)/100) -> 48.3301 | CZ28: =((S28*CA28)/100) -> 35.5837 | DN28: 0 | DO28: 0 | DP28: 1 | DQ28: 1 | DU28: 1013 | DV28: 100 м3 грунта | DW28: 100 м3 грунта | DX28: 1 | EE28: 126053478 | EF28: 30 | EG28: Строительные работы | EH28: 0 | EJ28: 1 | EK28: 16 | EL28: ТСН-2001.3-1. 1-49...1-55 | EM28: ТСН-2001.3-1-15 | EQ28: 131072 | ER28: 2042.62 | ES28: 0 | ET28: 0 | EU28: 0 | EV28: 2042.62 | EW28: 192.7 | EX28: 0 | EY28: 0 | FQ28: 0 | FR28: =ROUND(IF(AND(BH28=3,BI28=3),P28,0),2) -> 0 | FS28: 0 | FX28: 91 | FY28: 67 | GD28: 0 | GF28: -1632341149 | GG28: 2 | GH28: 1 | GI28: -2 | GJ28: 0 | GK28: =ROUND(R28*(R12)/100,2) -> 0 | GL28: =ROUND(IF(AND(BH28=3,BI28=3,FS28<>0),P28,0),2) -> 0 | GM28: =ROUND(O28+X28+Y28+GK28,2)+GX28 -> 137.02 | GN28: =IF(OR(BI28=0,BI28=1),ROUND(O28+X28+Y28+GK28,2),0) -> 137.02 | GO28: =IF(BI28=2,ROUND(O28+X28+Y28+GK28,2),0) -> 0 | GP28: =IF(BI28=4,ROUND(O28+X28+Y28+GK28,2)+GX28,0) -> 0 | GR28: 0 | GS28: 0 | GT28: 0 | GV28: =ROUND((GT28),6) -> 0 | GW28: 1 | GX28: =ROUND(HC28*I28,2) -> 0 | HA28: 0 | HB28: 0 | HC28: =GV28*GW28 -> 0 | IK28: 0
A29: 17 | B29: 1 | C29: =ROW(SmtRes!A2) -> 2 | D29: =ROW(EtalonRes!A2) -> 2 | E29: 1 | F29: 3.1-51-1 | G29: Разработка грунта вручную в траншеях глубиной до 2 м без креплений с откосами группа грунтов 1-3 | H29: 100 м3 грунта | I29: 0.026 | J29: 0 | K29: 0.026 | O29: =ROUND(CP29,2) -> 1541.78 | P29: =ROUND((ROUND((AC29*AW29*I29),2)*BC29),2) -> 0 | Q29: =(ROUND((ROUND(((ET29)*AV29*I29),2)*BB29),2)+ROUND((ROUND(((AE29-(EU29))*AV29*I29),2)*BS29),2)) -> 0 | R29: =ROUND((ROUND((AE29*AV29*I29),2)*BS29),2) -> 0 | S29: =ROUND((ROUND((AF29*AV29*I29),2)*BA29),2) -> 1541.78 | T29: =ROUND(CU29*I29,2) -> 0 | U29: =CV29*I29 -> 5.0102 | V29: =CW29*I29 -> 0 | W29: =ROUND(CX29*I29,2) -> 0 | X29: =ROUND(CY29,2) -> 1156.34 | Y29: =ROUND(CZ29,2) -> 632.13 | AA29: 129761633 | AB29: =ROUND((AC29+AD29+AF29),6) -> 2042.62 | AC29: =ROUND((ES29),6) -> 0 | AD29: =ROUND((((ET29)-(EU29))+AE29),6) -> 0 | AE29: =ROUND((EU29),6) -> 0 | AF29: =ROUND((EV29),6) -> 2042.62 | AG29: =ROUND((AP29),6) -> 0 | AH29: =(EW29) -> 192.7 | AI29: =(EX29) -> 0 | AJ29: =(AS29) -> 0 | AK29: 2042.62 | AL29: 0 | AM29: 0 | AN29: 0 | AO29: 2042.62 | AP29: 0 | AQ29: 192.7 | AR29: 0 | AS29: 0 | AT29: 75 | AU29: 41 | AV29: 1 | AW29: 1 | AZ29: 1 | BA29: 29.03 | BB29: 1 | BC29: 1 | BH29: 0 | BI29: 1 | BJ29: ТСН-2001.3. Доп. 1-42. Сб. 1, т. 51, поз. 1 | BM29: 16 | BN29: 0 | BO29: 3.1-51-1 | BP29: 1 | BQ29: 30 | BR29: 0 | BS29: 29.03 | BT29: 1 | BU29: 1 | BV29: 1 | BW29: 1 | BX29: 1 | BZ29: 75 | CA29: 41 | CE29: 30 | CF29: 0 | CG29: 0 | CM29: 0 | CO29: 0 | CP29: =(P29+Q29+S29) -> 1541.78 | CQ29: =ROUND((ROUND((AC29*AW29*1),2)*BC29),2) -> 0 | CR29: =(ROUND((ROUND(((ET29)*AV29*1),2)*BB29),2)+ROUND((ROUND(((AE29-(EU29))*AV29*1),2)*BS29),2)) -> 0 | CS29: =ROUND((ROUND((AE29*AV29*1),2)*BS29),2) -> 0 | CT29: =ROUND((ROUND((AF29*AV29*1),2)*BA29),2) -> 59297.26 | CU29: =AG29 -> 0 | CV29: =(AH29*AV29) -> 192.7 | CW29: =AI29 -> 0 | CX29: =AJ29 -> 0 | CY29: =S29*(BZ29/100) -> 1156.335 | CZ29: =S29*(CA29/100) -> 632.1298 | DN29: 91 | DO29: 67 | DP29: 1 | DQ29: 1 | DU29: 1013 | DV29: 100 м3 грунта | DW29: 100 м3 грунта | DX29: 1 | EE29: 126053478 | EF29: 30 | EG29: Строительные работы | EH29: 0 | EJ29: 1 | EK29: 16 | EL29: ТСН-2001.3-1. 1-49...1-55 | EM29: ТСН-2001.3-1-15 | EQ29: 131072 | ER29: 2042.62 | ES29: 0 | ET29: 0 | EU29: 0 | EV29: 2042.62 | EW29: 192.7 | EX29: 0 | EY29: 0 | FQ29: 0 | FR29: =ROUND(IF(AND(BH29=3,BI29=3),P29,0),2) -> 0 | FS29: 0 | FX29: 91 | FY29: 67 | GD29: 0 | GF29: -1632341149 | GG29: 2 | GH29: 1 | GI29: 2 | GJ29: 0 | GK29: =ROUND(R29*(S12)/100,2) -> 0 | GL29: =ROUND(IF(AND(BH29=3,BI29=3,FS29<>0),P29,0),2) -> 0 | GM29: =ROUND(O29+X29+Y29+GK29,2)+GX29 -> 3330.25 | GN29: =IF(OR(BI29=0,BI29=1),ROUND(O29+X29+Y29+GK29,2),0) -> 3330.25 | GO29: =IF(BI29=2,ROUND(O29+X29+Y29+GK29,2),0) -> 0 | GP29: =IF(BI29=4,ROUND(O29+X29+Y29+GK29,2)+GX29,0) -> 0 | GR29: 0 | GS29: 3 | GT29: 0 | GV29: =ROUND((GT29),6) -> 0 | GW29: 1 | GX29: =ROUND(HC29*I29,2) -> 0 | HA29: 0 | HB29: 0 | HC29: =GV29*GW29 -> 0 | IK29: 0
A31: 51 | B31: =B24 -> 1 | C31: =A24 -> 4 | D31: =ROW(A24) -> 24 | F31: =IF(F24<>"",F24,"") -> Новый раздел | G31: =IF(G24<>"",G24,"") -> Демонтажные работы | H31: 0 | O31: =ROUND(AB31,2) -> 53.11 | P31: =ROUND(AC31,2) -> 0 | Q31: =ROUND(AD31,2) -> 0 | R31: =ROUND(AE31,2) -> 0 | S31: =ROUND(AF31,2) -> 53.11 | T31: =ROUND(AG31,2) -> 0 | U31: =AH31 -> 5.0102 | V31: =AI31 -> 0 | W31: =ROUND(AJ31,2) -> 0 | X31: =ROUND(AK31,2) -> 48.33 | Y31: =ROUND(AL31,2) -> 35.58 | AB31: =ROUND(SUMIF(AA28:AA29,"=129761636",O28:O29),2) -> 53.11 | AC31: =ROUND(SUMIF(AA28:AA29,"=129761636",P28:P29),2) -> 0 | AD31: =ROUND(SUMIF(AA28:AA29,"=129761636",Q28:Q29),2) -> 0 | AE31: =ROUND(SUMIF(AA28:AA29,"=129761636",R28:R29),2) -> 0 | AF31: =ROUND(SUMIF(AA28:AA29,"=129761636",S28:S29),2) -> 53.11 | AG31: =ROUND(SUMIF(AA28:AA29,"=129761636",T28:T29),2) -> 0 | AH31: =SUMIF(AA28:AA29,"=129761636",U28:U29) -> 5.0102 | AI31: =SUMIF(AA28:AA29,"=129761636",V28:V29) -> 0 | AJ31: =ROUND(SUMIF(AA28:AA29,"=129761636",W28:W29),2) -> 0 | AK31: =ROUND(SUMIF(AA28:AA29,"=129761636",X28:X29),2) -> 48.33 | AL31: =ROUND(SUMIF(AA28:AA29,"=129761636",Y28:Y29),2) -> 35.58 | AO31: =ROUND(BX31,2) -> 0 | AP31: =ROUND(BY31,2) -> 0 | AQ31: =ROUND(BZ31,2) -> 0 | AR31: =ROUND(CA31,2) -> 137.02 | AS31: =ROUND(CB31,2) -> 137.02 | AT31: =ROUND(CC31,2) -> 0 | AU31: =ROUND(CD31,2) -> 0 | AV31: =ROUND(CE31,2) -> 0 | ... BD31: =ROUND(CM31,2) -> 0 | BX31: =ROUND(SUMIF(AA28:AA29,"=129761636",FQ28:FQ29),2) -> 0 | BY31: =ROUND(SUMIF(AA28:AA29,"=129761636",FR28:FR29),2) -> 0 | BZ31: =ROUND(SUMIF(AA28:AA29,"=129761636",GL28:GL29),2) -> 0 | CA31: =ROUND(SUMIF(AA28:AA29,"=129761636",GM28:GM29),2) -> 137.02 | CB31: =ROUND(SUMIF(AA28:AA29,"=129761636",GN28:GN29),2) -> 137.02 | CC31: =ROUND(SUMIF(AA28:AA29,"=129761636",GO28:GO29),2) -> 0 | CD31: =ROUND(SUMIF(AA28:AA29,"=129761636",GP28:GP29),2) -> 0 | CE31: =AC31-BX31 -> 0 | CF31: =AC31-BY31 -> 0 | CG31: =BX31-BZ31 -> 0 | CH31: =AC31-BX31-BY31+BZ31 -> 0 | CI31: =BY31-BZ31 -> 0 | CJ31: =ROUND(SUMIF(AA28:AA29,"=129761636",GX28:GX29),2) -> 0 | CK31: =ROUND(SUMIF(AA28:AA29,"=129761636",GY28:GY29),2) -> 0 | CL31: =ROUND(SUMIF(AA28:AA29,"=129761636",GZ28:GZ29),2) -> 0 | CM31: =ROUND(SUMIF(AA28:AA29,"=129761636",HD28:HD29),2) -> 0 | DG31: =ROUND(DT31,2) -> 1541.78 | DH31: =ROUND(DU31,2) -> 0 | DI31: =ROUND(DV31,2) -> 0 | DJ31: =ROUND(DW31,2) -> 0 | DK31: =ROUND(DX31,2) -> 1541.78 | DL31: =ROUND(DY31,2) -> 0 | DM31: =DZ31 -> 5.0102 | DN31: =EA31 -> 0 | DO31: =ROUND(EB31,2) -> 0 | DP31: =ROUND(EC31,2) -> 1156.34 | DQ31: =ROUND(ED31,2) -> 632.13 | DT31: =ROUND(SUMIF(AA28:AA29,"=129761633",O28:O29),2) -> 1541.78 | DU31: =ROUND(SUMIF(AA28:AA29,"=129761633",P28:P29),2) -> 0 | DV31: =ROUND(SUMIF(AA28:AA29,"=129761633",Q28:Q29),2) -> 0 | DW31: =ROUND(SUMIF(AA28:AA29,"=129761633",R28:R29),2) -> 0 | DX31: =ROUND(SUMIF(AA28:AA29,"=129761633",S28:S29),2) -> 1541.78 | DY31: =ROUND(SUMIF(AA28:AA29,"=129761633",T28:T29),2) -> 0 | DZ31: =SUMIF(AA28:AA29,"=129761633",U28:U29) -> 5.0102 | EA31: =SUMIF(AA28:AA29,"=129761633",V28:V29) -> 0 | EB31: =ROUND(SUMIF(AA28:AA29,"=129761633",W28:W29),2) -> 0 | EC31: =ROUND(SUMIF(AA28:AA29,"=129761633",X28:X29),2) -> 1156.34 | ED31: =ROUND(SUMIF(AA28:AA29,"=129761633",Y28:Y29),2) -> 632.13 | EG31: =ROUND(FP31,2) -> 0 | EH31: =ROUND(FQ31,2) -> 0 | EI31: =ROUND(FR31,2) -> 0 | EJ31: =ROUND(FS31,2) -> 3330.25 | EK31: =ROUND(FT31,2) -> 3330.25 | EL31: =ROUND(FU31,2) -> 0 | EM31: =ROUND(FV31,2) -> 0 | EN31: =ROUND(FW31,2) -> 0 | ... EV31: =ROUND(GE31,2) -> 0 | FP31: =ROUND(SUMIF(AA28:AA29,"=129761633",FQ28:FQ29),2) -> 0 | FQ31: =ROUND(SUMIF(AA28:AA29,"=129761633",FR28:FR29),2) -> 0 | FR31: =ROUND(SUMIF(AA28:AA29,"=129761633",GL28:GL29),2) -> 0 | FS31: =ROUND(SUMIF(AA28:AA29,"=129761633",GM28:GM29),2) -> 3330.25 | FT31: =ROUND(SUMIF(AA28:AA29,"=129761633",GN28:GN29),2) -> 3330.25 | FU31: =ROUND(SUMIF(AA28:AA29,"=129761633",GO28:GO29),2) -> 0 | FV31: =ROUND(SUMIF(AA28:AA29,"=129761633",GP28:GP29),2) -> 0 | FW31: =DU31-FP31 -> 0 | FX31: =DU31-FQ31 -> 0 | FY31: =FP31-FR31 -> 0 | FZ31: =DU31-FP31-FQ31+FR31 -> 0 | GA31: =FQ31-FR31 -> 0 | GB31: =ROUND(SUMIF(AA28:AA29,"=129761633",GX28:GX29),2) -> 0 | GC31: =ROUND(SUMIF(AA28:AA29,"=129761633",GY28:GY29),2) -> 0 | GD31: =ROUND(SUMIF(AA28:AA29,"=129761633",GZ28:GZ29),2) -> 0 | GE31: =ROUND(SUMIF(AA28:AA29,"=129761633",HD28:HD29),2) -> 0 | GX31: 0
A33: 50 | B33: 0 | C33: 0 | D33: 1 | E33: 201 | F33: =ROUND(Source!O31,O33) -> 53.11 | G33: ПЗ | H33: Прямые затраты | K33: 201 | L33: 1 | M33: 3 | O33: 2 | P33: =ROUND(Source!DG31,O33) -> 1541.78 | W33: 53.11 | X33: 1 | Y33: 53.11 | Z33: 1541.78 | AA33: 1 | AB33: 1541.78
A34: 50 | B34: 0 | C34: 0 | D34: 1 | E34: 202 | F34: =ROUND(Source!P31,O34) -> 0 | G34: СтМатОб | H34: Стоимость материальных ресурсов (всего) | K34: 202 | L34: 2 | M34: 3 | O34: 2 | P34: =ROUND(Source!DH31,O34) -> 0 | W34: 0 | X34: 1 | Y34: 0 | Z34: 0 | AA34: 1 | AB34: 0
A35: 50 | B35: 0 | C35: 0 | D35: 1 | E35: 222 | F35: =ROUND(Source!AO31,O35) -> 0 | G35: СтМатОбЗак | H35: Стоимость материалов и оборудования заказчика | K35: 222 | L35: 3 | M35: 3 | O35: 2 | P35: =ROUND(Source!EG31,O35) -> 0 | W35: 0 | X35: 1 | Y35: 0 | Z35: 0 | AA35: 1 | AB35: 0
A36: 50 | B36: 0 | C36: 0 | D36: 1 | E36: 225 | F36: =ROUND(Source!AV31,O36) -> 0 | G36: СтМатОбПод | H36: Стоимость материалов и оборудования подрядчика | K36: 225 | L36: 4 | M36: 3 | O36: 2 | P36: =ROUND(Source!EN31,O36) -> 0 | W36: 0 | X36: 1 | Y36: 0 | Z36: 0 | AA36: 1 | AB36: 0
A37: 50 | B37: 0 | C37: 0 | D37: 1 | E37: 226 | F37: =ROUND(Source!AW31,O37) -> 0 | G37: СтМат | H37: Стоимость материалов (всего) | K37: 226 | L37: 5 | M37: 3 | O37: 2 | P37: =ROUND(Source!EO31,O37) -> 0 | W37: 0 | X37: 1 | Y37: 0 | Z37: 0 | AA37: 1 | AB37: 0
A38: 50 | B38: 0 | C38: 0 | D38: 1 | E38: 227 | F38: =ROUND(Source!AX31,O38) -> 0 | G38: СтМатЗак | H38: Стоимость материалов заказчика | K38: 227 | L38: 6 | M38: 3 | O38: 2 | P38: =ROUND(Source!EP31,O38) -> 0 | W38: 0 | X38: 1 | Y38: 0 | Z38: 0 | AA38: 1 | AB38: 0
A39: 50 | B39: 0 | C39: 0 | D39: 1 | E39: 228 | F39: =ROUND(Source!AY31,O39) -> 0 | G39: СтМатПод | H39: Стоимость материалов подрядчика | K39: 228 | L39: 7 | M39: 3 | O39: 2 | P39: =ROUND(Source!EQ31,O39) -> 0 | W39: 0 | X39: 1 | Y39: 0 | Z39: 0 | AA39: 1 | AB39: 0
A40: 50 | B40: 0 | C40: 0 | D40: 1 | E40: 216 | F40: =ROUND(Source!AP31,O40) -> 0 | G40: Оборуд | H40: Стоимость оборудования (всего) | K40: 216 | L40: 8 | M40: 3 | O40: 2 | P40: =ROUND(Source!EH31,O40) -> 0 | W40: 0 | X40: 1 | Y40: 0 | Z40: 0 | AA40: 1 | AB40: 0
A41: 50 | B41: 0 | C41: 0 | D41: 1 | E41: 223 | F41: =ROUND(Source!AQ31,O41) -> 0 | G41: ОборудЗак | H41: Стоимость оборудования заказчика | K41: 223 | L41: 9 | M41: 3 | O41: 2 | P41: =ROUND(Source!EI31,O41) -> 0 | W41: 0 | X41: 1 | Y41: 0 | Z41: 0 | AA41: 1 | AB41: 0
A42: 50 | B42: 0 | C42: 0 | D42: 1 | E42: 229 | F42: =ROUND(Source!AZ31,O42) -> 0 | G42: ОборудПод | H42: Стоимость оборудования подрядчика | K42: 229 | L42: 10 | M42: 3 | O42: 2 | P42: =ROUND(Source!ER31,O42) -> 0 | W42: 0 | X42: 1 | Y42: 0 | Z42: 0 | AA42: 1 | AB42: 0
A43: 50 | B43: 0 | C43: 0 | D43: 1 | E43: 203 | F43: =ROUND(Source!Q31,O43) -> 0 | G43: ЭММ | H43: Эксплуатация машин | K43: 203 | L43: 11 | M43: 3 | O43: 2 | P43: =ROUND(Source!DI31,O43) -> 0 | W43: 0 | X43: 1 | Y43: 0 | Z43: 0 | AA43: 1 | AB43: 0
A44: 50 | B44: 0 | C44: 0 | D44: 1 | E44: 231 | F44: =ROUND(Source!BB31,O44) -> 0 | G44: ЭММсНРиСП | H44: Эксплуатация машин по ТСН-2001.16 | K44: 231 | L44: 12 | M44: 3 | O44: 2 | P44: =ROUND(Source!ET31,O44) -> 0 | W44: 0 | X44: 1 | Y44: 0 | Z44: 0 | AA44: 1 | AB44: 0
A45: 50 | B45: 0 | C45: 0 | D45: 1 | E45: 204 | F45: =ROUND(Source!R31,O45) -> 0 | G45: ЗПМ | H45: ЗП машинистов | K45: 204 | L45: 13 | M45: 3 | O45: 2 | P45: =ROUND(Source!DJ31,O45) -> 0 | W45: 0 | X45: 1 | Y45: 0 | Z45: 0 | AA45: 1 | AB45: 0
A46: 50 | B46: 0 | C46: 0 | D46: 1 | E46: 205 | F46: =ROUND(Source!S31,O46) -> 53.11 | G46: ОЗП | H46: Основная ЗП рабочих | K46: 205 | L46: 14 | M46: 3 | O46: 2 | P46: =ROUND(Source!DK31,O46) -> 1541.78 | W46: 53.11 | X46: 1 | Y46: 53.11 | Z46: 1541.78 | AA46: 1 | AB46: 1541.78
A47: 50 | B47: 0 | C47: 0 | D47: 1 | E47: 232 | F47: =ROUND(Source!BC31,O47) -> 0 | G47: ОЗПсНРиСП | H47: Основная ЗП рабочих по ТСН-2001.16 | K47: 232 | L47: 15 | M47: 3 | O47: 2 | P47: =ROUND(Source!EU31,O47) -> 0 | W47: 0 | X47: 1 | Y47: 0 | Z47: 0 | AA47: 1 | AB47: 0
A48: 50 | B48: 0 | C48: 0 | D48: 1 | E48: 214 | F48: =ROUND(Source!AS31,O48) -> 137.02 | G48: Строит | H48: Строительные работы с НР и СП | K48: 214 | L48: 16 | M48: 3 | O48: 2 | P48: =ROUND(Source!EK31,O48) -> 3330.25 | W48: 137.02 | X48: 1 | Y48: 137.02 | Z48: 3330.25 | AA48: 1 | AB48: 3330.25
A49: 50 | B49: 0 | C49: 0 | D49: 1 | E49: 215 | F49: =ROUND(Source!AT31,O49) -> 0 | G49: Монтаж | H49: Монтажные работы с НР и СП | K49: 215 | L49: 17 | M49: 3 | O49: 2 | P49: =ROUND(Source!EL31,O49) -> 0 | W49: 0 | X49: 1 | Y49: 0 | Z49: 0 | AA49: 1 | AB49: 0
A50: 50 | B50: 0 | C50: 0 | D50: 1 | E50: 217 | F50: =ROUND(Source!AU31,O50) -> 0 | G50: Прочие | H50: Прочие работы с НР и СП | K50: 217 | L50: 18 | M50: 3 | O50: 2 | P50: =ROUND(Source!EM31,O50) -> 0 | W50: 0 | X50: 1 | Y50: 0 | Z50: 0 | AA50: 1 | AB50: 0
A51: 50 | B51: 0 | C51: 0 | D51: 1 | E51: 230 | F51: =ROUND(Source!BA31,O51) -> 0 | G51: ПрочиеЗатр | H51: Прочие затраты по ТСН-2001.16 | K51: 230 | L51: 19 | M51: 3 | O51: 2 | P51: =ROUND(Source!ES31,O51) -> 0 | W51: 0 | X51: 1 | Y51: 0 | Z51: 0 | AA51: 1 | AB51: 0
A52: 50 | B52: 0 | C52: 0 | D52: 1 | E52: 206 | F52: =ROUND(Source!T31,O52) -> 0 | G52: ВозврМат | H52: Возврат материалов | K52: 206 | L52: 20 | M52: 3 | O52: 2 | P52: =ROUND(Source!DL31,O52) -> 0 | W52: 0 | X52: 1 | Y52: 0 | Z52: 0 | AA52: 1 | AB52: 0
A53: 50 | B53: 0 | C53: 0 | D53: 1 | E53: 207 | F53: =Source!U31 -> 5.0102 | G53: ТрудСтр | H53: Трудозатраты строителей | K53: 207 | L53: 21 | M53: 3 | O53: -1 | P53: =Source!DM31 -> 5.0102 | W53: 5.0102 | X53: 1 | Y53: 5.0102 | Z53: 5.0102 | AA53: 1 | AB53: 5.0102
A54: 50 | B54: 0 | C54: 0 | D54: 1 | E54: 208 | F54: =Source!V31 -> 0 | G54: ТрудМаш | H54: Трудозатраты машинистов | K54: 208 | L54: 22 | M54: 3 | O54: -1 | P54: =Source!DN31 -> 0 | W54: 0 | X54: 1 | Y54: 0 | Z54: 0 | AA54: 1 | AB54: 0
A55: 50 | B55: 0 | C55: 0 | D55: 1 | E55: 209 | F55: =ROUND(Source!W31,O55) -> 0 | G55: ТранспМат | H55: Транспорт материалов | K55: 209 | L55: 23 | M55: 3 | O55: 2 | P55: =ROUND(Source!DO31,O55) -> 0 | W55: 0 | X55: 1 | Y55: 0 | Z55: 0 | AA55: 1 | AB55: 0
A56: 50 | B56: 0 | C56: 0 | D56: 1 | E56: 233 | F56: =ROUND(Source!BD31,O56) -> 0 | G56: Перевозка | H56: Перевозка грузов | K56: 233 | L56: 24 | M56: 3 | O56: 2 | P56: =ROUND(Source!EV31,O56) -> 0 | W56: 0 | X56: 1 | Y56: 0 | Z56: 0 | AA56: 1 | AB56: 0
A57: 50 | B57: 0 | C57: 0 | D57: 1 | E57: 210 | F57: =ROUND(Source!X31,O57) -> 48.33 | G57: НР | H57: Накладные расходы | K57: 210 | L57: 25 | M57: 3 | O57: 2 | P57: =ROUND(Source!DP31,O57) -> 1156.34 | W57: 48.33 | X57: 1 | Y57: 48.33 | Z57: 1156.34 | AA57: 1 | AB57: 1156.34
A58: 50 | B58: 0 | C58: 0 | D58: 1 | E58: 211 | F58: =ROUND(Source!Y31,O58) -> 35.58 | G58: СмПриб | H58: Сметная прибыль | K58: 211 | L58: 26 | M58: 3 | O58: 2 | P58: =ROUND(Source!DQ31,O58) -> 632.13 | W58: 35.58 | X58: 1 | Y58: 35.58 | Z58: 632.13 | AA58: 1 | AB58: 632.13
A59: 50 | B59: 0 | C59: 0 | D59: 1 | E59: 224 | F59: =ROUND(Source!AR31,O59) -> 137.02 | G59: Всего | H59: Всего с НР и СП | K59: 224 | L59: 27 | M59: 3 | O59: 2 | P59: =ROUND(Source!EJ31,O59) -> 3330.25 | W59: 137.02 | X59: 1 | Y59: 137.02 | Z59: 3330.25 | AA59: 1 | AB59: 3330.25
A61: 4 | B61: 1 | D61: =ROW(A86) -> 86 | F61: Новый раздел | G61: Монтажные работы | I61: 0 | K61: 0 | S61: 0 | T61: 0 | V61: 0 | BX61: 0 | CJ61: 0
A63: 52 | B63: =B86 -> 1 | C63: =C86 -> 4 | D63: =D86 -> 61 | E63: =E86 -> 0 | F63: =F86 -> Новый раздел | G63: =G86 -> Монтажные работы | O63: =O86 -> 3354.42 | P63: =P86 -> 3016.91 | Q63: =Q86 -> 171.87 | R63: =R86 -> 16.44 | S63: =S86 -> 165.64 | T63: =T86 -> 0 | U63: =U86 -> 14.600354 | V63: =V86 -> 0 | ... GX63: =GX86 -> 0
A65: 17 | B65: 1 | C65: =ROW(SmtRes!A10) -> 10 | D65: =ROW(EtalonRes!A10) -> 10 | E65: 2 | F65: 3.27-12-1 | G65: Устройство подстилающих и выравнивающих слоев оснований из песка | H65: 100 м3 материала основания (в плотном теле) | I65: 0.0264 | J65: 0 | K65: 0.0264 | O65: =ROUND(CP65,2) -> 30.12 | P65: =ROUND((ROUND((AC65*AW65*I65),2)*BC65),2) -> 0.93 | Q65: =(ROUND((ROUND((((ET65*1.25))*AV65*I65),2)*BB65),2)+ROUND((ROUND(((AE65-((EU65*1.25)))*AV65*I65),2)*BS65),2)) -> 24.59 | R65: =ROUND((ROUND((AE65*AV65*I65),2)*BS65),2) -> 3.5 | S65: =ROUND((ROUND((AF65*AV65*I65),2)*BA65),2) -> 4.6 | T65: =ROUND(CU65*I65,2) -> 0 | U65: =CV65*I65 -> 0.437184 | V65: =CW65*I65 -> 0 | W65: =ROUND(CX65*I65,2) -> 0 | X65: =ROUND(CY65,2) -> 6.44 | Y65: =ROUND(CZ65,2) -> 3.63 | AA65: 129761636 | AB65: =ROUND((AC65+AD65+AF65),6) -> 1141.0385 | AC65: =ROUND((ES65),6) -> 35.35 | AD65: =ROUND(((((ET65*1.25))-((EU65*1.25)))+AE65),6) -> 931.475 | AE65: =ROUND(((EU65*1.25)),6) -> 132.4875 | AF65: =ROUND(((EV65*1.15)),6) -> 174.2135 | AG65: =ROUND((AP65),6) -> 0 | AH65: =((EW65*1.15)) -> 16.56 | AI65: =((EX65*1.25)) -> 0 | AJ65: =(AS65) -> 0 | AK65: 932.02 | AL65: 35.35 | AM65: 745.18 | AN65: 105.99 | AO65: 151.49 | AP65: 0 | AQ65: 14.4 | AR65: 0 | AS65: 0 | AT65: 140 | AU65: 79 | AV65: 1 | AW65: 1 | AZ65: 1 | BA65: 1 | BB65: 1 | BC65: 1 | BH65: 0 | BI65: 1 | BJ65: ТСН-2001.3 Доп. 56, Сб. 27, т. 12, поз. 1 | BM65: 146 | BN65: 0 | BP65: 0 | BQ65: 30 | BR65: 0 | BS65: 1 | BT65: 1 | BU65: 1 | BV65: 1 | BW65: 1 | BX65: 1 | BZ65: 140 | CA65: 79 | CE65: 30 | CF65: 0 | CG65: 0 | CM65: 0 | CN65: Поправка: ТСН-2001.6. О.П. п.11 Наименование: Выполняемые при ремонте, капитальном ремонте и реконструкции работы, аналогичные технологическим процессам характерным для нового строительства и отсутствующим в сборниках на ремонтно-строительные работы ТСН-2001.6 | CO65: 0 | CP65: =(P65+Q65+S65) -> 30.12 | CQ65: =ROUND((ROUND((AC65*AW65*1),2)*BC65),2) -> 35.35 | CR65: =(ROUND((ROUND((((ET65*1.25))*AV65*1),2)*BB65),2)+ROUND((ROUND(((AE65-((EU65*1.25)))*AV65*1),2)*BS65),2)) -> 931.48 | CS65: =ROUND((ROUND((AE65*AV65*1),2)*BS65),2) -> 132.49 | CT65: =ROUND((ROUND((AF65*AV65*1),2)*BA65),2) -> 174.21 | CU65: =AG65 -> 0 | CV65: =(AH65*AV65) -> 16.56 | CW65: =AI65 -> 0 | CX65: =AJ65 -> 0 | CY65: =((S65*BZ65)/100) -> 6.44 | CZ65: =((S65*CA65)/100) -> 3.634 | DE65: )*1,25 | DF65: )*1,25 | DG65: )*1,15 | DI65: )*1,15 | DJ65: )*1,25 | DN65: 0 | DO65: 0 | DP65: 1 | DQ65: 1 | DU65: 1013 | DV65: 100 м3 материала основания (в плотном теле) | DW65: 100 м3 материала основания (в плотном теле) | DX65: 1 | EE65: 126051607 | EF65: 30 | EG65: Строительные работы | EH65: 0 | EJ65: 1 | EK65: 146 | EL65: ТСН-2001.3-27. 27-1...27-21 | EM65: ТСН-2001.3-27-1 | EO65: Поправка: ТСН-2001.6. О.П. п.11 | EQ65: 131072 | ER65: 932.02 | ES65: 35.35 | ET65: 745.18 | EU65: 105.99 | EV65: 151.49 | EW65: 14.4 | EX65: 0 | EY65: 0 | FQ65: 0 | FR65: =ROUND(IF(AND(BH65=3,BI65=3),P65,0),2) -> 0 | FS65: 0 | FX65: 140 | FY65: 79 | GD65: 0 | GF65: 1486975691 | GG65: 2 | GH65: 1 | GI65: -2 | GJ65: 0 | GK65: =ROUND(R65*(R12)/100,2) -> 6.13 | GL65: =ROUND(IF(AND(BH65=3,BI65=3,FS65<>0),P65,0),2) -> 0 | GM65: =ROUND(O65+X65+Y65+GK65,2)+GX65 -> 46.32 | GN65: =IF(OR(BI65=0,BI65=1),ROUND(O65+X65+Y65+GK65,2),0) -> 46.32 | GO65: =IF(BI65=2,ROUND(O65+X65+Y65+GK65,2),0) -> 0 | GP65: =IF(BI65=4,ROUND(O65+X65+Y65+GK65,2)+GX65,0) -> 0 | GR65: 0 | GS65: 0 | GT65: 0 | GV65: =ROUND((GT65),6) -> 0 | GW65: 1 | GX65: =ROUND(HC65*I65,2) -> 0 | HA65: 0 | HB65: 0 | HC65: =GV65*GW65 -> 0 | IK65: 0
A66: 17 | B66: 1 | C66: =ROW(SmtRes!A18) -> 18 | D66: =ROW(EtalonRes!A18) -> 18 | E66: 2 | F66: 3.27-12-1 | G66: Устройство подстилающих и выравнивающих слоев оснований из песка | H66: 100 м3 материала основания (в плотном теле) | I66: 0.0264 | J66: 0 | K66: 0.0264 | O66: =ROUND(CP66,2) -> 398.79 | P66: =ROUND((ROUND((AC66*AW66*I66),2)*BC66),2) -> 5.58 | Q66: =(ROUND((ROUND((((ET66*1.25))*AV66*I66),2)*BB66),2)+ROUND((ROUND(((AE66-((EU66*1.25)))*AV66*I66),2)*BS66),2)) -> 259.67 | R66: =ROUND((ROUND((AE66*AV66*I66),2)*BS66),2) -> 101.61 | S66: =ROUND((ROUND((AF66*AV66*I66),2)*BA66),2) -> 133.54 | T66: =ROUND(CU66*I66,2) -> 0 | U66: =CV66*I66 -> 0.437184 | V66: =CW66*I66 -> 0 | W66: =ROUND(CX66*I66,2) -> 0 | X66: =ROUND(CY66,2) -> 153.57 | Y66: =ROUND(CZ66,2) -> 54.75 | AA66: 129761633 | AB66: =ROUND((AC66+AD66+AF66),6) -> 1141.0385 | AC66: =ROUND((ES66),6) -> 35.35 | AD66: =ROUND(((((ET66*1.25))-((EU66*1.25)))+AE66),6) -> 931.475 | AE66: =ROUND(((EU66*1.25)),6) -> 132.4875 | AF66: =ROUND(((EV66*1.15)),6) -> 174.2135 | AG66: =ROUND((AP66),6) -> 0 | AH66: =((EW66*1.15)) -> 16.56 | AI66: =((EX66*1.25)) -> 0 | AJ66: =(AS66) -> 0 | AK66: 932.02 | AL66: 35.35 | AM66: 745.18 | AN66: 105.99 | AO66: 151.49 | AP66: 0 | AQ66: 14.4 | AR66: 0 | AS66: 0 | AT66: 115 | AU66: 41 | AV66: 1 | AW66: 1 | AZ66: 1 | BA66: 29.03 | BB66: 10.56 | BC66: 6 | BH66: 0 | BI66: 1 | BJ66: ТСН-2001.3 Доп. 56, Сб. 27, т. 12, поз. 1 | BM66: 146 | BN66: 0 | BO66: 3.27-12-1 | BP66: 1 | BQ66: 30 | BR66: 0 | BS66: 29.03 | BT66: 1 | BU66: 1 | BV66: 1 | BW66: 1 | BX66: 1 | BZ66: 115 | CA66: 41 | CE66: 30 | CF66: 0 | CG66: 0 | CM66: 0 | CN66: Поправка: ТСН-2001.6. О.П. п.11 Наименование: Выполняемые при ремонте, капитальном ремонте и реконструкции работы, аналогичные технологическим процессам характерным для нового строительства и отсутствующим в сборниках на ремонтно-строительные работы ТСН-2001.6 | CO66: 0 | CP66: =(P66+Q66+S66) -> 398.79 | CQ66: =ROUND((ROUND((AC66*AW66*1),2)*BC66),2) -> 212.1 | CR66: =(ROUND((ROUND((((ET66*1.25))*AV66*1),2)*BB66),2)+ROUND((ROUND(((AE66-((EU66*1.25)))*AV66*1),2)*BS66),2)) -> 9836.43 | CS66: =ROUND((ROUND((AE66*AV66*1),2)*BS66),2) -> 3846.18 | CT66: =ROUND((ROUND((AF66*AV66*1),2)*BA66),2) -> 5057.32 | CU66: =AG66 -> 0 | CV66: =(AH66*AV66) -> 16.56 | CW66: =AI66 -> 0 | CX66: =AJ66 -> 0 | CY66: =S66*(BZ66/100) -> 153.571 | CZ66: =S66*(CA66/100) -> 54.7514 | DE66: )*1,25 | DF66: )*1,25 | DG66: )*1,15 | DI66: )*1,15 | DJ66: )*1,25 | DN66: 140 | DO66: 79 | DP66: 1 | DQ66: 1 | DU66: 1013 | DV66: 100 м3 материала основания (в плотном теле) | DW66: 100 м3 материала основания (в плотном теле) | DX66: 1 | EE66: 126051607 | EF66: 30 | EG66: Строительные работы | EH66: 0 | EJ66: 1 | EK66: 146 | EL66: ТСН-2001.3-27. 27-1...27-21 | EM66: ТСН-2001.3-27-1 | EO66: Поправка: ТСН-2001.6. О.П. п.11 | EQ66: 131072 | ER66: 932.02 | ES66: 35.35 | ET66: 745.18 | EU66: 105.99 | EV66: 151.49 | EW66: 14.4 | EX66: 0 | EY66: 0 | FQ66: 0 | FR66: =ROUND(IF(AND(BH66=3,BI66=3),P66,0),2) -> 0 | FS66: 0 | FX66: 140 | FY66: 79 | GD66: 0 | GF66: 1486975691 | GG66: 2 | GH66: 1 | GI66: 2 | GJ66: 0 | GK66: =ROUND(R66*(S12)/100,2) -> 162.58 | GL66: =ROUND(IF(AND(BH66=3,BI66=3,FS66<>0),P66,0),2) -> 0 | GM66: =ROUND(O66+X66+Y66+GK66,2)+GX66 -> 769.69 | GN66: =IF(OR(BI66=0,BI66=1),ROUND(O66+X66+Y66+GK66,2),0) -> 769.69 | GO66: =IF(BI66=2,ROUND(O66+X66+Y66+GK66,2),0) -> 0 | GP66: =IF(BI66=4,ROUND(O66+X66+Y66+GK66,2)+GX66,0) -> 0 | GR66: 0 | GS66: 3 | GT66: 0 | GV66: =ROUND((GT66),6) -> 0 | GW66: 1 | GX66: =ROUND(HC66*I66,2) -> 0 | HA66: 0 | HB66: 0 | HC66: =GV66*GW66 -> 0 | IK66: 0
A67: 18 | B67: 1 | C67: 10 | E67: 2,1 | F67: 1.1-1-766 | G67: Песок для строительных работ, рядовой | H67: м3 | I67: =I65*J67 -> 2.904 | J67: 110 | K67: 110 | O67: =ROUND(CP67,2) -> 304.89 | P67: =ROUND((ROUND((AC67*AW67*I67),2)*BC67),2) -> 304.89 | Q67: =(ROUND((ROUND(((ET67)*AV67*I67),2)*BB67),2)+ROUND((ROUND(((AE67-(EU67))*AV67*I67),2)*BS67),2)) -> 0 | R67: =ROUND((ROUND((AE67*AV67*I67),2)*BS67),2) -> 0 | S67: =ROUND((ROUND((AF67*AV67*I67),2)*BA67),2) -> 0 | T67: =ROUND(CU67*I67,2) -> 0 | U67: =CV67*I67 -> 0 | V67: =CW67*I67 -> 0 | W67: =ROUND(CX67*I67,2) -> 0 | X67: =ROUND(CY67,2) -> 0 | Y67: =ROUND(CZ67,2) -> 0 | AA67: 129761636 | AB67: =ROUND((AC67+AD67+AF67),6) -> 104.99 | AC67: =ROUND((ES67),6) -> 104.99 | AD67: =ROUND((((ET67)-(EU67))+AE67),6) -> 0 | AE67: =ROUND((EU67),6) -> 0 | AF67: =ROUND((EV67),6) -> 0 | AG67: =ROUND((AP67),6) -> 0 | AH67: =(EW67) -> 0 | AI67: =(EX67) -> 0 | AJ67: =(AS67) -> 0 | AK67: 104.99 | AL67: 104.99 | AM67: 0 | AN67: 0 | AO67: 0 | AP67: 0 | AQ67: 0 | AR67: 0 | AS67: 0 | AT67: 140 | AU67: 79 | AV67: 1 | AW67: 1 | AZ67: 1 | BA67: 1 | BB67: 1 | BC67: 1 | BH67: 3 | BI67: 1 | BJ67: ТСН-2001.1. Доп. 1-42. Р. 1, о. 1, поз. 766 | BM67: 146 | BN67: 0 | BP67: 0 | BQ67: 30 | BR67: 0 | BS67: 1 | BT67: 1 | BU67: 1 | BV67: 1 | BW67: 1 | BX67: 1 | BZ67: 140 | CA67: 79 | CE67: 30 | CF67: 0 | CG67: 0 | CM67: 0 | CO67: 0 | CP67: =(P67+Q67+S67) -> 304.89 | CQ67: =ROUND((ROUND((AC67*AW67*1),2)*BC67),2) -> 104.99 | CR67: =(ROUND((ROUND(((ET67)*AV67*1),2)*BB67),2)+ROUND((ROUND(((AE67-(EU67))*AV67*1),2)*BS67),2)) -> 0 | CS67: =ROUND((ROUND((AE67*AV67*1),2)*BS67),2) -> 0 | CT67: =ROUND((ROUND((AF67*AV67*1),2)*BA67),2) -> 0 | CU67: =AG67 -> 0 | CV67: =(AH67*AV67) -> 0 | CW67: =AI67 -> 0 | CX67: =AJ67 -> 0 | CY67: =((S67*BZ67)/100) -> 0 | CZ67: =((S67*CA67)/100) -> 0 | DN67: 0 | DO67: 0 | DP67: 1 | DQ67: 1 | DU67: 1007 | DV67: м3 | DW67: м3 | DX67: 1 | EE67: 126051607 | EF67: 30 | EG67: Строительные работы | EH67: 0 | EJ67: 1 | EK67: 146 | EL67: ТСН-2001.3-27. 27-1...27-21 | EM67: ТСН-2001.3-27-1 | EQ67: 0 | ER67: 104.99 | ES67: 104.99 | ET67: 0 | EU67: 0 | EV67: 0 | EW67: 0 | EX67: 0 | FQ67: 0 | FR67: =ROUND(IF(AND(BH67=3,BI67=3),P67,0),2) -> 0 | FS67: 0 | FX67: 140 | FY67: 79 | GD67: 0 | GF67: 2069056849 | GG67: 2 | GH67: 1 | GI67: -2 | GJ67: 0 | GK67: =ROUND(R67*(R12)/100,2) -> 0 | GL67: =ROUND(IF(AND(BH67=3,BI67=3,FS67<>0),P67,0),2) -> 0 | GM67: =ROUND(O67+X67+Y67+GK67,2)+GX67 -> 304.89 | GN67: =IF(OR(BI67=0,BI67=1),ROUND(O67+X67+Y67+GK67,2),0) -> 304.89 | GO67: =IF(BI67=2,ROUND(O67+X67+Y67+GK67,2),0) -> 0 | GP67: =IF(BI67=4,ROUND(O67+X67+Y67+GK67,2)+GX67,0) -> 0 | GR67: 0 | GS67: 0 | GT67: 0 | GV67: =ROUND((GT67),6) -> 0 | GW67: 1 | GX67: =ROUND(HC67*I67,2) -> 0 | HA67: 0 | HB67: 0 | HC67: =GV67*GW67 -> 0 | IK67: 0
A68: 18 | B68: 1 | C68: 18 | E68: 2,1 | F68: 1.1-1-766 | G68: Песок для строительных работ, рядовой | H68: м3 | I68: =I66*J68 -> 2.904 | J68: 110 | K68: 110 | O68: =ROUND(CP68,2) -> 2097.64 | P68: =ROUND((ROUND((AC68*AW68*I68),2)*BC68),2) -> 2097.64 | Q68: =(ROUND((ROUND(((ET68)*AV68*I68),2)*BB68),2)+ROUND((ROUND(((AE68-(EU68))*AV68*I68),2)*BS68),2)) -> 0 | R68: =ROUND((ROUND((AE68*AV68*I68),2)*BS68),2) -> 0 | S68: =ROUND((ROUND((AF68*AV68*I68),2)*BA68),2) -> 0 | T68: =ROUND(CU68*I68,2) -> 0 | U68: =CV68*I68 -> 0 | V68: =CW68*I68 -> 0 | W68: =ROUND(CX68*I68,2) -> 0 | X68: =ROUND(CY68,2) -> 0 | Y68: =ROUND(CZ68,2) -> 0 | AA68: 129761633 | AB68: =ROUND((AC68+AD68+AF68),6) -> 104.99 | AC68: =ROUND((ES68),6) -> 104.99 | AD68: =ROUND((((ET68)-(EU68))+AE68),6) -> 0 | AE68: =ROUND((EU68),6) -> 0 | AF68: =ROUND((EV68),6) -> 0 | AG68: =ROUND((AP68),6) -> 0 | AH68: =(EW68) -> 0 | AI68: =(EX68) -> 0 | AJ68: =(AS68) -> 0 | AK68: 104.99 | AL68: 104.99 | AM68: 0 | AN68: 0 | AO68: 0 | AP68: 0 | AQ68: 0 | AR68: 0 | AS68: 0 | AT68: 0 | AU68: 0 | AV68: 1 | AW68: 1 | AZ68: 1 | BA68: 1 | BB68: 1 | BC68: 6.88 | BH68: 3 | BI68: 1 | BJ68: ТСН-2001.1. Доп. 1-42. Р. 1, о. 1, поз. 766 | BM68: 146 | BN68: 0 | BO68: 1.1-1-766 | BP68: 1 | BQ68: 30 | BR68: 0 | BS68: 1 | BT68: 1 | BU68: 1 | BV68: 1 | BW68: 1 | BX68: 1 | BZ68: 0 | CA68: 0 | CE68: 30 | CF68: 0 | CG68: 0 | CM68: 0 | CO68: 0 | CP68: =(P68+Q68+S68) -> 2097.64 | CQ68: =ROUND((ROUND((AC68*AW68*1),2)*BC68),2) -> 722.33 | CR68: =(ROUND((ROUND(((ET68)*AV68*1),2)*BB68),2)+ROUND((ROUND(((AE68-(EU68))*AV68*1),2)*BS68),2)) -> 0 | CS68: =ROUND((ROUND((AE68*AV68*1),2)*BS68),2) -> 0 | CT68: =ROUND((ROUND((AF68*AV68*1),2)*BA68),2) -> 0 | CU68: =AG68 -> 0 | CV68: =(AH68*AV68) -> 0 | CW68: =AI68 -> 0 | CX68: =AJ68 -> 0 | CY68: =S68*(BZ68/100) -> 0 | CZ68: =S68*(CA68/100) -> 0 | DN68: 140 | DO68: 79 | DP68: 1 | DQ68: 1 | DU68: 1007 | DV68: м3 | DW68: м3 | DX68: 1 | EE68: 126051607 | EF68: 30 | EG68: Строительные работы | EH68: 0 | EJ68: 1 | EK68: 146 | EL68: ТСН-2001.3-27. 27-1...27-21 | EM68: ТСН-2001.3-27-1 | EQ68: 0 | ER68: 104.99 | ES68: 104.99 | ET68: 0 | EU68: 0 | EV68: 0 | EW68: 0 | EX68: 0 | FQ68: 0 | FR68: =ROUND(IF(AND(BH68=3,BI68=3),P68,0),2) -> 0 | FS68: 0 | FX68: 140 | FY68: 79 | GD68: 0 | GF68: 2069056849 | GG68: 2 | GH68: 1 | GI68: 2 | GJ68: 0 | GK68: =ROUND(R68*(S12)/100,2) -> 0 | GL68: =ROUND(IF(AND(BH68=3,BI68=3,FS68<>0),P68,0),2) -> 0 | GM68: =ROUND(O68+X68+Y68+GK68,2)+GX68 -> 2097.64 | GN68: =IF(OR(BI68=0,BI68=1),ROUND(O68+X68+Y68+GK68,2),0) -> 2097.64 | GO68: =IF(BI68=2,ROUND(O68+X68+Y68+GK68,2),0) -> 0 | GP68: =IF(BI68=4,ROUND(O68+X68+Y68+GK68,2)+GX68,0) -> 0 | GR68: 0 | GS68: 3 | GT68: 0 | GV68: =ROUND((GT68),6) -> 0 | GW68: 1 | GX68: =ROUND(HC68*I68,2) -> 0 | HA68: 0 | HB68: 0 | HC68: =GV68*GW68 -> 0 | IK68: 0
A69: 17 | B69: 1 | C69: =ROW(SmtRes!A27) -> 27 | D69: =ROW(EtalonRes!A27) -> 27 | E69: 3 | F69: 3.27-12-2 | G69: Устройство подстилающих и выравнивающих слоев оснований из щебня | H69: 100 м3 материала основания (в плотном теле) | I69: 0.0198 | J69: 0 | K69: 0.0198 | O69: =ROUND(CP69,2) -> 138.43 | P69: =ROUND((ROUND((AC69*AW69*I69),2)*BC69),2) -> 0.98 | Q69: =(ROUND((ROUND((((ET69*1.25))*AV69*I69),2)*BB69),2)+ROUND((ROUND(((AE69-((EU69*1.25)))*AV69*I69),2)*BS69),2)) -> 132.28 | R69: =ROUND((ROUND((AE69*AV69*I69),2)*BS69),2) -> 11.51 | S69: =ROUND((ROUND((AF69*AV69*I69),2)*BA69),2) -> 5.17 | T69: =ROUND(CU69*I69,2) -> 0 | U69: =CV69*I69 -> 0.491832 | V69: =CW69*I69 -> 0 | W69: =ROUND(CX69*I69,2) -> 0 | X69: =ROUND(CY69,2) -> 7.24 | Y69: =ROUND(CZ69,2) -> 4.08 | AA69: 129761636 | AB69: =ROUND((AC69+AD69+AF69),6) -> 6991.4795 | AC69: =ROUND((ES69),6) -> 49.49 | AD69: =ROUND(((((ET69*1.25))-((EU69*1.25)))+AE69),6) -> 6680.675 | AE69: =ROUND(((EU69*1.25)),6) -> 581.5125 | AF69: =ROUND(((EV69*1.15)),6) -> 261.3145 | AG69: =ROUND((AP69),6) -> 0 | AH69: =((EW69*1.15)) -> 24.84 | AI69: =((EX69*1.25)) -> 0 | AJ69: =(AS69) -> 0 | AK69: 5621.26 | AL69: 49.49 | AM69: 5344.54 | AN69: 465.21 | AO69: 227.23 | AP69: 0 | AQ69: 21.6 | AR69: 0 | AS69: 0 | AT69: 140 | AU69: 79 | AV69: 1 | AW69: 1 | AZ69: 1 | BA69: 1 | BB69: 1 | BC69: 1 | BH69: 0 | BI69: 1 | BJ69: ТСН-2001.3 Доп. 59, Сб. 27, т. 12, поз. 2 | BM69: 146 | BN69: 0 | BP69: 0 | BQ69: 30 | BR69: 0 | BS69: 1 | BT69: 1 | BU69: 1 | BV69: 1 | BW69: 1 | BX69: 1 | BZ69: 140 | CA69: 79 | CE69: 30 | CF69: 0 | CG69: 0 | CM69: 0 | CN69: Поправка: ТСН-2001.6. О.П. п.11 Наименование: Выполняемые при ремонте, капитальном ремонте и реконструкции работы, аналогичные технологическим процессам характерным для нового строительства и отсутствующим в сборниках на ремонтно-строительные работы ТСН-2001.6 | CO69: 0 | CP69: =(P69+Q69+S69) -> 138.43 | CQ69: =ROUND((ROUND((AC69*AW69*1),2)*BC69),2) -> 49.49 | CR69: =(ROUND((ROUND((((ET69*1.25))*AV69*1),2)*BB69),2)+ROUND((ROUND(((AE69-((EU69*1.25)))*AV69*1),2)*BS69),2)) -> 6680.68 | CS69: =ROUND((ROUND((AE69*AV69*1),2)*BS69),2) -> 581.51 | CT69: =ROUND((ROUND((AF69*AV69*1),2)*BA69),2) -> 261.31 | CU69: =AG69 -> 0 | CV69: =(AH69*AV69) -> 24.84 | CW69: =AI69 -> 0 | CX69: =AJ69 -> 0 | CY69: =((S69*BZ69)/100) -> 7.238 | CZ69: =((S69*CA69)/100) -> 4.0843 | DE69: )*1,25 | DF69: )*1,25 | DG69: )*1,15 | DI69: )*1,15 | DJ69: )*1,25 | DN69: 0 | DO69: 0 | DP69: 1 | DQ69: 1 | DU69: 1013 | DV69: 100 м3 материала основания (в плотном теле) | DW69: 100 м3 материала основания (в плотном теле) | DX69: 1 | EE69: 126051607 | EF69: 30 | EG69: Строительные работы | EH69: 0 | EJ69: 1 | EK69: 146 | EL69: ТСН-2001.3-27. 27-1...27-21 | EM69: ТСН-2001.3-27-1 | EO69: Поправка: ТСН-2001.6. О.П. п.11 | EQ69: 131072 | ER69: 5621.26 | ES69: 49.49 | ET69: 5344.54 | EU69: 465.21 | EV69: 227.23 | EW69: 21.6 | EX69: 0 | EY69: 0 | FQ69: 0 | FR69: =ROUND(IF(AND(BH69=3,BI69=3),P69,0),2) -> 0 | FS69: 0 | FX69: 140 | FY69: 79 | GD69: 0 | GF69: 186895227 | GG69: 2 | GH69: 1 | GI69: -2 | GJ69: 0 | GK69: =ROUND(R69*(R12)/100,2) -> 20.14 | GL69: =ROUND(IF(AND(BH69=3,BI69=3,FS69<>0),P69,0),2) -> 0 | GM69: =ROUND(O69+X69+Y69+GK69,2)+GX69 -> 169.89 | GN69: =IF(OR(BI69=0,BI69=1),ROUND(O69+X69+Y69+GK69,2),0) -> 169.89 | GO69: =IF(BI69=2,ROUND(O69+X69+Y69+GK69,2),0) -> 0 | GP69: =IF(BI69=4,ROUND(O69+X69+Y69+GK69,2)+GX69,0) -> 0 | GR69: 0 | GS69: 0 | GT69: 0 | GV69: =ROUND((GT69),6) -> 0 | GW69: 1 | GX69: =ROUND(HC69*I69,2) -> 0 | HA69: 0 | HB69: 0 | HC69: =GV69*GW69 -> 0 | IK69: 0
A70: 17 | B70: 1 | C70: =ROW(SmtRes!A36) -> 36 | D70: =ROW(EtalonRes!A36) -> 36 | E70: 3 | F70: 3.27-12-2 | G70: Устройство подстилающих и выравнивающих слоев оснований из щебня | H70: 100 м3 материала основания (в плотном теле) | I70: 0.0198 | J70: 0 | K70: 0.0198 | O70: =ROUND(CP70,2) -> 1543.59 | P70: =ROUND((ROUND((AC70*AW70*I70),2)*BC70),2) -> 5.88 | Q70: =(ROUND((ROUND((((ET70*1.25))*AV70*I70),2)*BB70),2)+ROUND((ROUND(((AE70-((EU70*1.25)))*AV70*I70),2)*BS70),2)) -> 1387.62 | R70: =ROUND((ROUND((AE70*AV70*I70),2)*BS70),2) -> 334.14 | S70: =ROUND((ROUND((AF70*AV70*I70),2)*BA70),2) -> 150.09 | T70: =ROUND(CU70*I70,2) -> 0 | U70: =CV70*I70 -> 0.491832 | V70: =CW70*I70 -> 0 | W70: =ROUND(CX70*I70,2) -> 0 | X70: =ROUND(CY70,2) -> 172.6 | Y70: =ROUND(CZ70,2) -> 61.54 | AA70: 129761633 | AB70: =ROUND((AC70+AD70+AF70),6) -> 6991.4795 | AC70: =ROUND((ES70),6) -> 49.49 | AD70: =ROUND(((((ET70*1.25))-((EU70*1.25)))+AE70),6) -> 6680.675 | AE70: =ROUND(((EU70*1.25)),6) -> 581.5125 | AF70: =ROUND(((EV70*1.15)),6) -> 261.3145 | AG70: =ROUND((AP70),6) -> 0 | AH70: =((EW70*1.15)) -> 24.84 | AI70: =((EX70*1.25)) -> 0 | AJ70: =(AS70) -> 0 | AK70: 5621.26 | AL70: 49.49 | AM70: 5344.54 | AN70: 465.21 | AO70: 227.23 | AP70: 0 | AQ70: 21.6 | AR70: 0 | AS70: 0 | AT70: 115 | AU70: 41 | AV70: 1 | AW70: 1 | AZ70: 1 | BA70: 29.03 | BB70: 10.49 | BC70: 6 | BH70: 0 | BI70: 1 | BJ70: ТСН-2001.3 Доп. 59, Сб. 27, т. 12, поз. 2 | BM70: 146 | BN70: 0 | BO70: 3.27-12-2 | BP70: 1 | BQ70: 30 | BR70: 0 | BS70: 29.03 | BT70: 1 | BU70: 1 | BV70: 1 | BW70: 1 | BX70: 1 | BZ70: 115 | CA70: 41 | CE70: 30 | CF70: 0 | CG70: 0 | CM70: 0 | CN70: Поправка: ТСН-2001.6. О.П. п.11 Наименование: Выполняемые при ремонте, капитальном ремонте и реконструкции работы, аналогичные технологическим процессам характерным для нового строительства и отсутствующим в сборниках на ремонтно-строительные работы ТСН-2001.6 | CO70: 0 | CP70: =(P70+Q70+S70) -> 1543.59 | CQ70: =ROUND((ROUND((AC70*AW70*1),2)*BC70),2) -> 296.94 | CR70: =(ROUND((ROUND((((ET70*1.25))*AV70*1),2)*BB70),2)+ROUND((ROUND(((AE70-((EU70*1.25)))*AV70*1),2)*BS70),2)) -> 70080.33 | CS70: =ROUND((ROUND((AE70*AV70*1),2)*BS70),2) -> 16881.24 | CT70: =ROUND((ROUND((AF70*AV70*1),2)*BA70),2) -> 7585.83 | CU70: =AG70 -> 0 | CV70: =(AH70*AV70) -> 24.84 | CW70: =AI70 -> 0 | CX70: =AJ70 -> 0 | CY70: =S70*(BZ70/100) -> 172.6035 | CZ70: =S70*(CA70/100) -> 61.5369 | DE70: )*1,25 | DF70: )*1,25 | DG70: )*1,15 | DI70: )*1,15 | DJ70: )*1,25 | DN70: 140 | DO70: 79 | DP70: 1 | DQ70: 1 | DU70: 1013 | DV70: 100 м3 материала основания (в плотном теле) | DW70: 100 м3 материала основания (в плотном теле) | DX70: 1 | EE70: 126051607 | EF70: 30 | EG70: Строительные работы | EH70: 0 | EJ70: 1 | EK70: 146 | EL70: ТСН-2001.3-27. 27-1...27-21 | EM70: ТСН-2001.3-27-1 | EO70: Поправка: ТСН-2001.6. О.П. п.11 | EQ70: 131072 | ER70: 5621.26 | ES70: 49.49 | ET70: 5344.54 | EU70: 465.21 | EV70: 227.23 | EW70: 21.6 | EX70: 0 | EY70: 0 | FQ70: 0 | FR70: =ROUND(IF(AND(BH70=3,BI70=3),P70,0),2) -> 0 | FS70: 0 | FX70: 140 | FY70: 79 | GD70: 0 | GF70: 186895227 | GG70: 2 | GH70: 1 | GI70: 2 | GJ70: 0 | GK70: =ROUND(R70*(S12)/100,2) -> 534.62 | GL70: =ROUND(IF(AND(BH70=3,BI70=3,FS70<>0),P70,0),2) -> 0 | GM70: =ROUND(O70+X70+Y70+GK70,2)+GX70 -> 2312.35 | GN70: =IF(OR(BI70=0,BI70=1),ROUND(O70+X70+Y70+GK70,2),0) -> 2312.35 | GO70: =IF(BI70=2,ROUND(O70+X70+Y70+GK70,2),0) -> 0 | GP70: =IF(BI70=4,ROUND(O70+X70+Y70+GK70,2)+GX70,0) -> 0 | GR70: 0 | GS70: 3 | GT70: 0 | GV70: =ROUND((GT70),6) -> 0 | GW70: 1 | GX70: =ROUND(HC70*I70,2) -> 0 | HA70: 0 | HB70: 0 | HC70: =GV70*GW70 -> 0 | IK70: 0
A71: 18 | B71: 1 | C71: 27 | E71: 3,1 | F71: 1.1-1-1554 | G71: Щебень из естественного камня для дорожных работ, марка 1200 - 800, фракция 10 - 20 мм | H71: м3 | I71: =I69*J71 -> 2.4948 | J71: 126 | K71: 126 | O71: =ROUND(CP71,2) -> 413.64 | P71: =ROUND((ROUND((AC71*AW71*I71),2)*BC71),2) -> 413.64 | Q71: =(ROUND((ROUND(((ET71)*AV71*I71),2)*BB71),2)+ROUND((ROUND(((AE71-(EU71))*AV71*I71),2)*BS71),2)) -> 0 | R71: =ROUND((ROUND((AE71*AV71*I71),2)*BS71),2) -> 0 | S71: =ROUND((ROUND((AF71*AV71*I71),2)*BA71),2) -> 0 | T71: =ROUND(CU71*I71,2) -> 0 | U71: =CV71*I71 -> 0 | V71: =CW71*I71 -> 0 | W71: =ROUND(CX71*I71,2) -> 0 | X71: =ROUND(CY71,2) -> 0 | Y71: =ROUND(CZ71,2) -> 0 | AA71: 129761636 | AB71: =ROUND((AC71+AD71+AF71),6) -> 165.8 | AC71: =ROUND((ES71),6) -> 165.8 | AD71: =ROUND((((ET71)-(EU71))+AE71),6) -> 0 | AE71: =ROUND((EU71),6) -> 0 | AF71: =ROUND((EV71),6) -> 0 | AG71: =ROUND((AP71),6) -> 0 | AH71: =(EW71) -> 0 | AI71: =(EX71) -> 0 | AJ71: =(AS71) -> 0 | AK71: 165.8 | AL71: 165.8 | AM71: 0 | AN71: 0 | AO71: 0 | AP71: 0 | AQ71: 0 | AR71: 0 | AS71: 0 | AT71: 140 | AU71: 79 | AV71: 1 | AW71: 1 | AZ71: 1 | BA71: 1 | BB71: 1 | BC71: 1 | BH71: 3 | BI71: 1 | BJ71: ТСН-2001.1. Доп. 1-42. Р. 1, о. 1, поз. 1554 | BM71: 146 | BN71: 0 | BP71: 0 | BQ71: 30 | BR71: 0 | BS71: 1 | BT71: 1 | BU71: 1 | BV71: 1 | BW71: 1 | BX71: 1 | BZ71: 140 | CA71: 79 | CE71: 30 | CF71: 0 | CG71: 0 | CM71: 0 | CO71: 0 | CP71: =(P71+Q71+S71) -> 413.64 | CQ71: =ROUND((ROUND((AC71*AW71*1),2)*BC71),2) -> 165.8 | CR71: =(ROUND((ROUND(((ET71)*AV71*1),2)*BB71),2)+ROUND((ROUND(((AE71-(EU71))*AV71*1),2)*BS71),2)) -> 0 | CS71: =ROUND((ROUND((AE71*AV71*1),2)*BS71),2) -> 0 | CT71: =ROUND((ROUND((AF71*AV71*1),2)*BA71),2) -> 0 | CU71: =AG71 -> 0 | CV71: =(AH71*AV71) -> 0 | CW71: =AI71 -> 0 | CX71: =AJ71 -> 0 | CY71: =((S71*BZ71)/100) -> 0 | CZ71: =((S71*CA71)/100) -> 0 | DN71: 0 | DO71: 0 | DP71: 1 | DQ71: 1 | DU71: 1007 | DV71: м3 | DW71: м3 | DX71: 1 | EE71: 126051607 | EF71: 30 | EG71: Строительные работы | EH71: 0 | EJ71: 1 | EK71: 146 | EL71: ТСН-2001.3-27. 27-1...27-21 | EM71: ТСН-2001.3-27-1 | EQ71: 0 | ER71: 165.8 | ES71: 165.8 | ET71: 0 | EU71: 0 | EV71: 0 | EW71: 0 | EX71: 0 | FQ71: 0 | FR71: =ROUND(IF(AND(BH71=3,BI71=3),P71,0),2) -> 0 | FS71: 0 | FX71: 140 | FY71: 79 | GD71: 0 | GF71: 489817369 | GG71: 2 | GH71: 1 | GI71: -2 | GJ71: 0 | GK71: =ROUND(R71*(R12)/100,2) -> 0 | GL71: =ROUND(IF(AND(BH71=3,BI71=3,FS71<>0),P71,0),2) -> 0 | GM71: =ROUND(O71+X71+Y71+GK71,2)+GX71 -> 413.64 | GN71: =IF(OR(BI71=0,BI71=1),ROUND(O71+X71+Y71+GK71,2),0) -> 413.64 | GO71: =IF(BI71=2,ROUND(O71+X71+Y71+GK71,2),0) -> 0 | GP71: =IF(BI71=4,ROUND(O71+X71+Y71+GK71,2)+GX71,0) -> 0 | GR71: 0 | GS71: 0 | GT71: 0 | GV71: =ROUND((GT71),6) -> 0 | GW71: 1 | GX71: =ROUND(HC71*I71,2) -> 0 | HA71: 0 | HB71: 0 | HC71: =GV71*GW71 -> 0 | IK71: 0
A72: 18 | B72: 1 | C72: 36 | E72: 3,1 | F72: 1.1-1-1554 | G72: Щебень из естественного камня для дорожных работ, марка 1200 - 800, фракция 10 - 20 мм | H72: м3 | I72: =I70*J72 -> 2.4948 | J72: 126 | K72: 126 | O72: =ROUND(CP72,2) -> 8678.17 | P72: =ROUND((ROUND((AC72*AW72*I72),2)*BC72),2) -> 8678.17 | Q72: =(ROUND((ROUND(((ET72)*AV72*I72),2)*BB72),2)+ROUND((ROUND(((AE72-(EU72))*AV72*I72),2)*BS72),2)) -> 0 | R72: =ROUND((ROUND((AE72*AV72*I72),2)*BS72),2) -> 0 | S72: =ROUND((ROUND((AF72*AV72*I72),2)*BA72),2) -> 0 | T72: =ROUND(CU72*I72,2) -> 0 | U72: =CV72*I72 -> 0 | V72: =CW72*I72 -> 0 | W72: =ROUND(CX72*I72,2) -> 0 | X72: =ROUND(CY72,2) -> 0 | Y72: =ROUND(CZ72,2) -> 0 | AA72: 129761633 | AB72: =ROUND((AC72+AD72+AF72),6) -> 165.8 | AC72: =ROUND((ES72),6) -> 165.8 | AD72: =ROUND((((ET72)-(EU72))+AE72),6) -> 0 | AE72: =ROUND((EU72),6) -> 0 | AF72: =ROUND((EV72),6) -> 0 | AG72: =ROUND((AP72),6) -> 0 | AH72: =(EW72) -> 0 | AI72: =(EX72) -> 0 | AJ72: =(AS72) -> 0 | AK72: 165.8 | AL72: 165.8 | AM72: 0 | AN72: 0 | AO72: 0 | AP72: 0 | AQ72: 0 | AR72: 0 | AS72: 0 | AT72: 0 | AU72: 0 | AV72: 1 | AW72: 1 | AZ72: 1 | BA72: 1 | BB72: 1 | BC72: 20.98 | BH72: 3 | BI72: 1 | BJ72: ТСН-2001.1. Доп. 1-42. Р. 1, о. 1, поз. 1554 | BM72: 146 | BN72: 0 | BO72: 1.1-1-1554 | BP72: 1 | BQ72: 30 | BR72: 0 | BS72: 1 | BT72: 1 | BU72: 1 | BV72: 1 | BW72: 1 | BX72: 1 | BZ72: 0 | CA72: 0 | CE72: 30 | CF72: 0 | CG72: 0 | CM72: 0 | CO72: 0 | CP72: =(P72+Q72+S72) -> 8678.17 | CQ72: =ROUND((ROUND((AC72*AW72*1),2)*BC72),2) -> 3478.48 | CR72: =(ROUND((ROUND(((ET72)*AV72*1),2)*BB72),2)+ROUND((ROUND(((AE72-(EU72))*AV72*1),2)*BS72),2)) -> 0 | CS72: =ROUND((ROUND((AE72*AV72*1),2)*BS72),2) -> 0 | CT72: =ROUND((ROUND((AF72*AV72*1),2)*BA72),2) -> 0 | CU72: =AG72 -> 0 | CV72: =(AH72*AV72) -> 0 | CW72: =AI72 -> 0 | CX72: =AJ72 -> 0 | CY72: =S72*(BZ72/100) -> 0 | CZ72: =S72*(CA72/100) -> 0 | DN72: 140 | DO72: 79 | DP72: 1 | DQ72: 1 | DU72: 1007 | DV72: м3 | DW72: м3 | DX72: 1 | EE72: 126051607 | EF72: 30 | EG72: Строительные работы | EH72: 0 | EJ72: 1 | EK72: 146 | EL72: ТСН-2001.3-27. 27-1...27-21 | EM72: ТСН-2001.3-27-1 | EQ72: 0 | ER72: 165.8 | ES72: 165.8 | ET72: 0 | EU72: 0 | EV72: 0 | EW72: 0 | EX72: 0 | FQ72: 0 | FR72: =ROUND(IF(AND(BH72=3,BI72=3),P72,0),2) -> 0 | FS72: 0 | FX72: 140 | FY72: 79 | GD72: 0 | GF72: 489817369 | GG72: 2 | GH72: 1 | GI72: 2 | GJ72: 0 | GK72: =ROUND(R72*(S12)/100,2) -> 0 | GL72: =ROUND(IF(AND(BH72=3,BI72=3,FS72<>0),P72,0),2) -> 0 | GM72: =ROUND(O72+X72+Y72+GK72,2)+GX72 -> 8678.17 | GN72: =IF(OR(BI72=0,BI72=1),ROUND(O72+X72+Y72+GK72,2),0) -> 8678.17 | GO72: =IF(BI72=2,ROUND(O72+X72+Y72+GK72,2),0) -> 0 | GP72: =IF(BI72=4,ROUND(O72+X72+Y72+GK72,2)+GX72,0) -> 0 | GR72: 0 | GS72: 3 | GT72: 0 | GV72: =ROUND((GT72),6) -> 0 | GW72: 1 | GX72: =ROUND(HC72*I72,2) -> 0 | HA72: 0 | HB72: 0 | HC72: =GV72*GW72 -> 0 | IK72: 0
A73: 17 | B73: 1 | C73: =ROW(SmtRes!A40) -> 40 | D73: =ROW(EtalonRes!A40) -> 40 | E73: 4 | F73: 3.27-47-1 | G73: Устройство асфальтобетонных покрытий дорожек и тротуаров однослойных из литой мелкозернистой асфальтобетонной смеси толщиной 3 см | H73: 100 м2 покрытия | I73: 0.132 | J73: 0 | K73: 0.132 | O73: =ROUND(CP73,2) -> 60.96 | P73: =ROUND((ROUND((AC73*AW73*I73),2)*BC73),2) -> 34.66 | Q73: =(ROUND((ROUND((((ET73*1.25))*AV73*I73),2)*BB73),2)+ROUND((ROUND(((AE73-((EU73*1.25)))*AV73*I73),2)*BS73),2)) -> 0 | R73: =ROUND((ROUND((AE73*AV73*I73),2)*BS73),2) -> 0 | S73: =ROUND((ROUND((AF73*AV73*I73),2)*BA73),2) -> 26.3 | T73: =ROUND(CU73*I73,2) -> 0 | U73: =CV73*I73 -> 2.18592 | V73: =CW73*I73 -> 0 | W73: =ROUND(CX73*I73,2) -> 0 | X73: =ROUND(CY73,2) -> 36.82 | Y73: =ROUND(CZ73,2) -> 20.78 | AA73: 129761636 | AB73: =ROUND((AC73+AD73+AF73),6) -> 461.8145 | AC73: =ROUND((ES73),6) -> 262.6 | AD73: =ROUND(((((ET73*1.25))-((EU73*1.25)))+AE73),6) -> 0 | AE73: =ROUND(((EU73*1.25)),6) -> 0 | AF73: =ROUND(((EV73*1.15)),6) -> 199.2145 | AG73: =ROUND((AP73),6) -> 0 | AH73: =((EW73*1.15)) -> 16.56 | AI73: =((EX73*1.25)) -> 0 | AJ73: =(AS73) -> 0 | AK73: 435.83 | AL73: 262.6 | AM73: 0 | AN73: 0 | AO73: 173.23 | AP73: 0 | AQ73: 14.4 | AR73: 0 | AS73: 0 | AT73: 140 | AU73: 79 | AV73: 1 | AW73: 1 | AZ73: 1 | BA73: 1 | BB73: 1 | BC73: 1 | BH73: 0 | BI73: 1 | BJ73: ТСН-2001.3. Доп. 1-42. Сб. 27, т. 47, поз. 1 | BM73: 159 | BN73: 0 | BP73: 0 | BQ73: 30 | BR73: 0 | BS73: 1 | BT73: 1 | BU73: 1 | BV73: 1 | BW73: 1 | BX73: 1 | BZ73: 140 | CA73: 79 | CE73: 30 | CF73: 0 | CG73: 0 | CM73: 0 | CN73: Поправка: ТСН-2001.6. О.П. п.11 Наименование: Выполняемые при ремонте, капитальном ремонте и реконструкции работы, аналогичные технологическим процессам характерным для нового строительства и отсутствующим в сборниках на ремонтно-строительные работы ТСН-2001.6 | CO73: 0 | CP73: =(P73+Q73+S73) -> 60.96 | CQ73: =ROUND((ROUND((AC73*AW73*1),2)*BC73),2) -> 262.6 | CR73: =(ROUND((ROUND((((ET73*1.25))*AV73*1),2)*BB73),2)+ROUND((ROUND(((AE73-((EU73*1.25)))*AV73*1),2)*BS73),2)) -> 0 | CS73: =ROUND((ROUND((AE73*AV73*1),2)*BS73),2) -> 0 | CT73: =ROUND((ROUND((AF73*AV73*1),2)*BA73),2) -> 199.21 | CU73: =AG73 -> 0 | CV73: =(AH73*AV73) -> 16.56 | CW73: =AI73 -> 0 | CX73: =AJ73 -> 0 | CY73: =((S73*BZ73)/100) -> 36.82 | CZ73: =((S73*CA73)/100) -> 20.777 | DE73: )*1,25 | DF73: )*1,25 | DG73: )*1,15 | DI73: )*1,15 | DJ73: )*1,25 | DN73: 0 | DO73: 0 | DP73: 1 | DQ73: 1 | DU73: 1013 | DV73: 100 м2 покрытия | DW73: 100 м2 покрытия | DX73: 1 | EE73: 126051620 | EF73: 30 | EG73: Строительные работы | EH73: 0 | EJ73: 1 | EK73: 159 | EL73: ТСН-2001.3-27. 27-47 | EM73: ТСН-2001.3-27-14 | EO73: Поправка: ТСН-2001.6. О.П. п.11 | EQ73: 131072 | ER73: 435.83 | ES73: 262.6 | ET73: 0 | EU73: 0 | EV73: 173.23 | EW73: 14.4 | EX73: 0 | EY73: 0 | FQ73: 0 | FR73: =ROUND(IF(AND(BH73=3,BI73=3),P73,0),2) -> 0 | FS73: 0 | FX73: 140 | FY73: 79 | GD73: 0 | GF73: -1444170893 | GG73: 2 | GH73: 1 | GI73: -2 | GJ73: 0 | GK73: =ROUND(R73*(R12)/100,2) -> 0 | GL73: =ROUND(IF(AND(BH73=3,BI73=3,FS73<>0),P73,0),2) -> 0 | GM73: =ROUND(O73+X73+Y73+GK73,2)+GX73 -> 118.56 | GN73: =IF(OR(BI73=0,BI73=1),ROUND(O73+X73+Y73+GK73,2),0) -> 118.56 | GO73: =IF(BI73=2,ROUND(O73+X73+Y73+GK73,2),0) -> 0 | GP73: =IF(BI73=4,ROUND(O73+X73+Y73+GK73,2)+GX73,0) -> 0 | GR73: 0 | GS73: 0 | GT73: 0 | GV73: =ROUND((GT73),6) -> 0 | GW73: 1 | GX73: =ROUND(HC73*I73,2) -> 0 | HA73: 0 | HB73: 0 | HC73: =GV73*GW73 -> 0 | IK73: 0
A74: 17 | B74: 1 | C74: =ROW(SmtRes!A44) -> 44 | D74: =ROW(EtalonRes!A44) -> 44 | E74: 4 | F74: 3.27-47-1 | G74: Устройство асфальтобетонных покрытий дорожек и тротуаров однослойных из литой мелкозернистой асфальтобетонной смеси толщиной 3 см | H74: 100 м2 покрытия | I74: 0.132 | J74: 0 | K74: 0.132 | O74: =ROUND(CP74,2) -> 1106.28 | P74: =ROUND((ROUND((AC74*AW74*I74),2)*BC74),2) -> 342.79 | Q74: =(ROUND((ROUND((((ET74*1.25))*AV74*I74),2)*BB74),2)+ROUND((ROUND(((AE74-((EU74*1.25)))*AV74*I74),2)*BS74),2)) -> 0 | R74: =ROUND((ROUND((AE74*AV74*I74),2)*BS74),2) -> 0 | S74: =ROUND((ROUND((AF74*AV74*I74),2)*BA74),2) -> 763.49 | T74: =ROUND(CU74*I74,2) -> 0 | U74: =CV74*I74 -> 2.18592 | V74: =CW74*I74 -> 0 | W74: =ROUND(CX74*I74,2) -> 0 | X74: =ROUND(CY74,2) -> 878.01 | Y74: =ROUND(CZ74,2) -> 313.03 | AA74: 129761633 | AB74: =ROUND((AC74+AD74+AF74),6) -> 461.8145 | AC74: =ROUND((ES74),6) -> 262.6 | AD74: =ROUND(((((ET74*1.25))-((EU74*1.25)))+AE74),6) -> 0 | AE74: =ROUND(((EU74*1.25)),6) -> 0 | AF74: =ROUND(((EV74*1.15)),6) -> 199.2145 | AG74: =ROUND((AP74),6) -> 0 | AH74: =((EW74*1.15)) -> 16.56 | AI74: =((EX74*1.25)) -> 0 | AJ74: =(AS74) -> 0 | AK74: 435.83 | AL74: 262.6 | AM74: 0 | AN74: 0 | AO74: 173.23 | AP74: 0 | AQ74: 14.4 | AR74: 0 | AS74: 0 | AT74: 115 | AU74: 41 | AV74: 1 | AW74: 1 | AZ74: 1 | BA74: 29.03 | BB74: 1 | BC74: 9.89 | BH74: 0 | BI74: 1 | BJ74: ТСН-2001.3. Доп. 1-42. Сб. 27, т. 47, поз. 1 | BM74: 159 | BN74: 0 | BO74: 3.27-47-1 | BP74: 1 | BQ74: 30 | BR74: 0 | BS74: 29.03 | BT74: 1 | BU74: 1 | BV74: 1 | BW74: 1 | BX74: 1 | BZ74: 115 | CA74: 41 | CE74: 30 | CF74: 0 | CG74: 0 | CM74: 0 | CN74: Поправка: ТСН-2001.6. О.П. п.11 Наименование: Выполняемые при ремонте, капитальном ремонте и реконструкции работы, аналогичные технологическим процессам характерным для нового строительства и отсутствующим в сборниках на ремонтно-строительные работы ТСН-2001.6 | CO74: 0 | CP74: =(P74+Q74+S74) -> 1106.28 | CQ74: =ROUND((ROUND((AC74*AW74*1),2)*BC74),2) -> 2597.11 | CR74: =(ROUND((ROUND((((ET74*1.25))*AV74*1),2)*BB74),2)+ROUND((ROUND(((AE74-((EU74*1.25)))*AV74*1),2)*BS74),2)) -> 0 | CS74: =ROUND((ROUND((AE74*AV74*1),2)*BS74),2) -> 0 | CT74: =ROUND((ROUND((AF74*AV74*1),2)*BA74),2) -> 5783.07 | CU74: =AG74 -> 0 | CV74: =(AH74*AV74) -> 16.56 | CW74: =AI74 -> 0 | CX74: =AJ74 -> 0 | CY74: =S74*(BZ74/100) -> 878.0135 | CZ74: =S74*(CA74/100) -> 313.0309 | DE74: )*1,25 | DF74: )*1,25 | DG74: )*1,15 | DI74: )*1,15 | DJ74: )*1,25 | DN74: 140 | DO74: 79 | DP74: 1 | DQ74: 1 | DU74: 1013 | DV74: 100 м2 покрытия | DW74: 100 м2 покрытия | DX74: 1 | EE74: 126051620 | EF74: 30 | EG74: Строительные работы | EH74: 0 | EJ74: 1 | EK74: 159 | EL74: ТСН-2001.3-27. 27-47 | EM74: ТСН-2001.3-27-14 | EO74: Поправка: ТСН-2001.6. О.П. п.11 | EQ74: 131072 | ER74: 435.83 | ES74: 262.6 | ET74: 0 | EU74: 0 | EV74: 173.23 | EW74: 14.4 | EX74: 0 | EY74: 0 | FQ74: 0 | FR74: =ROUND(IF(AND(BH74=3,BI74=3),P74,0),2) -> 0 | FS74: 0 | FX74: 140 | FY74: 79 | GD74: 0 | GF74: -1444170893 | GG74: 2 | GH74: 1 | GI74: 2 | GJ74: 0 | GK74: =ROUND(R74*(S12)/100,2) -> 0 | GL74: =ROUND(IF(AND(BH74=3,BI74=3,FS74<>0),P74,0),2) -> 0 | GM74: =ROUND(O74+X74+Y74+GK74,2)+GX74 -> 2297.32 | GN74: =IF(OR(BI74=0,BI74=1),ROUND(O74+X74+Y74+GK74,2),0) -> 2297.32 | GO74: =IF(BI74=2,ROUND(O74+X74+Y74+GK74,2),0) -> 0 | GP74: =IF(BI74=4,ROUND(O74+X74+Y74+GK74,2)+GX74,0) -> 0 | GR74: 0 | GS74: 3 | GT74: 0 | GV74: =ROUND((GT74),6) -> 0 | GW74: 1 | GX74: =ROUND(HC74*I74,2) -> 0 | HA74: 0 | HB74: 0 | HC74: =GV74*GW74 -> 0 | IK74: 0
A75: 18 | B75: 1 | C75: 40 | E75: 4,1 | F75: 1.3-3-9 | G75: Смеси асфальтобетонные дорожные горячие мелкозернистые, марка II, тип В | H75: т | I75: =I73*J75 -> 0.94248 | J75: 7.14 | K75: 7.14 | O75: =ROUND(CP75,2) -> 299.04 | P75: =ROUND((ROUND((AC75*AW75*I75),2)*BC75),2) -> 299.04 | Q75: =(ROUND((ROUND(((ET75)*AV75*I75),2)*BB75),2)+ROUND((ROUND(((AE75-(EU75))*AV75*I75),2)*BS75),2)) -> 0 | R75: =ROUND((ROUND((AE75*AV75*I75),2)*BS75),2) -> 0 | S75: =ROUND((ROUND((AF75*AV75*I75),2)*BA75),2) -> 0 | T75: =ROUND(CU75*I75,2) -> 0 | U75: =CV75*I75 -> 0 | V75: =CW75*I75 -> 0 | W75: =ROUND(CX75*I75,2) -> 0 | X75: =ROUND(CY75,2) -> 0 | Y75: =ROUND(CZ75,2) -> 0 | AA75: 129761636 | AB75: =ROUND((AC75+AD75+AF75),6) -> 317.29 | AC75: =ROUND((ES75),6) -> 317.29 | AD75: =ROUND((((ET75)-(EU75))+AE75),6) -> 0 | AE75: =ROUND((EU75),6) -> 0 | AF75: =ROUND((EV75),6) -> 0 | AG75: =ROUND((AP75),6) -> 0 | AH75: =(EW75) -> 0 | AI75: =(EX75) -> 0 | AJ75: =(AS75) -> 0 | AK75: 317.29 | AL75: 317.29 | AM75: 0 | AN75: 0 | AO75: 0 | AP75: 0 | AQ75: 0 | AR75: 0 | AS75: 0 | AT75: 140 | AU75: 79 | AV75: 1 | AW75: 1 | AZ75: 1 | BA75: 1 | BB75: 1 | BC75: 1 | BH75: 3 | BI75: 1 | BJ75: ТСН-2001.1. Доп. 1-42. Р. 3, о. 3, поз. 9 | BM75: 159 | BN75: 0 | BP75: 0 | BQ75: 30 | BR75: 0 | BS75: 1 | BT75: 1 | BU75: 1 | BV75: 1 | BW75: 1 | BX75: 1 | BZ75: 140 | CA75: 79 | CE75: 30 | CF75: 0 | CG75: 0 | CM75: 0 | CO75: 0 | CP75: =(P75+Q75+S75) -> 299.04 | CQ75: =ROUND((ROUND((AC75*AW75*1),2)*BC75),2) -> 317.29 | CR75: =(ROUND((ROUND(((ET75)*AV75*1),2)*BB75),2)+ROUND((ROUND(((AE75-(EU75))*AV75*1),2)*BS75),2)) -> 0 | CS75: =ROUND((ROUND((AE75*AV75*1),2)*BS75),2) -> 0 | CT75: =ROUND((ROUND((AF75*AV75*1),2)*BA75),2) -> 0 | CU75: =AG75 -> 0 | CV75: =(AH75*AV75) -> 0 | CW75: =AI75 -> 0 | CX75: =AJ75 -> 0 | CY75: =((S75*BZ75)/100) -> 0 | CZ75: =((S75*CA75)/100) -> 0 | DN75: 0 | DO75: 0 | DP75: 1 | DQ75: 1 | DU75: 1009 | DV75: т | DW75: т | DX75: 1000 | EE75: 126051620 | EF75: 30 | EG75: Строительные работы | EH75: 0 | EJ75: 1 | EK75: 159 | EL75: ТСН-2001.3-27. 27-47 | EM75: ТСН-2001.3-27-14 | EQ75: 0 | ER75: 317.29 | ES75: 317.29 | ET75: 0 | EU75: 0 | EV75: 0 | EW75: 0 | EX75: 0 | FQ75: 0 | FR75: =ROUND(IF(AND(BH75=3,BI75=3),P75,0),2) -> 0 | FS75: 0 | FX75: 140 | FY75: 79 | GD75: 0 | GF75: 164969463 | GG75: 2 | GH75: 1 | GI75: -2 | GJ75: 0 | GK75: =ROUND(R75*(R12)/100,2) -> 0 | GL75: =ROUND(IF(AND(BH75=3,BI75=3,FS75<>0),P75,0),2) -> 0 | GM75: =ROUND(O75+X75+Y75+GK75,2)+GX75 -> 299.04 | GN75: =IF(OR(BI75=0,BI75=1),ROUND(O75+X75+Y75+GK75,2),0) -> 299.04 | GO75: =IF(BI75=2,ROUND(O75+X75+Y75+GK75,2),0) -> 0 | GP75: =IF(BI75=4,ROUND(O75+X75+Y75+GK75,2)+GX75,0) -> 0 | GR75: 0 | GS75: 0 | GT75: 0 | GV75: =ROUND((GT75),6) -> 0 | GW75: 1 | GX75: =ROUND(HC75*I75,2) -> 0 | HA75: 0 | HB75: 0 | HC75: =GV75*GW75 -> 0 | IK75: 0
A76: 18 | B76: 1 | C76: 44 | E76: 4,1 | F76: 1.3-3-9 | G76: Смеси асфальтобетонные дорожные горячие мелкозернистые, марка II, тип В | H76: т | I76: =I74*J76 -> 0.94248 | J76: 7.14 | K76: 7.14 | O76: =ROUND(CP76,2) -> 3555.59 | P76: =ROUND((ROUND((AC76*AW76*I76),2)*BC76),2) -> 3555.59 | Q76: =(ROUND((ROUND(((ET76)*AV76*I76),2)*BB76),2)+ROUND((ROUND(((AE76-(EU76))*AV76*I76),2)*BS76),2)) -> 0 | R76: =ROUND((ROUND((AE76*AV76*I76),2)*BS76),2) -> 0 | S76: =ROUND((ROUND((AF76*AV76*I76),2)*BA76),2) -> 0 | T76: =ROUND(CU76*I76,2) -> 0 | U76: =CV76*I76 -> 0 | V76: =CW76*I76 -> 0 | W76: =ROUND(CX76*I76,2) -> 0 | X76: =ROUND(CY76,2) -> 0 | Y76: =ROUND(CZ76,2) -> 0 | AA76: 129761633 | AB76: =ROUND((AC76+AD76+AF76),6) -> 317.29 | AC76: =ROUND((ES76),6) -> 317.29 | AD76: =ROUND((((ET76)-(EU76))+AE76),6) -> 0 | AE76: =ROUND((EU76),6) -> 0 | AF76: =ROUND((EV76),6) -> 0 | AG76: =ROUND((AP76),6) -> 0 | AH76: =(EW76) -> 0 | AI76: =(EX76) -> 0 | AJ76: =(AS76) -> 0 | AK76: 317.29 | AL76: 317.29 | AM76: 0 | AN76: 0 | AO76: 0 | AP76: 0 | AQ76: 0 | AR76: 0 | AS76: 0 | AT76: 0 | AU76: 0 | AV76: 1 | AW76: 1 | AZ76: 1 | BA76: 1 | BB76: 1 | BC76: 11.89 | BH76: 3 | BI76: 1 | BJ76: ТСН-2001.1. Доп. 1-42. Р. 3, о. 3, поз. 9 | BM76: 159 | BN76: 0 | BO76: 1.3-3-9 | BP76: 1 | BQ76: 30 | BR76: 0 | BS76: 1 | BT76: 1 | BU76: 1 | BV76: 1 | BW76: 1 | BX76: 1 | BZ76: 0 | CA76: 0 | CE76: 30 | CF76: 0 | CG76: 0 | CM76: 0 | CO76: 0 | CP76: =(P76+Q76+S76) -> 3555.59 | CQ76: =ROUND((ROUND((AC76*AW76*1),2)*BC76),2) -> 3772.58 | CR76: =(ROUND((ROUND(((ET76)*AV76*1),2)*BB76),2)+ROUND((ROUND(((AE76-(EU76))*AV76*1),2)*BS76),2)) -> 0 | CS76: =ROUND((ROUND((AE76*AV76*1),2)*BS76),2) -> 0 | CT76: =ROUND((ROUND((AF76*AV76*1),2)*BA76),2) -> 0 | CU76: =AG76 -> 0 | CV76: =(AH76*AV76) -> 0 | CW76: =AI76 -> 0 | CX76: =AJ76 -> 0 | CY76: =S76*(BZ76/100) -> 0 | CZ76: =S76*(CA76/100) -> 0 | DN76: 140 | DO76: 79 | DP76: 1 | DQ76: 1 | DU76: 1009 | DV76: т | DW76: т | DX76: 1000 | EE76: 126051620 | EF76: 30 | EG76: Строительные работы | EH76: 0 | EJ76: 1 | EK76: 159 | EL76: ТСН-2001.3-27. 27-47 | EM76: ТСН-2001.3-27-14 | EQ76: 0 | ER76: 317.29 | ES76: 317.29 | ET76: 0 | EU76: 0 | EV76: 0 | EW76: 0 | EX76: 0 | FQ76: 0 | FR76: =ROUND(IF(AND(BH76=3,BI76=3),P76,0),2) -> 0 | FS76: 0 | FX76: 140 | FY76: 79 | GD76: 0 | GF76: 164969463 | GG76: 2 | GH76: 1 | GI76: 2 | GJ76: 0 | GK76: =ROUND(R76*(S12)/100,2) -> 0 | GL76: =ROUND(IF(AND(BH76=3,BI76=3,FS76<>0),P76,0),2) -> 0 | GM76: =ROUND(O76+X76+Y76+GK76,2)+GX76 -> 3555.59 | GN76: =IF(OR(BI76=0,BI76=1),ROUND(O76+X76+Y76+GK76,2),0) -> 3555.59 | GO76: =IF(BI76=2,ROUND(O76+X76+Y76+GK76,2),0) -> 0 | GP76: =IF(BI76=4,ROUND(O76+X76+Y76+GK76,2)+GX76,0) -> 0 | GR76: 0 | GS76: 3 | GT76: 0 | GV76: =ROUND((GT76),6) -> 0 | GW76: 1 | GX76: =ROUND(HC76*I76,2) -> 0 | HA76: 0 | HB76: 0 | HC76: =GV76*GW76 -> 0 | IK76: 0
